Workbook
Name _Fill: #REF!
Name _Key1: #REF!
Name _Key2: #REF!
Name _Order1: 255
Name _Order2: 255
Name _Sort: #REF!
Name AÇOCA50: #REF!
Name AÇOCA60: #REF!
Name ACRE: #REF!
Name ademir: {#N/A,#N/A,FALSE,"Cronograma";#N/A,#N/A,FALSE,"Cronogr. 2"}
Name ASDF: #REF!
Name Bm.Periodos: '[1]Orçamento e Medição'!$Q$12:$AB$12
Name Bm.posAtual: IF(mediçao<N(Bm.Periodos),-1,MATCH(mediçao,Bm.Periodos)-1)
Name bosta: {#N/A,#N/A,FALSE,"Cronograma";#N/A,#N/A,FALSE,"Cronogr. 2"}
Name CA´L: {#N/A,#N/A,FALSE,"Cronograma";#N/A,#N/A,FALSE,"Cronogr. 2"}
Name concorrentes: {#N/A,#N/A,FALSE,"Cronograma";#N/A,#N/A,FALSE,"Cronogr. 2"}
Name de: #REF!
Name éAcertoGlosa: SUM(Orç.éGlosado)
Name éAditadoDepois: COUNTIF(Orç.colAdit,">"&mediçao)
Name éAditadoNoPeríodo: COUNTIF(Orç.colAdit,mediçao)
Name FDSA: #N/A
Name mediçao: [1]RESUMO!$M$2
Name Orç.colAcum: '[1]Orçamento e Medição'!$N$13:$N$51
Name Orç.colAdit: '[1]Orçamento e Medição'!$J$13:$J$51
Name Orç.éAditado: LEN(TRIM(Orç.colAdit))
Name Orç.éGlosado: IF(Orç.colAdit=mediçao,IF(ISNUMBER(Orç.colAcum),IF(Orç.colAcum-IF(ISNUMBER(Bm.colAtual),Bm.colAtual)>IF(Orç.quantLic<Orç.quant,Orç.quantLic,Orç.quant),1)))*1
Name Orç.quant: IF(Orç.éAditado*ISNUMBER(Orç.quantAlt),Orç.quantAlt,Orç.quantLic)
Name Orç.quantAlt: '[1]Orçamento e Medição'!$H$13:$H$51
Name Orç.quantLic: '[1]Orçamento e Medição'!$F$13:$F$51
Name Popular: {#N/A,#N/A,FALSE,"Cronograma";#N/A,#N/A,FALSE,"Cronogr. 2"}
Name Res.éAditadoDepois: COUNTIF(OFFSET(Orç.colAdit,Res.posInicio,,Res.posDelta,1),">"&mediçao)
Name Res.éAditadoNoPeriodo: COUNTIF(OFFSET(Orç.colAdit,Res.posInicio,,Res.posDelta,1),mediçao)
Name Res.posDelta: INDIRECT(ADDRESS(ROW(),16))
Name Res.posInicio: INDIRECT(ADDRESS(ROW(),15))
Name rio: {#N/A,#N/A,FALSE,"Cronograma";#N/A,#N/A,FALSE,"Cronogr. 2"}
Name SINAPI_AC: #REF!
Name ss: {#N/A,#N/A,FALSE,"Cronograma";#N/A,#N/A,FALSE,"Cronogr. 2"}
Name tabBM: '[1]Orçamento e Medição'!$Q$13:$AB$51
Name tabelaaço: #REF!
Name TipoContrato: #REF!
Name wrn.Cronograma.: {#N/A,#N/A,FALSE,"Cronograma";#N/A,#N/A,FALSE,"Cronogr. 2"}
Name wrn.GERAL.: {#N/A,#N/A,FALSE,"ET-CAPA";#N/A,#N/A,FALSE,"ET-PAG1";#N/A,#N/A,FALSE,"ET-PAG2";#N/A,#N/A,FALSE,"ET-PAG3";#N/A,#N/A,FALSE,"ET-PAG4";#N/A,#N/A,FALSE,"ET-PAG5"}

Sheet Planilha Orçamentária
B8: PREFEITURA MUNICIPAL DE GUARAPARI
B9: SEMOP - SECRETARIA MUNICIPAL DE OBRAS PÚBLICAS
B12: OBRA: | C12: CONSTRUÇÃO DO CEMEI FÁTIMA CIDADE JARDIM | G12: ÁREA: | H12: 1.104,98 m²
B13: LOCAL: | C13: RUA 20 - BAIRRO FÁTIMA CIDADE JARDIM - GUARAPARI - ES | G13: DATA: | H13: 44314
B14: TABELAS DE REF.: | C14: SINAPI 01/2021, IOPES 01/2021, ORSE 01/2021, SEDOP 03/2021 E SUDECAP 01/2021 | G14: BDI: | H14: 0.2661
B16: PLANILHA ORÇAMENTÁRIA
B18: ITEM | C18: CÓDIGO/FONTE | D18: DESCRIÇÃO DOS SERVIÇOS | E18: UND. | F18: QUANT. | G18: VALOR UNT. (R$) | H18: VALOR TOTAL (R$)
B20: 1 | D20: DEMOLIÇÕES, RETIRADAS E LOCAÇÃO | J20: $ unitário | K20: $ unitário c/ BDI
B21: 1.1 | C21: 10402 IOPES | D21: Raspagem e limpeza do terreno (manual) | E21: M2 | F21: 2256.48 | G21: =K21 -> 4.15 | H21: =G21*F21 -> 9364.392 | J21: 3.28 | K21: =ROUND(J21*(1+$H$14),2) -> 4.15
B22: 1.2 | C22: 10501 IOPES | D22: Locação de obra com gabarito de madeira | E22: M2 | F22: 1104.98 | G22: =K22 -> 9.55 | H22: =G22*F22 -> 10552.559 | J22: 7.54 | K22: =ROUND(J22*(1+$H$14),2) -> 9.55
B23: 2 | D23: SERVIÇOS PRELIMINARES
B24: 2.1 | C24: 20305 IOPES | D24: Placa de obra nas dimensões de 2.0 x 4.0 m, padrão IOPES | E24: M2 | F24: =2*4 -> 8 | G24: =K24 -> 307.09 | H24: =F24*G24 -> 2456.72 | J24: 242.55 | K24: =ROUND(J24*(1+$H$14),2) -> 307.09
B25: 2.2 | C25: 20350 IOPES | D25: Tapume Telha Metálica Ondulada 0,50mm Branca h=2,20m, incl. montagem estr. mad. 8"x8", c/adesivo "IOPES" 60x60cm a cada 10m, incl. faixas pint. esmalte sint. cores azul c/ h=30cm e rosa c/ h=10cm (Reaproveitamento 2x) | E25: M | F25: 65 | G25: =K25 -> 205.75 | H25: =F25*G25 -> 13373.75 | J25: 162.51 | K25: =ROUND(J25*(1+$H$14),2) -> 205.75
B26: 2.3 | C26: 20712 IOPES | D26: Rede de água com padrão de entrada d'água diâm. 3/4", conf. espec. CESAN, incl. tubos e conexões para alimentação, distribuição, extravasor e limpeza, cons. o padrão a 25m, conf. projeto (1 utilização) | E26: M | F26: 15 | G26: =K26 -> 43.77 | H26: =F26*G26 -> 656.55 | J26: 34.57 | K26: =ROUND(J26*(1+$H$14),2) -> 43.77
B27: 2.4 | C27: 20713 IOPES | D27: Rede de luz, incl. padrão entrada de energia trifás., cabo de ligação até barracões, quadro de distrib., disj. e chave de força (quando necessário), cons. 20m entre padrão entrada e QDG, conf. projeto (1 utilização) | E27: M | F27: 10 | G27: =K27 -> 626.62 | H27: =F27*G27 -> 6266.2 | J27: 494.92 | K27: =ROUND(J27*(1+$H$14),2) -> 626.62
B28: 2.5 | C28: 20714 IOPES | D28: Rede de esgoto, contendo fossa e filtro, inclusive tubos e conexões de ligação entre caixas, considerando distância de 25m, conforme projeto (1 utilização) | E28: M | F28: 10 | G28: =K28 -> 364.24 | H28: =F28*G28 -> 3642.4 | J28: 287.69 | K28: =ROUND(J28*(1+$H$14),2) -> 364.24
B29: 2.6 | C29: 20339 IOPES | D29: Locação de andaime metálico para trabalho em fachada de edifíco (aluguel de 1 m² por 1 mês) inclusive frete, montagem e desmontagem | E29: M2 | F29: =300 -> 300 | G29: =K29 -> 13.69 | H29: =F29*G29 -> 4107 | J29: 10.81 | K29: =ROUND(J29*(1+$H$14),2) -> 13.69
B30: 2.7 | C30: 020702 IOPES | D30: Barracão para almoxarifado área de 10.90m2, de chapa de compensado de 12mm e pontalete 8x8cm, piso cimentado e cobertura de telhas de fibrocimento de 6mm, incl. ponto de luz, conf. projeto (1 utilização) | E30: M2 | F30: 10.9 | G30: =K30 -> 506.57 | H30: =F30*G30 -> 5521.613 | J30: 400.1 | K30: =ROUND(J30*(1+$H$14),2) -> 506.57
B31: 2.8 | C31: 020704 IOPES | D31: Refeitório com paredes de chapa de compens. 12mm e pontaletes 8x8cm, piso ciment. e cob. de telhas fibroc. 6mm, incl. ponto de luz e cx. de inspeção (cons. 1.21 m2/func./turno), conf. projeto (1 utilização) | E31: M2 | F31: =(1.21)*10 -> 12.1 | G31: =K31 -> 408.52 | H31: =F31*G31 -> 4943.092 | J31: 322.66 | K31: =ROUND(J31*(1+$H$14),2) -> 408.52
B32: 2.9 | C32: 020705 IOPES | D32: Unidade de sanitário e vestiário p/ até 20 func. área de 18.15m2, paredes de chapa compens. 12mm e pontalete 8x8cm, piso cimentado, cobert. telha fibroc. 6mm, incl. instalação de luz e cx. de inspeção, conf. projeto (1 utilização) | E32: UND | F32: 1 | G32: =K32 -> 13437.95 | H32: =F32*G32 -> 13437.95 | J32: 10613.66 | K32: =ROUND(J32*(1+$H$14),2) -> 13437.95
B33: 2.10 | C33: 020710 IOPES | D33: Reservatório de poliestileno de 500L, incl. suporte em madeira de 7x12cm e 5x7cm, elevado de 4m, conf. projeto (1 utilização) | E33: UND | F33: 1 | G33: =K33 -> 2119.27 | H33: =F33*G33 -> 2119.27 | J33: 1673.86 | K33: =ROUND(J33*(1+$H$14),2) -> 2119.27
B34: 3 | D34: MOVIMENTO DE TERRA
B35: 3.1 | D35: ESCAVAÇÕES
B36: 3.1.1 | C36: 30101 IOPES | D36: Escavação manual em material de 1a. categoria, até 1.50 m de profundidade | E36: M3 | F36: ='INFRA E SUPER'!C34 -> 173.2684 | G36: =K36 -> 53.99 | H36: =F36*G36 -> 9354.7609 | J36: 42.64 | K36: =ROUND(J36*(1+$H$14),2) -> 53.99
B37: 3.1.2 | C37: 41022 DER | D37: Perfuração rotativa vertical, em solo, com coroa de Widia ou similar, diâmetro N(75mm), inclusive deslocamento e posicionamento em cada furo (conforme projeto) | E37: M | F37: ='INFRA E SUPER'!K10 -> 774 | G37: =K37 -> 170.62 | H37: =F37*G37 -> 132059.88 | J37: 134.76 | K37: =ROUND(J37*(1+$H$14),2) -> 170.62
B38: 3.1.3 | C38: 30119 IOPES | D38: Apiloamento do fundo de vala com maço de 30 a 60kg | E38: M2 | F38: ='INFRA E SUPER'!E74 -> 369.331 | G38: =K38 -> 28.23 | H38: =F38*G38 -> 10426.214 | J38: 22.3 | K38: =ROUND(J38*(1+$H$14),2) -> 28.23
B39: 3.2 | D39: REATERRO E COMPACTAÇÃO
B40: 3.2.1 | C40: 30201 IOPES | D40: Reaterro apiloado de cavas de fundação, em camadas de 20 cm | E40: M3 | F40: ='INFRA E SUPER'!B47 -> 103.4239 | G40: =K40 -> 58.14 | H40: =F40*G40 -> 6013.0655 | J40: 45.92 | K40: =ROUND(J40*(1+$H$14),2) -> 58.14
B41: 3.2.2 | C41: 30210 IOPES | D41: Aterro compactado utilizando compactador de placa vibratória com reaproveitamento do material | E41: M3 | F41: =Infra!L81 -> 1668.7778 | G41: =K41 -> 28.84 | H41: =F41*G41 -> 48127.551 | J41: 22.78 | K41: =ROUND(J41*(1+$H$14),2) -> 28.84
B42: 3.3 | D42: TRANSPORTES
B43: 3.3.1 | C43: 30304 IOPES | D43: Índice de preço para remoção de entulho decorrente da execução de obras (Classe A CONAMA - NBR 10.004 - Classe II-B), incluindo aluguel da caçamba, carga, transporte e descarga em área licenciada | E43: M3 | F43: ='INFRA E SUPER'!F50:F50 -> 161.91 | G43: =K43 -> 67.45 | H43: =F43*G43 -> 10920.829 | J43: 53.27 | K43: =ROUND(J43*(1+$H$14),2) -> 67.45
B44: 4 | D44: ESTRUTURAS
B45: 4.1 | D45: INFRA-ESTRUTURA (FUNDAÇÃO)
B46: 4.1.1 | C46: 40206 IOPES | D46: Fôrma de tábua de madeira de 2.5 x 30.0 cm para fundações, levando-se em conta a utilização 5 vezes (incluido o material, corte, montagem, escoramento e desforma) | E46: M2 | F46: ='INFRA E SUPER'!J78 -> 632.98 | G46: =K46 -> 76.98 | H46: =F46*G46 -> 48726.8 | J46: 60.8 | K46: =ROUND(J46*(1+$H$14),2) -> 76.98
B47: 4.1.2 | C47: 40243 IOPES | D47: Fornecimento, dobragem e colocação em fôrma, de armadura CA-50 A média, diâmetro de 6.3 a 10.0 mm | E47: KG | F47: ='INFRA E SUPER'!P29 -> 4686.4114 | G47: =K47 -> 13.76 | H47: =F47*G47 -> 64485.021 | J47: 10.87 | K47: =ROUND(J47*(1+$H$14),2) -> 13.76
B48: 4.1.3 | C48: 40246 IOPES | D48: Fornecimento, dobragem e colocação em fôrma, de armadura CA-60 B fina, diâmetro de 4.0 a 7.0mm | E48: KG | F48: ='INFRA E SUPER'!P30 -> 1443.1454 | G48: =K48 -> 15.16 | H48: =F48*G48 -> 21878.085 | J48: 11.97 | K48: =ROUND(J48*(1+$H$14),2) -> 15.16
B49: 4.1.4 | C49: 40240 IOPES | D49: Fornecimento e aplicação de concreto USINADO Fck=25 MPa - considerando lançamento MANUAL para INFRA-ESTRUTURA (5% de perdas já incluído no custo) | E49: M3 | F49: ='INFRA E SUPER'!F55 -> 124.54 | G49: =K49 -> 553.32 | H49: =F49*G49 -> 68910.473 | J49: 437.03 | K49: =ROUND(J49*(1+$H$14),2) -> 553.32
B50: 4.1.5 | C50: 40231 IOPES | D50: Fornecimento, preparo e aplicação de concreto magro com consumo mínimo de cimento de 250 kg/m3 (brita 1 e 2) - (5% de perdas já incluído no custo) | E50: M3 | F50: ='INFRA E SUPER'!K67 -> 18.4935 | G50: =K50 -> 595.59 | H50: =F50*G50 -> 11014.544 | J50: 470.41 | K50: =ROUND(J50*(1+$H$14),2) -> 595.59
B51: 4.2 | D51: SUPER - ESTRUTURA
B52: 4.2.1 | D52: CONCRETO ARMADO - PILARES, VIGAS, LAJES
B53: 4.2.2 | C53: 40337 IOPES | D53: Fôrma em chapa de madeira compensada plastificada 12mm para estrutura em geral, 5 reaproveitamentos, reforçada com sarrafos de madeira 2.5x10cm (incl material, corte, montagem, escoras em eucalipto e desforma) | E53: M2 | F53: ='INFRA E SUPER'!I95 -> 1400.788 | G53: =K53 -> 94.89 | H53: =F53*G53 -> 132920.77 | J53: 74.95 | K53: =ROUND(J53*(1+$H$14),2) -> 94.89
B54: 4.2.3 | C54: 40328 IOPES | D54: Fornecimento, dobragem e colocação em fôrma, de armadura CA-50 A média, diâmetro de 6.3 a 10.0 mm | E54: KG | F54: ='INFRA E SUPER'!P83 -> 6874.0043 | G54: =K54 -> 13.76 | H54: =F54*G54 -> 94586.299 | J54: 10.87 | K54: =ROUND(J54*(1+$H$14),2) -> 13.76
B55: 4.2.4 | C55: 40332 IOPES | D55: Fornecimento, dobragem e colocação em fôrma, de armadura CA-50 A grossa, diâmetro de 12.5 a 25.0mm | E55: KG | F55: ='INFRA E SUPER'!P84 -> 1205.358 | G55: =K55 -> 13.79 | H55: =F55*G55 -> 16621.887 | J55: 10.89 | K55: =ROUND(J55*(1+$H$14),2) -> 13.79
B56: 4.2.5 | C56: 40333 IOPES | D56: Fornecimento, dobragem e colocação em fôrma, de armadura CA-60 B fina, diâmetro de 4.0 a 7.0mm | E56: KG | F56: ='INFRA E SUPER'!P85 -> 2893.09 | G56: =K56 -> 15.16 | H56: =F56*G56 -> 43859.244 | J56: 11.97 | K56: =ROUND(J56*(1+$H$14),2) -> 15.16
B57: 4.2.6 | C57: 40331 IOPES | D57: Fornecimento e aplicação de concreto USINADO Fck=30 MPa - considerando BOMBEAMENTO (5% de perdas já incluído no custo) (6% de taxa p/ concr. bombeavel) | E57: M3 | F57: ='INFRA E SUPER'!I115 -> 264.67882 | G57: =K57 -> 501.46 | H57: =F57*G57 -> 132725.84 | J57: 396.07 | K57: =ROUND(J57*(1+$H$14),2) -> 501.46
B58: 4.2.7 | C58: 40330 IOPES | D58: Fornecimento e aplicação de concreto USINADO Fck=25 MPa - considerando BOMBEAMENTO (5% de perdas já incluído no custo) (6% de taxa p/concr.bombeavel) (p/ muro) | E58: M3 | F58: ='INFRA E SUPER'!I114 -> 7.1694 | G58: =K58 -> 485.3 | H58: =F58*G58 -> 3479.3098 | J58: 383.3 | K58: =ROUND(J58*(1+$H$14),2) -> 485.3
B59: 4.2.8 | C59: 92490 SINAPI | D59: Montagem e desmontagem de fôrma de laje nervurada com cubeta e assoalho com área média maior que 20 m², pé-direito simples, em chapa de madeira compensada resinada, 8 utilizações. Af_12/2015 | E59: M2 | F59: ='INFRA E SUPER'!A119 -> 1310.12 | G59: =K59 -> 47.63 | H59: =F59*G59 -> 62401.016 | J59: 37.62 | K59: =ROUND(J59*(1+$H$14),2) -> 47.63
B60: 4.2.9 | C60: 40705 IOPES | D60: Execução de junta de dilatação 2 x 2 cm considerando 1cm de aplicação de isopor e 1cm de aplicação de mastique elástico do tipo sikaflex 1a ou equivalente | E60: M | F60: =Super!E49 -> 60 | G60: =K60 -> 71.99 | H60: =F60*G60 -> 4319.4 | J60: 56.86 | K60: =ROUND(J60*(1+$H$14),2) -> 71.99
B61: 5 | D61: PAREDES E PAINÉIS
B62: 5.1 | D62: CONCRETO ARMADO - VERGAS E CONTRAVERGAS
B63: 5.1.1 | C63: 50301 IOPES | D63: Verga/contraverga reta de concreto armado 10 x 5 cm, Fck = 15 MPa, inclusive forma, armação e desforma | E63: M | F63: ='VERGAS CONTRAVERGAS'!G45 -> 411.915 | G63: =K63 -> 9.7 | H63: =F63*G63 -> 3995.5755 | J63: 7.66 | K63: =ROUND(J63*(1+$H$14),2) -> 9.7
B64: 5.2 | D64: ELEMENTO VAZADO
B65: 5.2.1 | C65: 50112 IOPES | D65: Cobogó de concreto 40 x 40 x 10 cm, tipo reto, assentados com argamassa de cimento e areia no traço 1:3, espessura das juntas 15 mm | E65: M2 | F65: =Alvenaria!G58 -> 17.85 | G65: =K65 -> 142.68 | H65: =F65*G65 -> 2546.838 | J65: 112.69 | K65: =ROUND(J65*(1+$H$14),2) -> 142.68
B66: 5.3 | D66: PLACAS E PAINÉIS DIVISÓRIOS
B67: 5.3.1 | C67: 12444 ORSE | D67: Divisória em granito branco siena, polido do dois lados, e= 2cm, inclusive montagem com ferragens (ou equiv.) | E67: M2 | F67: ='BANCADAS E SOLEIRAS'!F74 -> 21.52 | G67: =K67 -> 679.95 | H67: =F67*G67 -> 14632.524 | J67: 537.04 | K67: =ROUND(J67*(1+$H$14),2) -> 679.95
B68: 5.4 | D68: ALVENARIA DE VEDAÇÃO INTERNA
B69: 5.4.1 | C69: 50606 IOPES | D69: Alvenaria de blocos cerâmicos 10 furos 10x20x20cm, assentados c/argamassa de cimento, cal hidratada CH1 e areia traço 1:0,5:8, esp. das juntas 12mm e esp. das paredes s/revestimento, 10cm (bloco comprado na fábrica, posto obra) | E69: M2 | F69: =Alvenaria!F48 -> 1153.65 | G69: =K69 -> 66.27 | H69: =F69*G69 -> 76452.386 | J69: 52.34 | K69: =ROUND(J69*(1+$H$14),2) -> 66.27
B70: 5.5 | D70: ALVENARIA DE VEDAÇÃO EXTERNA, EMPENAS E PLATIBANDAS
B71: 5.5.1 | C71: 50602 IOPES | D71: Alvenaria de blocos de concreto 14x19x39cm, c/ resist. mínimo a compres. 2.5 MPa, assent. c/ arg. de cimento, cal hidratada CH1 e areia no traço 1:0.5:8 esp. das juntas 10mm e esp. das paredes, s/ rev. 14cm | E71: M2 | F71: =Alvenaria!F49 -> 1837.31 | G71: =K71 -> 75 | H71: =F71*G71 -> 137798.25 | J71: 59.24 | K71: =ROUND(J71*(1+$H$14),2) -> 75
B72: 6 | D72: ESQUADRIAS DE MADEIRA
B73: 6.1 | D73: PORTAS DE MADEIRA
B74: 6.2 | C74: 60102 IOPES | D74: Marco de madeira de lei de 1ª (Peroba, Ipê, Angelim Pedra ou equivalente) com 15x3 cm de batente, nas dimensões de 0.70 x 2.10 m (P2) | E74: UND | F74: =Esquadrias!K29 -> 1 | G74: =K74 -> 317.85 | H74: =F74*G74 -> 317.85 | J74: 251.05 | K74: =ROUND(J74*(1+$H$14),2) -> 317.85
B75: 6.3 | C75: 60103 IOPES | D75: Marco de madeira de lei de 1ª (Peroba, Ipê, Angelim Pedra ou equivalente) com 15x3 cm de batente, nas dimensões de 0.80 x 2.10 m (P3, P4 e P5) | E75: UND | F75: =Esquadrias!K34+Esquadrias!K31+Esquadrias!K33 -> 23 | G75: =K75 -> 317.85 | H75: =F75*G75 -> 7310.55 | J75: 251.05 | K75: =ROUND(J75*(1+$H$14),2) -> 317.85
B76: 6.4 | C76: 61302 IOPES | D76: Porta em madeira de lei tipo angelim pedra ou equiv.c/enchimento em madeira 1a.qualidade esp. 30mm p/ pintura, inclusive alizares, dobradiças e fechadura externa em latão cromado LaFonte ou equiv., exclusive marco, nas dim.: 0.70 x 2.10 m (P2) | E76: UND | F76: =Esquadrias!K29 -> 1 | G76: =K76 -> 763.76 | H76: =F76*G76 -> 763.76 | J76: 603.24 | K76: =ROUND(J76*(1+$H$14),2) -> 763.76
B77: 6.5 | C77: 61902 IOPES | D77: Porta em madeira de Lei tipo Angelim Pedra ou equiv. c/ enchimento em madeira de 1ª qualidade esp. 30mm, com visor de vidro, inclusive alizares, dobradiças e fechaduras externas em latão cromado La Fonte/equiv. exclusive marco, nas dimensões: 0.80 x 2.10 m (P5) | E77: UND | F77: =Esquadrias!K34 -> 15 | G77: =K77 -> 1024.65 | H77: =F77*G77 -> 15369.75 | J77: 809.3 | K77: =ROUND(J77*(1+$H$14),2) -> 1024.65
B78: 6.6 | C78: 61303 IOPES | D78: Porta em madeira de lei tipo angelim pedra ou equiv.c/enchimento em madeira 1a.qualidade esp. 30mm p/ pintura, inclusive alizares, dobradiças e fechadura externa em latão cromado LaFonte ou equiv., exclusive marco, nas dim.: 0.80 x 2.10 m (P3 e P4) | E78: UND | F78: =SUM(Esquadrias!K31,Esquadrias!K33) -> 8 | G78: =K78 -> 771.42 | H78: =F78*G78 -> 6171.36 | J78: 609.29 | K78: =ROUND(J78*(1+$H$14),2) -> 771.42
B79: 6.7 | C79: 01924 ORSE | D79: Revestimento com chapa em fórmica brilhante, esp. = 1,3 mm, colada c/ formicola ou similar | E79: M2 | F79: =Esquadrias!J62 -> 91.94 | G79: =K79 -> 85.58 | H79: =F79*G79 -> 7868.2252 | J79: 67.59 | K79: =ROUND(J79*(1+$H$14),2) -> 85.58
B80: 7 | D80: ESQUADRIAS METÁLICAS
B81: 7.1 | D81: PORTAS DE ALUMÍNIO
B82: 7.1.1 | C82: 71704 IOPES | D82: Porta de abrir tipo veneziana em alumínio anodizado, linha 25, completa, incl. puxador com tranca, caixilho, alizar e contramarco (PV2, PV3, PV5 e Nº11) | E82: M2 | F82: =(Esquadrias!H30*Esquadrias!K30)+(Esquadrias!H32*Esquadrias!K32)+(Esquadrias!H35*Esquadrias!K35)+(Esquadrias!H40*Esquadrias!K40) -> 36.84 | G82: =K82 -> 910.76 | H82: =F82*G82 -> 33552.398 | J82: 719.34 | K82: =ROUND(J82*(1+$H$14),2) -> 910.76
B83: 7.1.2 | C83: 91380 SEDOP | D83: Esquadria c/ venezianas de aluminio natural c/ ferragens (P7 e P9) | E83: M2 | F83: =(Esquadrias!H37*Esquadrias!K37)+(Esquadrias!H39*Esquadrias!K39) -> 29.25 | G83: =K83 -> 826.27 | H83: =F83*G83 -> 24168.397 | J83: 652.61 | K83: =ROUND(J83*(1+$H$14),2) -> 826.27
B84: 7.2 | D84: PORTAS DE VIDRO TEMPERADO
B85: 7.2.1 | C85: 11556 ORSE | D85: Porta em vidro temperado 10mm, incolor, inclusive ferragens de fixação, puxador simples e instalação (P6 e P8) | E85: M2 | F85: =(Esquadrias!H36)*(Esquadrias!K36)+(Esquadrias!H38)*(Esquadrias!K38) -> 132.8 | G85: =K85 -> 449.47 | H85: =F85*G85 -> 59689.616 | J85: 355 | K85: =ROUND(J85*(1+$H$14),2) -> 449.47
B86: 7.2.2 | C86: 91518 SEDOP | D86: Pele de vidro ( Painel fixo) (fachada - Vidro laminado 8mm - 4+4mm) (conforme projeto) | E86: M2 | F86: =(Esquadrias!I54)*(0.8) -> 78.728 | G86: =K86 -> 1282.42 | H86: =F86*G86 -> 100962.36 | J86: 1012.89 | K86: =ROUND(J86*(1+$H$14),2) -> 1282.42
B87: 7.2.3 | C87: 91519 SEDOP | D87: Pele de vidro ( Painel móvel) (fachada - Vidro laminado 8mm - 4+4mm) (conforme projeto) | E87: M2 | F87: =(Esquadrias!I54)*(0.2) -> 19.682 | G87: =K87 -> 1456.51 | H87: =F87*G87 -> 28667.03 | J87: 1150.39 | K87: =ROUND(J87*(1+$H$14),2) -> 1456.51
B88: 7.3 | D88: JANELAS DE VIDRO TEMPERADO
B89: 7.3.1 | C89: 01884 ORSE | D89: Vidro temperado 8 mm, liso, transparente, com ferragens | E89: M2 | F89: =Esquadrias!H25 -> 26.91 | G89: =K89 -> 360.67 | H89: =F89*G89 -> 9705.6297 | J89: 284.87 | K89: =ROUND(J89*(1+$H$14),2) -> 360.67
B90: 7.3.2 | C90: 71103 IOPES | D90: Grade de tela tipo mosquiteiro de arame galvanizado #18, fio 32, inclusive, requadro em cantoneira de ferro 1/8"x1/2"x1/2" (cozinha e dispensa) | E90: M2 | F90: =Esquadrias!D70 -> 5.56 | G90: =K90 -> 131.7 | H90: =F90*G90 -> 732.252 | J90: 104.02 | K90: =ROUND(J90*(1+$H$14),2) -> 131.7
B91: 8 | D91: VIDROS E ESPELHOS
B92: 8.1 | D92: ESPELHOS
B93: 8.2 | C93: 80201 IOPES | D93: Espelho para banheiros espessura 4 mm, incluindo chapa compensada 10 mm, moldura de alumínio em perfil L 3/4", fixado com parafusos cromados | E93: M2 | F93: =Esquadrias!F62 -> 5.81 | G93: =K93 -> 508.81 | H93: =F93*G93 -> 2956.1861 | J93: 401.87 | K93: =ROUND(J93*(1+$H$14),2) -> 508.81
B94: 9 | D94: COBERTURA
B95: 9.1 | D95: ESTRUTURA PARA TELHADO
B96: 9.1.1 | C96: 90102 IOPES | D96: Estrutura de madeira de lei tipo Paraju, peroba mica, angelim pedra ou equivalente para telhado de telha ondulada de fibrocimento esp. 6mm, com pontaletes e caibros, inclusive tratamento com cupinicida, exclusive telhas | E96: M2 | F96: =TELHADOS!F21 -> 1142.669 | G96: =K96 -> 113.54 | H96: =F96*G96 -> 129738.64 | J96: 89.68 | K96: =ROUND(J96*(1+$H$14),2) -> 113.54
B97: 9.2 | D97: TELHADO
B98: 9.2.1 | C98: 90202 IOPES | D98: Cobertura nova de telhas onduladas de fibrocimento 6.0mm, inclusive cumeeiras e acessórios de fixação | E98: M2 | F98: =TELHADOS!F21 -> 1142.669 | G98: =K98 -> 58.42 | H98: =F98*G98 -> 66754.723 | J98: 46.14 | K98: =ROUND(J98*(1+$H$14),2) -> 58.42
B99: 9.3 | D99: RUFOS E CALHAS
B100: 9.3.1 | C100: 90302 IOPES | D100: Rufo de chapa metálica nº 26 com largura de 30 cm | E100: M | F100: =TELHADOS!G21 -> 314.061 | G100: =K100 -> 37.69 | H100: =F100*G100 -> 11836.959 | J100: 29.77 | K100: =ROUND(J100*(1+$H$14),2) -> 37.69
B101: 9.4 | D101: PLATIBANDA
B102: 9.4.1 | C102: 90403 IOPES | D102: Platibanda de alvenaria de bloco cerâmico 10x20x20cm, assentado com argamassa de cimento, calhidratada CH1 e areia no traço 1:0,5:8, amarrada com pilaretes em conc. arm. a cada 2m (H=1.0m), excl. revest. | E102: M | F102: =TELHADOS!I31 -> 259.93 | G102: =K102 -> 128.78 | H102: =F102*G102 -> 33473.785 | J102: 101.71 | K102: =ROUND(J102*(1+$H$14),2) -> 128.78
B103: 10 | D103: IMPERMEABILIZAÇÃO
B104: 10.1 | C104: 04953 ORSE | D104: Impermeabilização de alicerce e viga baldrame com 2 demãos de tinta asfáltica tipo Neutrol da Vedacit ou similar, exceto argamassa impermeabilização | E104: M2 | F104: ='INFRA E SUPER'!K74 -> 578.53 | G104: =K104 -> 23.19 | H104: =F104*G104 -> 13416.111 | J104: 18.32 | K104: =ROUND(J104*(1+$H$14),2) -> 23.19
B105: 10.2 | C105: 10029 ORSE | D105: Impermeabilização c/ manta asfáltica aluminizada 3mm, estruturada com não-tecido de poliéster, inclusive aplicação de 1 demão de primer (calhas cobertura) | E105: M2 | F105: ='Impermeab. Áreas Molhadas'!K54 -> 234.97 | G105: =K105 -> 109.04 | H105: =F105*G105 -> 25621.129 | J105: 86.12 | K105: =ROUND(J105*(1+$H$14),2) -> 109.04
B106: 10.3 | C106: 80153 SEDOP | D106: Impermeabilização rebaixos banho./coz.(tinta asfaltica) | E106: M2 | F106: ='Impermeab. Áreas Molhadas'!J60 -> 575.43 | G106: =K106 -> 28.5 | H106: =F106*G106 -> 16399.755 | J106: 22.51 | K106: =ROUND(J106*(1+$H$14),2) -> 28.5
B107: 11 | D107: TETOS E FORROS
B108: 11.1 | D108: REBAIXAMENTOS
B109: 11.2 | C109: 110201 IOPES | D109: Forro de gesso acabamento tipo liso | E109: M2 | F109: ='Reboco e gesso '!D94 -> 1082.2 | G109: =K109 -> 43.05 | H109: =F109*G109 -> 46588.71 | J109: 34 | K109: =ROUND(J109*(1+$H$14),2) -> 43.05
B110: 11.3 | C110: 01951 ORSE | D110: Sanca ou cimalha em gesso l = 6 cm (conforme projeto) | E110: M | F110: ='Reboco e gesso '!E95 -> 884.08 | G110: =K110 -> 8.86 | H110: =F110*G110 -> 7832.9488 | J110: 7 | K110: =ROUND(J110*(1+$H$14),2) -> 8.86
B111: 12 | D111: REVESTIMENTO DE PAREDES
B112: 12.1 | D112: REVESTIMENTO COM ARGAMASSA
...

Sheet Cronograma Fís-Financ 
B3: CRONOGRAMA FÍSICO - FINANCEIRO
B4: OBRA: | C4: ='Planilha Orçamentária'!C12 -> CONSTRUÇÃO DO CEMEI FÁTIMA CIDADE JARDIM
B5: LOCAL: | C5: ='Planilha Orçamentária'!C13 -> RUA 20 - BAIRRO FÁTIMA CIDADE JARDIM - GUARAPARI - ES
B6: DATA: | C6: ='Planilha Orçamentária'!H13 -> 44314
B8: ITEM | C8: ATIVIDADE | D8: CUSTO TOTAL | F8: 1º Mês | G8: 2º Mês | H8: 3º Mês | I8: 4º Mês | J8: 5º Mês | K8: 6º Mês | L8: 7º Mês | M8: 8º Mês | N8: 9º Mês | O8: 10º Mês | P8: 11º Mês | Q8: 12º Mês
F9: _____________ | G9: _____________ | H9: _____________ | I9: _____________ | J9: _____________ | K9: _____________ | L9: _____________ | M9: _____________ | N9: _____________ | O9: _____________ | P9: _____________ | Q9: _____________
B10: 1 | C10: DEMOLIÇÕES, RETIRADAS E LOCAÇÃO | D10: =E10/$E$64 -> 0.0052277565 | E10: =SUM('Planilha Orçamentária'!H21:H22) -> 19916.951 | F10: =E10*F11 -> 19916.951
D11: =E11/$E$64 -> 0 | F11: 1
B12: 2 | C12: SERVIÇOS PRELIMINARES | D12: =E12/$E$64 -> 0.014836435 | E12: =SUM('Planilha Orçamentária'!H24:H33) -> 56524.545 | F12: =$E$12*F13 -> 45219.636 | G12: =$E$12*G13 -> 11304.909
F13: 0.8 | G13: 0.2
B14: 3 | C14: =[2]Planilha!C35 -> MOVIMENTO DE TERRA | D14: =E14/$E$64 -> 0.056932028 | E14: =SUM('Planilha Orçamentária'!H36:H43) -> 216902.3 | F14: =$E$14*F15 -> 130141.38 | G14: =$E$14*G15 -> 86760.92
F15: 0.6 | G15: 0.4
B16: 4 | C16: =[2]Planilha!C43 -> ESTRUTURAS | D16: =E16/$E$64 -> 0.18529058 | E16: =SUM('Planilha Orçamentária'!H46:H60) -> 705928.7 | G16: =$E$16*G17 -> 141185.74 | H16: =$E$16*H17 -> 352964.35 | I16: =$E$16*I17 -> 211778.61
G17: 0.2 | H17: 0.5 | I17: 0.3
B18: 5 | C18: =[2]Planilha!C52 -> PAREDES E PAINÉIS | D18: =E18/$E$64 -> 0.061793975 | E18: =SUM('Planilha Orçamentária'!H63:H71) -> 235425.57 | I18: =$E$18*I19 -> 47085.115 | J18: =$E$18*J19 -> 117712.79 | K18: =$E$18*K19 -> 70627.672
I19: 0.2 | J19: 0.5 | K19: 0.3
B20: 6 | C20: ESQUADRIAS DE MADEIRA | D20: =E20/$E$64 -> 0.0099220515 | E20: =SUM('Planilha Orçamentária'!H74:H79) -> 37801.495 | K20: =$E$20*K21 -> 7560.299 | N20: =$E$20*N21 -> 30241.196
K21: 0.2 | N21: 0.8
B22: 7 | C22: =[2]Planilha!C57 -> ESQUADRIAS METÁLICAS | D22: =E22/$E$64 -> 0.067582164 | E22: =SUM('Planilha Orçamentária'!H82:H90) -> 257477.69 | K22: =$E$22*K23 -> 128738.84 | L22: =$E$22*L23 -> 128738.84
K23: 0.5 | L23: 0.5
B24: 8 | C24: =[2]Planilha!C63 -> VIDROS E ESPELHOS | D24: =E24/$E$64 -> 0.00077593308 | E24: =SUM('Planilha Orçamentária'!H93) -> 2956.1861 | M24: =$E$24*M25 -> 1478.093 | N24: =$E$24*N25 -> 1478.093
M25: 0.5 | N25: 0.5
B26: 9 | C26: =[2]Planilha!C65 -> COBERTURA | D26: =E26/$E$64 -> 0.063468198 | E26: =SUM('Planilha Orçamentária'!H96:H102) -> 241804.11 | J26: =$E$26*J27 -> 120902.05 | K26: =$E$26*K27 -> 120902.05
J27: 0.5 | K27: 0.5
B28: 10 | C28: =[2]Planilha!C74 -> IMPERMEABILIZAÇÃO | D28: =E28/$E$64 -> 0.014550978 | E28: =SUM('Planilha Orçamentária'!H104:H106) -> 55436.995 | H28: =$E$28*H29 -> 16631.098 | J28: =$E$28*J29 -> 16631.098 | K28: =$E$28*K29 -> 22174.798
H29: 0.3 | J29: 0.3 | K29: 0.4
B30: 11 | C30: =[2]Planilha!C77 -> TETOS E FORROS | D30: =E30/$E$64 -> 0.014284475 | E30: =SUM('Planilha Orçamentária'!H109:H110) -> 54421.659 | L30: =$E$30*L31 -> 27210.829 | M30: =$E$30*M31 -> 27210.829
L31: 0.5 | M31: 0.5
B32: 12 | C32: REVESTIMENTO DE PAREDES | D32: =E32/$E$64 -> 0.099171723 | E32: =SUM('Planilha Orçamentária'!H113:H124) -> 377829.06 | K32: =$E$32*K33 -> 75565.812 | L32: =$E$32*L33 -> 188914.53 | M32: =$E$32*M33 -> 113348.72
K33: 0.2 | L33: 0.5 | M33: 0.3
B34: 13 | C34: PISOS INTERNOS E EXTERNOS | D34: =E34/$E$64 -> 0.088378199 | E34: =SUM('Planilha Orçamentária'!H127:H134) -> 336707.39 | J34: =$E$34*J35 -> 67341.479 | K34: =$E$34*K35 -> 101012.22 | O34: =$E$34*O35 -> 168353.7
J35: 0.2 | K35: 0.3 | O35: 0.5
B36: 14 | C36: DEGRAUS, RODAPÉS, SOLEIRAS E PEITORIS | D36: =E36/$E$64 -> 0.0037225148 | E36: =SUM('Planilha Orçamentária'!H136:H139) -> 14182.211 | L36: =$E$36*L37 -> 3545.5527 | M36: =$E$36*M37 -> 7091.1054 | N36: =$E$36*N37 -> 3545.5527
L37: 0.25 | M37: 0.5 | N37: 0.25
B38: 15 | C38: PAVIMENTAÇÃO EXTERNA | D38: =E38/$E$64 -> 0.024074523 | E38: =SUM('Planilha Orçamentária'!H141:H145) -> 91720.241 | M38: =$E$38*M39 -> 22930.06 | N38: =$E$38*N39 -> 45860.121 | O38: =$E$38*O39 -> 22930.06
M39: 0.25 | N39: 0.5 | O39: 0.25
B40: 16 | C40: PINTURA E ACABAMENTOS | D40: =E40/$E$64 -> 0.032391066 | E40: =SUM('Planilha Orçamentária'!H147:H151) -> 123405 | M40: =$E$40*M41 -> 30851.249 | N40: =$E$40*N41 -> 30851.249 | O40: =$E$40*O41 -> 30851.249 | P40: =$E$40*P41 -> 30851.249
M41: 0.25 | N41: 0.25 | O41: 0.25 | P41: 0.25
B42: 17 | C42: INSTALAÇÕES HIDRO-SANITÁRIAS | D42: =E42/$E$64 -> 0.066396076 | E42: =SUM('Planilha Orçamentária'!H154:H243) -> 252958.87 | J42: =$E$42*J43 -> 12647.944 | L42: =$E$42*L43 -> 63239.718 | M42: =$E$42*M43 -> 63239.718 | N42: =$E$42*N43 -> 63239.718 | O42: =$E$42*O43 -> 50591.774
J43: 0.05 | L43: 0.25 | M43: 0.25 | N43: 0.25 | O43: 0.2
B44: 18 | C44: SISTEMA DE PROTEÇÃO CONTRA INCÊNDIO | D44: =E44/$E$64 -> 0.015628912 | E44: =SUM('Planilha Orçamentária'!H245:H272) -> 59543.759 | M44: =$E$44*M45 -> 14885.94 | N44: =$E$44*N45 -> 14885.94 | O44: =$E$44*O45 -> 14885.94 | P44: =$E$44*P45 -> 14885.94
M45: 0.25 | N45: 0.25 | O45: 0.25 | P45: 0.25
B46: 19 | C46: INSTALAÇÃO ELÉTRICA | D46: =E46/$E$64 -> 0.040714633 | E46: =SUM('Planilha Orçamentária'!H275:H343) -> 155116.51 | J46: =$E$46*J47 -> 7755.8255 | L46: =$E$46*L47 -> 38779.128 | M46: =$E$46*M47 -> 38779.128 | N46: =$E$46*N47 -> 38779.128 | O46: =$E$46*O47 -> 31023.302
J47: 0.05 | L47: 0.25 | M47: 0.25 | N47: 0.25 | O47: 0.2
B48: 20 | C48: INSTALAÇÕES DE CLIMATIZAÇÃO | D48: =E48/$E$64 -> 0.022522552 | E48: =SUM('Planilha Orçamentária'!H345:H361) -> 85807.47 | K48: =$E$48*K49 -> 21451.868 | L48: =$E$48*L49 -> 21451.868 | M48: =$E$48*M49 -> 21451.868 | N48: =$E$48*N49 -> 21451.868
K49: 0.25 | L49: 0.25 | M49: 0.25 | N49: 0.25
B50: 21 | C50: INSTALAÇÕES DE MONITORAMENTO | D50: =E50/$E$64 -> 0.0079188409 | E50: =SUM('Planilha Orçamentária'!H364:H380) -> 30169.57 | O50: =$E$50*O51 -> 15084.785 | P50: =$E$50*P51 -> 15084.785
O51: 0.5 | P51: 0.5
B52: 22 | C52: INSTALAÇÃO DE GÁS | D52: =E52/$E$64 -> 0.0034623204 | E52: =SUM('Planilha Orçamentária'!H382) -> 13190.91 | L52: =$E$52*L53 -> 6595.455 | M52: =$E$52*M53 -> 6595.455
L53: 0.5 | M53: 0.5
B54: 23 | C54: SISTEMA DE PROTEÇÃO CONTRA DESCARGAS ATMOSFÉRICAS (SPDA) | D54: =E54/$E$64 -> 0.014452907 | E54: =SUM('Planilha Orçamentária'!H384:H400) -> 55063.36 | M54: =$E$54*M55 -> 27531.68 | N54: =$E$54*N55 -> 16519.008 | O54: =$E$54*O55 -> 11012.672
M55: 0.5 | N55: 0.3 | O55: 0.2
B56: 24 | C56: SERVIÇOS COMPLEMENTARES | D56: =E56/$E$64 -> 0.024214895 | E56: =SUM('Planilha Orçamentária'!H403:H421) -> 92255.038 | N56: =$E$56*N57 -> 23063.759 | O56: =$E$56*O57 -> 23063.759 | P56: =$E$56*P57 -> 23063.759 | Q56: =$E$56*Q57 -> 23063.759
N57: 0.25 | O57: 0.25 | P57: 0.25 | Q57: 0.25
B58: 25 | C58: ESQUADRIAS, PORTÕES E GRADIS METÁLICOS | D58: =E58/$E$64 -> 0.012459359 | E58: =SUM('Planilha Orçamentária'!H423:H425) -> 47468.247 | N58: =$E$58*N59 -> 9493.6494 | O58: =$E$58*O59 -> 23734.124 | P58: =$E$58*P59 -> 14240.474
N59: 0.2 | O59: 0.5 | P59: 0.3
B60: 26 | C60: SERVIÇOS FINAIS | D60: =E60/$E$64 -> 0.0035651113 | E60: =SUM('Planilha Orçamentária'!H427:H428) -> 13582.528 | Q60: =$E$60*Q61 -> 13582.528
Q61: 1
B62: 27 | C62: =[2]Planilha!C195 -> ADMINISTRAÇÃO LOCAL | D62: =E62/$E$64 -> 0.046261798 | E62: =SUM('Planilha Orçamentária'!G430) -> 176250.36 | F62: =$E$62*F63 -> 14687.53 | G62: =$E$62*G63 -> 14687.53 | H62: =$E$62*H63 -> 14687.53 | I62: =$E$62*I63 -> 14687.53 | J62: =$E$62*J63 -> 14687.53 | K62: =$E$62*K63 -> 14687.53 | L62: =$E$62*L63 -> 14687.53 | M62: =$E$62*M63 -> 14687.53 | ... Q62: =$E$62*Q63 -> 14687.53
C63: OBS.: A taxa de Administração Local será paga PROPORCIONALMENTE ao andamento da obra. | F63: =1/12 -> 0.083333333 | G63: =1/12 -> 0.083333333 | H63: =1/12 -> 0.083333333 | I63: =1/12 -> 0.083333333 | J63: =1/12 -> 0.083333333 | K63: =1/12 -> 0.083333333 | L63: =1/12 -> 0.083333333 | M63: =1/12 -> 0.083333333 | ... Q63: =1/12 -> 0.083333333
B64: TOTAIS | C64: TOTAL GERAL | D64: =SUM(D10:D63) -> 1 | E64: =SUM(E10:E63) -> 3809846.7
C65: TOTAL SIMPLES | F65: =SUM(F10,F12,F14,F16,F18,F20,F22,F24,F26,F28,F30,F32,F34,F36,F38,F40,F42,F44,F46,F48,F50,F52,F54,F56,F58,F60,F62) -> 209965.5 | G65: =SUM(G10,G12,G14,G16,G18,G20,G22,G24,G26,G28,G30,G32,G34,G36,G38,G40,G42,G44,G46,G48,G50,G52,G54,G56,G58,G60,G62) -> 253939.1 | H65: =SUM(H10,H12,H14,H16,H18,H20,H22,H24,H26,H28,H30,H32,H34,H36,H38,H40,H42,H44,H46,H48,H50,H52,H54,H56,H58,H60,H62) -> 384282.98 | I65: =SUM(I10,I12,I14,I16,I18,I20,I22,I24,I26,I28,I30,I32,I34,I36,I38,I40,I42,I44,I46,I48,I50,I52,I54,I56,I58,I60,I62) -> 273551.25 | J65: =SUM(J10,J12,J14,J16,J18,J20,J22,J24,J26,J28,J30,J32,J34,J36,J38,J40,J42,J44,J46,J48,J50,J52,J54,J56,J58,J60,J62) -> 357678.72 | K65: =SUM(K10,K12,K14,K16,K18,K20,K22,K24,K26,K28,K30,K32,K34,K36,K38,K40,K42,K44,K46,K48,K50,K52,K54,K56,K58,K60,K62) -> 562721.09 | L65: =SUM(L10,L12,L14,L16,L18,L20,L22,L24,L26,L28,L30,L32,L34,L36,L38,L40,L42,L44,L46,L48,L50,L52,L54,L56,L58,L60,L62) -> 493163.45 | M65: =SUM(M10,M12,M14,M16,M18,M20,M22,M24,M26,M28,M30,M32,M34,M36,M38,M40,M42,M44,M46,M48,M50,M52,M54,M56,M58,M60,M62) -> 390081.37 | ... Q65: =SUM(Q10,Q12,Q14,Q16,Q18,Q20,Q22,Q24,Q26,Q28,Q30,Q32,Q34,Q36,Q38,Q40,Q42,Q44,Q46,Q48,Q50,Q52,Q54,Q56,Q58,Q60,Q62) -> 51333.817
C66: PORCENTAGEM SIMPLES | F66: =F65/$E$64 -> 0.055111272 | G66: =G65/$E$64 -> 0.066653364 | H66: =H65/$E$64 -> 0.10086573 | I66: =I65/$E$64 -> 0.071801118 | J66: =J65/$E$64 -> 0.093882705 | K66: =K65/$E$64 -> 0.14770177 | L66: =L65/$E$64 -> 0.12944443 | M66: =M65/$E$64 -> 0.10238768 | ... Q66: =Q65/$E$64 -> 0.013473985
C67: TOTAL ACUMULADO | F67: =F65 -> 209965.5 | G67: =F67+G65 -> 463904.6 | H67: =G67+H65 -> 848187.57 | I67: =H67+I65 -> 1121738.8 | J67: =I67+J65 -> 1479417.5 | K67: =J67+K65 -> 2042138.6 | L67: =K67+L65 -> 2535302.1 | M67: =L67+M65 -> 2925383.5 | N67: =M67+N65 -> 3239480.3 | ... Q67: =P67+Q65 -> 3809846.7
C68: PORCENTAGEM ACUMULADA | F68: =F67/$E$64 -> 0.055111272 | G68: =G67/$E$64 -> 0.12176464 | H68: =H67/$E$64 -> 0.22263037 | I68: =I67/$E$64 -> 0.29443148 | J68: =J67/$E$64 -> 0.38831419 | K68: =K67/$E$64 -> 0.53601596 | L68: =L67/$E$64 -> 0.66546039 | M68: =M67/$E$64 -> 0.76784807 | ... Q68: =Q67/$E$64 -> 1
C70: SECRETARIA MUNICIPAL DE OBRAS PÚBLICAS | F70: SECRETARIA MUNICIPAL DE OBRAS PÚBLICAS
C71: WILLIAM GARCIA MENDONÇA | F71: DIVANDILSON FERREIRA DOS SANTOS
C72: SUPERVISÃO | F72: SECRETÁRIO MUNICIPAL
C73: ASSINATURA: | F73: ASSINATURA:

Sheet composições
B2: LISTA DE MATERIAL CFTV
B4: COMP-01 FORNECIMENTO E INSTALAÇAO DE CAMERA IP IR BULLET REF. INTELBRAS/VIP 3230 D OU SIMILAR | I4: UND: UND
B5: BASE :ORSE 11520
B7: Levantamento de preços de mercado - Data: 16/04/2021
B9: Estabelecimento | C9: Contato | E9: Unid | F9: Pr. Unit.
B10: Monitora - Alarmes e Câmeras - Guarapari ES | C10: 27 996516462 | E10: und | F10: 525.05
B11: Crissom segur. Eletrronica - Guarapari ES | C11: 27 33611105 | E11: und | F11: 498.39
B12: lojas americanas - Guarapari ES | C12: 27 988859614 | E12: und | F12: 455.6
B13: Pr.Unit | F13: =F12 -> 455.6
B15: MÃO DE OBRA | C15: Unid | D15: Código | E15: Coefic. | F15: C. Prod. | G15: Pr. Prod. | H15: Pr. Improd. | I15: Pr. Unit. | J15: Fator Ac.
B16: Técnico | C16: H | D16: 6698 | E16: 1 | I16: 21.76 | J16: =E16*I16 -> 21.76
B17: SubTotal: | J17: =J16 -> 21.76
B19: MATERIAL | C19: Unid | D19: Código | E19: Coefic. | F19: C. Prod. | G19: Pr. Prod. | H19: Pr. Improd. | I19: Pr. Unit. | J19: Fator Ac.
B20: Camera ip ir Ibullet ( intelbras/vip 3230 D) | C20: UN | D20: Mercado | E20: 1 | I20: =F13 -> 455.6 | J20: =I20 -> 455.6
B21: SubTotal: | J21: =J20 -> 455.6
B23: RESUMO
B24: DISCRIMINAÇÃO | E24: TAXA(%) | F24: VALORES
B25: Mão-de-Obra(A) | E25: 128.33 | F25: =J17 -> 21.76
B26: Materiais(B) | F26: =J21 -> 455.6
B27: Equipamentos(C) | F27: 0
B28: Produção da Equipe(D) | F28: 1
B29: Custo Horário Total(A+C) | F29: =F25+F27 -> 21.76
B30: Custo Unitário da Execução[(A/D)+(C/D)] = E | F30: =(F25/F28)+(F27/F28) -> 21.76
B31: Custo Direto Total(B+E) | F31: =F26+F30 -> 477.36
B32: Bonificações e Despesas Indiretas - BDI | E32: 0 | F32: =F31*(E32/100) -> 0
B33: CUSTO UNITÁRIO (Adotado) | F33: =F31+F32 -> 477.36
B38: COMP-02 FORNECIMENTO E INSTALAÇAO DE CAMERA IP IR DOME INTELBRAS/VIP 3230 D OU SIMILAR (CFTV) | I38: UND: UND
B39: BASE :ORSE 11520
B41: Levantamento de preços de mercado - Data: 16/04/2021
B43: Estabelecimento | C43: Contato | E43: Unid | F43: Pr. Unit.
B44: Monitora - Alarmes e Câmeras - Guarapari ES | C44: 27 996516462 | E44: und | F44: 548.3
B45: Crissom segur. Eletrronica - Guarapari ES | C45: 27 33611105 | E45: und | F45: 579.53
B46: lojas americanas - Guarapari ES | C46: 27 988859614 | E46: und | F46: 550.76
B47: Pr.Unit | F47: =F44 -> 548.3
B49: MÃO DE OBRA | C49: Unid | D49: Código | E49: Coefic. | F49: C. Prod. | G49: Pr. Prod. | H49: Pr. Improd. | I49: Pr. Unit. | J49: Fator Ac.
B50: Técnico | C50: H | D50: 6698 | E50: 1 | I50: 21.76 | J50: =E50*I50 -> 21.76
B51: SubTotal: | J51: =J50 -> 21.76
B53: MATERIAL | C53: Unid | D53: Código | E53: Coefic. | F53: C. Prod. | G53: Pr. Prod. | H53: Pr. Improd. | I53: Pr. Unit. | J53: Fator Ac.
B54: CAMERA IP IR DOME (INTELBRAS/VIP3230 D) | C54: UN | D54: Mercado | E54: 1 | I54: =F47 -> 548.3 | J54: =E54*I54 -> 548.3
B55: SubTotal: | J55: =J54 -> 548.3
B57: RESUMO
B58: DISCRIMINAÇÃO | E58: TAXA(%) | F58: VALORES
B59: Mão-de-Obra(A) | E59: 128.33 | F59: =J51 -> 21.76
B60: Materiais(B) | F60: =J55 -> 548.3
B61: Equipamentos(C) | F61: 0
B62: Produção da Equipe(D) | F62: 1
B63: Custo Horário Total(A+C) | F63: =F59+F61 -> 21.76
B64: Custo Unitário da Execução[(A/D)+(C/D)] = E | F64: =(F59/F62)+(F61/F62) -> 21.76
B65: Custo Direto Total(B+E) | F65: =F60+F64 -> 570.06
B66: Bonificações e Despesas Indiretas - BDI | E66: 0 | F66: =F65*(E66/100) -> 0
B67: CUSTO UNITÁRIO (Adotado) | F67: =F65+F66 -> 570.06
B72: COMP-03 FORNECIMENTO E INSTALAÇAO DE GRAVADO IP 16 CANAIS POE INTELBRAS/NVD 3136 P OU SIMILAR (CFTV) | I72: UND: UND
B73: BASE :ORSE 11520
B75: Levantamento de preços de mercado - Data: 16/04/2021
B77: Estabelecimento | C77: Contato | E77: Unid | F77: Pr. Unit.
B78: Monitora - Alarmes e Câmeras - Guarapari ES | C78: 27 996516462 | E78: und | F78: 2606.12
B79: Atm.seg - Guarapari ES | C79: 27 3367065 | E79: und | F79: 2740.66
B80: lojas americanas - Guarapari ES | C80: 27 988859614 | E80: und | F80: 2861.15
B81: Pr.Unit | F81: =F78 -> 2606.12
B83: MÃO DE OBRA | C83: Unid | D83: Código | E83: Coefic. | F83: C. Prod. | G83: Pr. Prod. | H83: Pr. Improd. | I83: Pr. Unit. | J83: Fator Ac. | K83: Subtotal
B84: Técnico | C84: H | D84: 6698 | E84: 1 | I84: 21.76 | K84: =E84*I84 -> 21.76
B85: SubTotal: | K85: =SUM(K84:K84) -> 21.76
B87: MATERIAL | C87: Unid | D87: Código | E87: Coefic. | F87: C. Prod. | G87: Pr. Prod. | H87: Pr. Improd. | I87: Pr. Unit. | J87: Fator Ac. | K87: Subtotal
B88: Gravado ip 16 canais poe (intelbras/nvd3116 p) | C88: UN | D88: Mercado | E88: 1 | I88: =F81 -> 2606.12 | J88: - | K88: =E88*I88 -> 2606.12
B89: SubTotal: | K89: =SUM(K88) -> 2606.12
B91: RESUMO
B92: DISCRIMINAÇÃO | E92: TAXA(%) | F92: VALORES
B93: Mão-de-Obra(A) | E93: 128.33 | F93: =K85 -> 21.76
B94: Materiais(B) | F94: =K89 -> 2606.12
B95: Equipamentos(C) | F95: 0
B96: Produção da Equipe(D) | F96: 1
B97: Custo Horário Total(A+C) | F97: =F93+F95 -> 21.76
B98: Custo Unitário da Execução[(A/D)+(C/D)] = E | F98: =(F93/F96)+(F95/F96) -> 21.76
B99: Custo Direto Total(B+E) | F99: =F94+F98 -> 2627.88
B100: Bonificações e Despesas Indiretas - BDI | E100: 0 | F100: =F99*(E100/100) -> 0
B101: CUSTO UNITÁRIO (Adotado) | F101: =F99+F100 -> 2627.88
B106: COMP-04 FORNECIMENTO E INSTALAÇAO DE CABO DE REDE INDOOR BLINDADO CAT 6E FURUKAWA OU SIMILAR (CFTV) | I106: UND: M
B107: BASE :IOPES 160808
B109: Levantamento de preços de mercado - Data: 16/04/2021
B111: Estabelecimento | C111: Contato | E111: Unid | F111: Pr. Unit.
B112: Monitora - Alarmes e Câmeras - Guarapari ES | C112: 27 996516462 | E112: und | F112: 2.75
B113: Crissom segur. Eletrronica - Guarapari ES | C113: 27 33611105 | E113: und | F113: 2.73
B114: Pastore - Guarapari ES | C114: 27 32623280 | E114: und | F114: 3.2
B115: Pr.Unit | F115: =F113 -> 2.73
B117: MÃO DE OBRA | C117: Unid | D117: Código | E117: Coefic. | F117: C. Prod. | G117: Pr. Prod. | H117: Pr. Improd. | I117: Pr. Unit. | J117: Fator Ac.
B118: AJUDANTE PRATICO | C118: H | D118: 10101 | E118: 0.02 | I118: 15.08 | J118: =E118*I118 -> 0.3016
B119: ELETRICISTA OFICIAL | C119: H | D119: 10115 | E119: 0.02 | I119: 17.85 | J119: =E119*I119 -> 0.357
B120: SubTotal: | J120: =SUM(J118:J119) -> 0.6586
B122: MATERIAL | C122: Unid | D122: Código | E122: Coefic. | F122: C. Prod. | G122: Pr. Prod. | H122: Pr. Improd. | I122: Pr. Unit. | J122: Fator Ac.
B123: INSTALAÇAO DE CABO DE REDE INDOOR BLINDADO CAT 6E | C123: UN | D123: Mercado | E123: 1 | I123: =F115 -> 2.73 | J123: =E123*I123 -> 2.73
B124: SubTotal: | J124: =J123 -> 2.73
B126: RESUMO
B127: DISCRIMINAÇÃO | E127: TAXA(%) | F127: VALORES
B128: Mão-de-Obra(A) | E128: 128.33 | F128: =J120 -> 0.6586
B129: Materiais(B) | F129: =J124 -> 2.73
B130: Equipamentos(C) | F130: 0
B131: Produção da Equipe(D) | F131: 1
B132: Custo Horário Total(A+C) | F132: =F128+F130 -> 0.6586
B133: Custo Unitário da Execução[(A/D)+(C/D)] = E | F133: =(F128/F131)+(F130/F131) -> 0.6586
B134: Custo Direto Total(B+E) | F134: =F129+F133 -> 3.3886
...

Sheet Curva ABC
A2: COD. | B2: DESCRIÇÃO | C2: VALOR TOTAL | D2: % | E2: % ACUMUL. | F2: CLASSE
J3: Classe | K3: Corte
A4: 27.1 | B4: Administração Local OBS.: A taxa de Administração Local será paga PROPORCIONALMENTE ao andamento da obra. | C4: =VLOOKUP(A4,'Planilha Orçamentária'!$B$20:$H$430,7,FALSE) -> 176250.36 | D4: =C4/$C$335 -> 0.046261798 | E4: =D4 -> 0.046261798 | F4: =IF(E4<=$K$4,"A",IF(E4<=$K$5,"B","C")) -> A | J4: A | K4: 0.8
A5: 5.5.1 | B5: Alvenaria de blocos de concreto 14x19x39cm, c/ resist. mínimo a compres. 2.5 MPa, assent. c/ arg. de cimento, cal hidratada CH1 e areia no traço 1:0.5:8 esp. das juntas 10mm e esp. das paredes, s/ rev. 14cm | C5: =VLOOKUP(A5,'Planilha Orçamentária'!$B$20:$H$430,7,FALSE) -> 137798.25 | D5: =C5/$C$335 -> 0.036168975 | E5: =D5+E4 -> 0.082430773 | F5: =IF(E5<=$K$4,"A",IF(E5<=$K$5,"B","C")) -> A | J5: B | K5: 0.95
A6: 4.2.2 | B6: Fôrma em chapa de madeira compensada plastificada 12mm para estrutura em geral, 5 reaproveitamentos, reforçada com sarrafos de madeira 2.5x10cm (incl material, corte, montagem, escoras em eucalipto e desforma) | C6: =VLOOKUP(A6,'Planilha Orçamentária'!$B$20:$H$430,7,FALSE) -> 132920.77 | D6: =C6/$C$335 -> 0.034888746 | E6: =D6+E5 -> 0.11731952 | F6: =IF(E6<=$K$4,"A",IF(E6<=$K$5,"B","C")) -> A | J6: C | K6: 1
A7: 4.2.6 | B7: Fornecimento e aplicação de concreto USINADO Fck=30 MPa - considerando BOMBEAMENTO (5% de perdas já incluído no custo) (6% de taxa p/ concr. bombeavel) | C7: =VLOOKUP(A7,'Planilha Orçamentária'!$B$20:$H$430,7,FALSE) -> 132725.84 | D7: =C7/$C$335 -> 0.034837581 | E7: =D7+E6 -> 0.1521571 | F7: =IF(E7<=$K$4,"A",IF(E7<=$K$5,"B","C")) -> A
A8: 3.1.2 | B8: Perfuração rotativa vertical, em solo, com coroa de Widia ou similar, diâmetro N(75mm), inclusive deslocamento e posicionamento em cada furo (conforme projeto) | C8: =VLOOKUP(A8,'Planilha Orçamentária'!$B$20:$H$430,7,FALSE) -> 132059.88 | D8: =C8/$C$335 -> 0.03466278 | E8: =D8+E7 -> 0.18681988 | F8: =IF(E8<=$K$4,"A",IF(E8<=$K$5,"B","C")) -> A
A9: 9.1.1 | B9: Estrutura de madeira de lei tipo Paraju, peroba mica, angelim pedra ou equivalente para telhado de telha ondulada de fibrocimento esp. 6mm, com pontaletes e caibros, inclusive tratamento com cupinicida, exclusive telhas | C9: =VLOOKUP(A9,'Planilha Orçamentária'!$B$20:$H$430,7,FALSE) -> 129738.64 | D9: =C9/$C$335 -> 0.034053506 | E9: =D9+E8 -> 0.22087339 | F9: =IF(E9<=$K$4,"A",IF(E9<=$K$5,"B","C")) -> A
A10: 7.2.2 | B10: Pele de vidro ( Painel fixo) (fachada - Vidro laminado 8mm - 4+4mm) (conforme projeto) | C10: =VLOOKUP(A10,'Planilha Orçamentária'!$B$20:$H$430,7,FALSE) -> 100962.36 | D10: =C10/$C$335 -> 0.026500374 | E10: =D10+E9 -> 0.24737376 | F10: =IF(E10<=$K$4,"A",IF(E10<=$K$5,"B","C")) -> A
A11: 4.2.3 | B11: Fornecimento, dobragem e colocação em fôrma, de armadura CA-50 A média, diâmetro de 6.3 a 10.0 mm | C11: =VLOOKUP(A11,'Planilha Orçamentária'!$B$20:$H$430,7,FALSE) -> 94586.299 | D11: =C11/$C$335 -> 0.024826799 | E11: =D11+E10 -> 0.27220056 | F11: =IF(E11<=$K$4,"A",IF(E11<=$K$5,"B","C")) -> A
A12: 13.2.1 | B12: Porcelanato polido, acabamento acetinado, dim. 60x60cm, ref. de cor CIMENTO CINZA BOLD Potobello/equiv, utilizando dupla colagem de argamassa colante para porcelanato tipo ACIII e rejunte 1mm para porcelanato | C12: =VLOOKUP(A12,'Planilha Orçamentária'!$B$20:$H$430,7,FALSE) -> 82498.046 | D12: =C12/$C$335 -> 0.021653902 | E12: =D12+E11 -> 0.29385446 | F12: =IF(E12<=$K$4,"A",IF(E12<=$K$5,"B","C")) -> A
A13: 12.3.3 | B13: Porcelanato polido, Avorio, 60x60, Delta, Biancogres, Eliane, Portobello/equiv, utilizando dupla colagem de argamassa colante para porcelanato tipo ACIII e rejunte 1mm para porcelanato | C13: =VLOOKUP(A13,'Planilha Orçamentária'!$B$20:$H$430,7,FALSE) -> 81781.255 | D13: =C13/$C$335 -> 0.02146576 | E13: =D13+E12 -> 0.31532022 | F13: =IF(E13<=$K$4,"A",IF(E13<=$K$5,"B","C")) -> A
A14: 13.2.2 | B14: Piso em granito aplicado em ambientes internos. Af_06/2018 (conforme projeto) | C14: =VLOOKUP(A14,'Planilha Orçamentária'!$B$20:$H$430,7,FALSE) -> 80958.797 | D14: =C14/$C$335 -> 0.021249883 | E14: =D14+E13 -> 0.3365701 | F14: =IF(E14<=$K$4,"A",IF(E14<=$K$5,"B","C")) -> A
A15: 12.3.7 | B15: Revestimento metálico em alumínio composto (Alucobond), e=0,4mm, pintura Kaynar 500 composta por seis camadas, inclusive estrutura metálica auxiliar em perfil de viga "U" de 2" - fornecimento e montagem | C15: =VLOOKUP(A15,'Planilha Orçamentária'!$B$20:$H$430,7,FALSE) -> 77000.782 | D15: =C15/$C$335 -> 0.020210992 | E15: =D15+E14 -> 0.3567811 | F15: =IF(E15<=$K$4,"A",IF(E15<=$K$5,"B","C")) -> A
A16: 5.4.1 | B16: Alvenaria de blocos cerâmicos 10 furos 10x20x20cm, assentados c/argamassa de cimento, cal hidratada CH1 e areia traço 1:0,5:8, esp. das juntas 12mm e esp. das paredes s/revestimento, 10cm (bloco comprado na fábrica, posto obra) | C16: =VLOOKUP(A16,'Planilha Orçamentária'!$B$20:$H$430,7,FALSE) -> 76452.386 | D16: =C16/$C$335 -> 0.02006705 | E16: =D16+E15 -> 0.37684815 | F16: =IF(E16<=$K$4,"A",IF(E16<=$K$5,"B","C")) -> A
A17: 12.2.2 | B17: Reboco de argamassa de cimento, cal hidratada CH1 e areia média ou grossa lavada no traço 1:0.5:6, espessura 5mm | C17: =VLOOKUP(A17,'Planilha Orçamentária'!$B$20:$H$430,7,FALSE) -> 71300.289 | D17: =C17/$C$335 -> 0.01871474 | E17: =D17+E16 -> 0.39556289 | F17: =IF(E17<=$K$4,"A",IF(E17<=$K$5,"B","C")) -> A
A18: 4.1.4 | B18: Fornecimento e aplicação de concreto USINADO Fck=25 MPa - considerando lançamento MANUAL para INFRA-ESTRUTURA (5% de perdas já incluído no custo) | C18: =VLOOKUP(A18,'Planilha Orçamentária'!$B$20:$H$430,7,FALSE) -> 68910.473 | D18: =C18/$C$335 -> 0.018087466 | E18: =D18+E17 -> 0.41365035 | F18: =IF(E18<=$K$4,"A",IF(E18<=$K$5,"B","C")) -> A
... A333: 19.9.6 | B333: Disjuntor termomagnetico monopolar 16 A, padrão DIN (linha branca) curva de disparo B, corrente de interrupção 5KA, ref.: Siemens 5 SX1 ou similar. | C333: =VLOOKUP(A333,'Planilha Orçamentária'!$B$20:$H$430,7,FALSE) -> 19.11 | D333: =C333/$C$335 -> 5.0159498e-06 | E333: =D333+E332 -> 1 | F333: =IF(E333<=$K$4,"A",IF(E333<=$K$5,"B","C")) -> C
B335: total: | C335: =SUM(C4:C333) -> 3809846.7

Sheet Reboco e gesso 
A1: JANELAS | B1: C01 | C1: 4.2 | D1: 2 | E1: 2.1 | I1: J01 | J1: 0.6 | K1: 1 | L1: 0.6 | N1: PORTAS
I2: J02 | J2: 0.8 | K2: 1 | L2: 0.8 | O2: P2 | P2: 1.68 | Q2: 0.8 | R2: 2.1
I3: J03 | J3: 1.2 | K3: 1.5 | L3: 0.8 | O3: P3 E PV3 | P3: =0.9*2.1 -> 1.89 | Q3: 0.9 | R3: 2.1
I4: J04 | J4: 1.8 | K4: 1.5 | L4: 1.2 | O4: P4 | P4: 1.89 | Q4: 0.9 | R4: 2.1
I5: J05 | J5: 2.31 | K5: 1.4 | L5: 1.65 | O5: P5 | P5: 1.68 | Q5: 0.8 | R5: 2.1
B6: C06 | C6: =1.5*2.1 -> 3.15 | D6: 1.5 | E6: 2.1 | O6: P6 | P6: =3*3 -> 9 | Q6: 3 | R6: 3
I7: J07 | J7: 1.2 | K7: 2 | L7: 0.6 | O7: P7 | P7: =3.5*2.5 -> 8.75 | Q7: 3.5 | R7: 2.5
I8: J08 | J8: 2.4 | K8: 2 | L8: 1.2 | O8: P8 | P8: =4*2.2 -> 8.8 | Q8: 4 | R8: 2.2
I9: J09 | J9: =2*1 -> 2 | K9: 2 | L9: 1 | O9: P9 | P9: =4.7*2.5 -> 11.75 | Q9: 4.7 | R9: 2.5
I10: J10 | J10: =2*1.65 -> 3.3 | K10: 2 | L10: 1.65
I11: J11 | J11: =2.5*0.9 -> 2.25 | K11: 2.5 | L11: 0.9
I12: J12 | J12: =2.5*1.2 -> 3 | K12: 2.5 | L12: 1.2
I13: J13 | J13: =3*1.2 -> 3.6 | K13: 3 | L13: 1.2
B17: Chapisco, Reboco e Gesso
B19: Chapisco, Reboco e Gesso
D21: DADOS DE ENTRADA | N21: CHAPISCO, REBOCO E GESSO
B22: DESCRIÇÃO | E22: DIMENSÕES | H22: DESCONTOS | M22: PAREDES | R22: TETOS
B23: Pavimento | C23: Ambiente | D23: Quantidade | E23: Área (m2) | F23: Perímetro (m) | G23: Pé-direito (m) | H23: Parede (m2) | I23: Teto (m2) | J23: Chapisco | K23: Área (m2) | L23: Reboco interno | M23: Área (m2) | N23: Reboco Externo | O23: Área (m2) | P23: Emboço | Q23: Área (m2) | R23: Tipo Revestimento | S23: Área (m2)
B24: Térreo | C24: Recepção | D24: 1 | E24: 40.16 | F24: 33.39 | G24: 2.8 | H24: 52.636 | J24: Sim | K24: =IF(J24="Sim",(F24*G24-H24)*D24," ") -> 40.856 | L24: Sim | M24: 40.856 | O24: =IF(N24="Sim",(F24*G24-H24)*D24," ") | Q24: =IF(P24="Sim",(F24*G24-H24)*D24," ") | R24: Gesso | S24: =(E24-I24)*D24 -> 40.16
B25: Térreo | C25: Secretaria | D25: 1 | E25: 25.95 | F25: 20.44 | G25: 2.8 | H25: =J13+J13+P4+P5 -> 10.77 | J25: Sim | K25: =IF(J25="Sim",(F25*G25-H25)*D25," ") -> 46.462 | L25: Sim | M25: 46.462 | O25: =IF(N25="Sim",(F25*G25-H25)*D25," ") | Q25: =IF(P25="Sim",(F25*G25-H25)*D25," ") | R25: Gesso | S25: =(E25-I25)*D25 -> 25.95
B26: Térreo | C26: Arquivo | D26: 1 | E26: 14.03 | F26: 16.44 | G26: 2.8 | H26: =J1+P4 -> 2.49 | J26: Sim | K26: =IF(J26="Sim",(F26*G26-H26)*D26," ") -> 43.542 | L26: Sim | M26: 43.542 | O26: =IF(N26="Sim",(F26*G26-H26)*D26," ") | Q26: =IF(P26="Sim",(F26*G26-H26)*D26," ") | R26: Gesso | S26: =(E26-I26)*D26 -> 14.03
B27: Térreo | C27: Circulação | D27: 1 | E27: 25.8 | F27: 41.56 | G27: 2.8 | H27: =(1.65*2.8)+P5+P5+P5+P3+P3+J1+J1+P3 -> 16.53 | J27: Sim | K27: =IF(J27="Sim",(F27*G27-H27)*D27," ") -> 99.838 | L27: Sim | M27: 99.838 | O27: =IF(N27="Sim",(F27*G27-H27)*D27," ") | Q27: =IF(P27="Sim",(F27*G27-H27)*D27," ") | R27: Gesso | S27: =(E27-I27)*D27 -> 25.8
B28: Térreo | C28: Coordenação | D28: 1 | E28: 11.67 | F28: 14.14 | G28: 2.8 | H28: =P5+(3.06*2.8) -> 10.248 | J28: Sim | K28: =IF(J28="Sim",(F28*G28-H28)*D28," ") -> 29.344 | L28: Sim | M28: 29.344 | O28: =IF(N28="Sim",(F28*G28-H28)*D28," ") | Q28: =IF(P28="Sim",(F28*G28-H28)*D28," ") | R28: Gesso | S28: =(E28-I28)*D28 -> 11.67
B29: Térreo | C29: Direção | D29: 1 | E29: 9.73 | F29: 14.2 | G29: 2.8 | H29: =J8+P5+P2 -> 5.76 | J29: Sim | K29: =IF(J29="Sim",(F29*G29-H29)*D29," ") -> 34 | L29: Sim | M29: 34 | O29: =IF(N29="Sim",(F29*G29-H29)*D29," ") | Q29: =IF(P29="Sim",(F29*G29-H29)*D29," ") | R29: Gesso | S29: =(E29-I29)*D29 -> 9.73
B30: Térreo | C30: Banho | D30: 1 | E30: 2.8 | F30: 6.9 | G30: 2.8 | H30: =J1+P2 -> 2.28 | J30: Sim | K30: =IF(J30="Sim",(F30*G30-H30)*D30," ") -> 17.04 | O30: =IF(N30="Sim",(F30*G30-H30)*D30," ") | P30: Sim | Q30: =IF(P30="Sim",(F30*G30-H30)*D30," ") -> 17.04 | R30: Gesso | S30: =(E30-I30)*D30 -> 2.8
B31: Térreo | C31: Sala de Professores | D31: 1 | E31: 19.84 | F31: 18.8 | G31: 2.8 | H31: =J13+P5 -> 5.28 | J31: Sim | K31: =IF(J31="Sim",(F31*G31-H31)*D31," ") -> 47.36 | L31: Sim | M31: 47.36 | O31: =IF(N31="Sim",(F31*G31-H31)*D31," ") | Q31: =IF(P31="Sim",(F31*G31-H31)*D31," ") | R31: Gesso | S31: =(E31-I31)*D31 -> 19.84
B32: Térreo | C32: WC PNE Fem | D32: 1 | E32: 2.7 | F32: 6.6 | G32: 2.8 | H32: =P3+J1 -> 2.49 | J32: Sim | K32: =IF(J32="Sim",(F32*G32-H32)*D32," ") -> 15.99 | O32: =IF(N32="Sim",(F32*G32-H32)*D32," ") | P32: Sim | Q32: =IF(P32="Sim",(F32*G32-H32)*D32," ") -> 15.99 | R32: Gesso | S32: =(E32-I32)*D32 -> 2.7
B33: Térreo | C33: WC PNE | D33: 1 | E33: 2.7 | F33: 6.6 | G33: 2.8 | H33: =P3+J1 -> 2.49 | J33: Sim | K33: =IF(J33="Sim",(F33*G33-H33)*D33," ") -> 15.99 | O33: =IF(N33="Sim",(F33*G33-H33)*D33," ") | P33: Sim | Q33: =IF(P33="Sim",(F33*G33-H33)*D33," ") -> 15.99 | R33: Gesso | S33: =(E33-I33)*D33 -> 2.7
B34: Térreo | C34: Portaria | D34: 1 | E34: 10.45 | F34: 6.85 | G34: 2.8 | H34: =P3+P3+J1+(2.62*2.8) -> 11.716 | J34: Sim | K34: =IF(J34="Sim",(F34*G34-H34)*D34," ") -> 7.464 | L34: Sim | M34: 7.464 | O34: =IF(N34="Sim",(F34*G34-H34)*D34," ") | Q34: =IF(P34="Sim",(F34*G34-H34)*D34," ") | R34: Gesso | S34: =(E34-I34)*D34 -> 10.45
B35: Térreo | C35: WC | D35: 1 | E35: 2.85 | F35: 6.85 | G35: 2.8 | H35: =P2+J1 -> 2.28 | J35: Sim | K35: =IF(J35="Sim",(F35*G35-H35)*D35," ") -> 16.9 | O35: =IF(N35="Sim",(F35*G35-H35)*D35," ") | P35: Sim | Q35: =IF(P35="Sim",(F35*G35-H35)*D35," ") -> 16.9 | R35: Gesso | S35: =(E35-I35)*D35 -> 2.85
B36: Térreo | C36: Refeitório | D36: 1 | E36: 125.72 | F36: 48.53 | G36: 2.8 | H36: =P8+J12+J10+J5+P3+((7.72+5.61)*2.8) -> 56.624 | J36: Sim | K36: =IF(J36="Sim",(F36*G36-H36)*D36," ") -> 79.26 | O36: =IF(N36="Sim",(F36*G36-H36)*D36," ") | P36: Sim | Q36: =IF(P36="Sim",(F36*G36-H36)*D36," ") -> 79.26 | R36: Gesso | S36: =(E36-I36)*D36 -> 125.72
B37: Térreo | C37: Cozinha | D37: 1 | E37: 41.7 | F37: 36.41 | G37: 3.1 | H37: =J10+J5+P5+(1*2.1)+J11+J9 -> 13.64 | J37: Sim | K37: =IF(J37="Sim",(F37*G37-H37)*D37," ") -> 99.231 | O37: =IF(N37="Sim",(F37*G37-H37)*D37," ") | P37: Sim | Q37: =IF(P37="Sim",(F37*G37-H37)*D37," ") -> 99.231 | R37: Gesso | S37: =(E37-I37)*D37 -> 41.7
B38: Térreo | C38: Despensa | D38: 1 | E38: 6.51 | F38: 10.41 | G38: 3.1 | H38: =P3+J2 -> 2.69 | J38: Sim | K38: =IF(J38="Sim",(F38*G38-H38)*D38," ") -> 29.581 | O38: =IF(N38="Sim",(F38*G38-H38)*D38," ") | P38: Sim | Q38: =IF(P38="Sim",(F38*G38-H38)*D38," ") -> 29.581 | R38: Gesso | S38: =(E38-I38)*D38 -> 6.51
B39: Térreo | C39: Recebimento | D39: 1 | E39: 16.45 | F39: 16.77 | G39: 3.1 | H39: =P3+J2+C6+(5.31*2.5) -> 19.115 | I39: 8.89 | J39: Sim | K39: =IF(J39="Sim",(F39*G39-H39)*D39," ") -> 32.872 | O39: =IF(N39="Sim",(F39*G39-H39)*D39," ") | P39: Sim | Q39: =IF(P39="Sim",(F39*G39-H39)*D39," ") -> 32.872 | R39: Gesso | S39: =(E39-I39)*D39 -> 7.56
B40: Térreo | C40: Copa Funcionário | D40: 1 | E40: 10.02 | F40: 13.17 | G40: 3.1 | H40: =P5+P3+J4+2*(1*2.1) -> 9.57 | J40: Sim | K40: =IF(J40="Sim",(F40*G40-H40)*D40," ") -> 31.257 | O40: =IF(N40="Sim",(F40*G40-H40)*D40," ") | P40: Sim | Q40: =IF(P40="Sim",(F40*G40-H40)*D40," ") -> 31.257 | R40: Gesso | S40: =(E40-I40)*D40 -> 10.02
B41: Térreo | C41: Área de serviço | D41: 1 | E41: 4.36 | F41: 8.39 | G41: 3.1 | H41: =P3+(1*2.1) -> 3.99 | J41: Sim | K41: =IF(J41="Sim",(F41*G41-H41)*D41," ") -> 22.019 | O41: =IF(N41="Sim",(F41*G41-H41)*D41," ") | P41: Sim | Q41: =IF(P41="Sim",(F41*G41-H41)*D41," ") -> 22.019 | R41: Gesso | S41: =(E41-I41)*D41 -> 4.36
B42: Térreo | C42: Circulação | D42: 1 | E42: 7.21 | F42: 15.8 | G42: 3.1 | H42: 14.23 | J42: Sim | K42: =IF(J42="Sim",(F42*G42-H42)*D42," ") -> 34.75 | O42: =IF(N42="Sim",(F42*G42-H42)*D42," ") | P42: Sim | Q42: =IF(P42="Sim",(F42*G42-H42)*D42," ") -> 34.75 | R42: Gesso | S42: =(E42-I42)*D42 -> 7.21
B43: Térreo | C43: Lavanderia | D43: 1 | E43: 8.9 | F43: 12.03 | G43: 3.1 | H43: =P3+J11+J4 -> 5.94 | J43: Sim | K43: =IF(J43="Sim",(F43*G43-H43)*D43," ") -> 31.353 | O43: =IF(N43="Sim",(F43*G43-H43)*D43," ") | P43: Sim | Q43: =IF(P43="Sim",(F43*G43-H43)*D43," ") -> 31.353 | R43: Gesso | S43: =(E43-I43)*D43 -> 8.9
B44: Térreo | C44: DML | D44: 1 | E44: 5.42 | F44: 10.12 | G44: 3.1 | H44: =P3 -> 1.89 | J44: Sim | K44: =IF(J44="Sim",(F44*G44-H44)*D44," ") -> 29.482 | O44: =IF(N44="Sim",(F44*G44-H44)*D44," ") | P44: Sim | Q44: =IF(P44="Sim",(F44*G44-H44)*D44," ") -> 29.482 | R44: Gesso | S44: =(E44-I44)*D44 -> 5.42
B45: Térreo | C45: Rouparia | D45: 1 | E45: 7.33 | F45: 10.83 | G45: 3.1 | H45: =P3+J4+J9 -> 5.69 | J45: Sim | K45: =IF(J45="Sim",(F45*G45-H45)*D45," ") -> 27.883 | O45: =IF(N45="Sim",(F45*G45-H45)*D45," ") | P45: Sim | Q45: =IF(P45="Sim",(F45*G45-H45)*D45," ") -> 27.883 | R45: Gesso | S45: =(E45-I45)*D45 -> 7.33
B46: Térreo | C46: Vestiário masculino | D46: 1 | E46: 3.12 | F46: 7.2 | G46: 2.8 | H46: =P2 -> 1.68 | J46: Sim | K46: =IF(J46="Sim",(F46*G46-H46)*D46," ") -> 18.48 | O46: =IF(N46="Sim",(F46*G46-H46)*D46," ") | P46: Sim | Q46: =IF(P46="Sim",(F46*G46-H46)*D46," ") -> 18.48 | R46: Gesso | S46: =(E46-I46)*D46 -> 3.12
B47: Térreo | C47: Vestiário feminino | D47: 1 | E47: 3.12 | F47: 7.2 | G47: 2.8 | H47: =P2 -> 1.68 | J47: Sim | K47: =IF(J47="Sim",(F47*G47-H47)*D47," ") -> 18.48 | O47: =IF(N47="Sim",(F47*G47-H47)*D47," ") | P47: Sim | Q47: =IF(P47="Sim",(F47*G47-H47)*D47," ") -> 18.48 | R47: Gesso | S47: =(E47-I47)*D47 -> 3.12
B48: Térreo | C48: Creche III | D48: 1 | E48: 38.98 | F48: 25 | G48: 3 | H48: =P5+P8+J12+J12+P3 -> 18.37 | J48: Sim | K48: =IF(J48="Sim",(F48*G48-H48)*D48," ") -> 56.63 | L48: Sim | M48: 56.63 | O48: =IF(N48="Sim",(F48*G48-H48)*D48," ") | Q48: =IF(P48="Sim",(F48*G48-H48)*D48," ") | R48: Gesso | S48: =(E48-I48)*D48 -> 38.98
B49: Térreo | C49: Sanitário infantil | D49: 1 | E49: 16.61 | F49: 21.94 | G49: 2.61 | H49: =P3+P3+J7+J7 -> 6.18 | J49: Sim | K49: =IF(J49="Sim",(F49*G49-H49)*D49," ") -> 51.0834 | O49: =IF(N49="Sim",(F49*G49-H49)*D49," ") | P49: Sim | Q49: =IF(P49="Sim",(F49*G49-H49)*D49," ") -> 51.0834 | R49: Gesso | S49: =(E49-I49)*D49 -> 16.61
B50: Térreo | C50: Creche III | D50: 1 | E50: 38.98 | F50: 25 | G50: 3 | H50: =P5+P3+J12+J12+P8 -> 18.37 | J50: Sim | K50: =IF(J50="Sim",(F50*G50-H50)*D50," ") -> 56.63 | L50: Sim | M50: 56.63 | O50: =IF(N50="Sim",(F50*G50-H50)*D50," ") | Q50: =IF(P50="Sim",(F50*G50-H50)*D50," ") | R50: Gesso | S50: =(E50-I50)*D50 -> 38.98
B51: Térreo | C51: Pré-escola 1 | D51: 1 | E51: 38.67 | F51: 24.88 | G51: 3 | H51: =P5+J12+J12+P8 -> 16.48 | J51: Sim | K51: =IF(J51="Sim",(F51*G51-H51)*D51," ") -> 58.16 | L51: Sim | M51: 58.16 | O51: =IF(N51="Sim",(F51*G51-H51)*D51," ") | Q51: =IF(P51="Sim",(F51*G51-H51)*D51," ") | R51: Gesso | S51: =(E51-I51)*D51 -> 38.67
B52: Térreo | C52: Sanitário feminino | D52: 1 | E52: 18.72 | F52: 19.2 | G52: 2.61 | H52: =P3+J7+J7 -> 4.29 | J52: Sim | K52: =IF(J52="Sim",(F52*G52-H52)*D52," ") -> 45.822 | O52: =IF(N52="Sim",(F52*G52-H52)*D52," ") | P52: Sim | Q52: =IF(P52="Sim",(F52*G52-H52)*D52," ") -> 45.822 | R52: Gesso | S52: =(E52-I52)*D52 -> 18.72
B53: Térreo | C53: Pré-escola 2 | D53: 1 | E53: 38.1 | F53: 24.7 | G53: 3 | H53: =P5+P8+J7+J7 -> 12.88 | J53: Sim | K53: =IF(J53="Sim",(F53*G53-H53)*D53," ") -> 61.22 | L53: Sim | M53: 61.22 | O53: =IF(N53="Sim",(F53*G53-H53)*D53," ") | Q53: =IF(P53="Sim",(F53*G53-H53)*D53," ") | R53: Gesso | S53: =(E53-I53)*D53 -> 38.1
B54: Térreo | C54: Creche I | D54: 1 | E54: 38.7 | F54: 24.9 | G54: 3 | H54: =P5+P3+J7+J7+P8 -> 14.77 | J54: Sim | K54: =IF(J54="Sim",(F54*G54-H54)*D54," ") -> 59.93 | L54: Sim | M54: 59.93 | O54: =IF(N54="Sim",(F54*G54-H54)*D54," ") | Q54: =IF(P54="Sim",(F54*G54-H54)*D54," ") | R54: Gesso | S54: =(E54-I54)*D54 -> 38.7
B55: Térreo | C55: Fraldário | D55: 1 | E55: 12.87 | F55: 15.4 | G55: 2.61 | H55: 7.08 | J55: Sim | K55: =IF(J55="Sim",(F55*G55-H55)*D55," ") -> 33.114 | O55: =IF(N55="Sim",(F55*G55-H55)*D55," ") | P55: Sim | Q55: =IF(P55="Sim",(F55*G55-H55)*D55," ") -> 33.114 | R55: Gesso | S55: =(E55-I55)*D55 -> 12.87
B56: Térreo | C56: Depósito | D56: 1 | E56: 3.77 | F56: 8.1 | G56: 3 | H56: =(1*2.1)+J7 -> 3.3 | J56: Sim | K56: 21 | M56: =IF(L56="Sim",(F56*G56-H56)*D56," ") | O56: =IF(N56="Sim",(F56*G56-H56)*D56," ") | P56: Sim | Q56: =IF(P56="Sim",(F56*G56-H56)*D56," ") -> 21 | R56: Gesso | S56: =(E56-I56)*D56 -> 3.77
B57: Térreo | C57: Creche I | D57: 1 | E57: 38.7 | F57: 24.9 | G57: 3 | H57: =P5+P3+P8+J12+J12 -> 18.37 | J57: Sim | K57: 56.33 | L57: Sim | M57: =IF(L57="Sim",(F57*G57-H57)*D57," ") -> 56.33 | O57: =IF(N57="Sim",(F57*G57-H57)*D57," ") | Q57: =IF(P57="Sim",(F57*G57-H57)*D57," ") | R57: Gesso | S57: =(E57-I57)*D57 -> 38.7
B58: Térreo | C58: PNE infaltil | D58: 1 | E58: 8.27 | F58: 11.59 | G58: 2.8 | H58: =P3+J7 -> 3.09 | J58: Sim | K58: 29.362 | M58: =IF(L58="Sim",(F58*G58-H58)*D58," ") | O58: =IF(N58="Sim",(F58*G58-H58)*D58," ") | P58: Sim | Q58: =IF(P58="Sim",(F58*G58-H58)*D58," ") -> 29.362 | R58: Gesso | S58: =(E58-I58)*D58 -> 8.27
B59: Térreo | C59: Corredores | D59: 1 | E59: 135.07 | F59: 108.3 | G59: 2.8 | H59: 85.144 | J59: Sim | K59: 218.096 | L59: Sim | M59: =IF(L59="Sim",(F59*G59-H59)*D59," ") -> 218.096 | O59: =IF(N59="Sim",(F59*G59-H59)*D59," ") | Q59: =IF(P59="Sim",(F59*G59-H59)*D59," ") | R59: Gesso | S59: =(E59-I59)*D59 -> 135.07
B60: Térreo | C60: Lavabos | D60: 1 | E60: 12.63 | F60: 18.87 | G60: 2.8 | H60: =(1*2.1)+J8 -> 4.5 | J60: Sim | K60: 48.336 | M60: =IF(L60="Sim",(F60*G60-H60)*D60," ") | O60: =IF(N60="Sim",(F60*G60-H60)*D60," ") | P60: Sim | Q60: =IF(P60="Sim",(F60*G60-H60)*D60," ") -> 48.336 | R60: Gesso | S60: =(E60-I60)*D60 -> 12.63
B61: Térreo | C61: Pré-escola 4 | D61: 1 | E61: 39.02 | F61: 24.99 | G61: 3 | H61: =P5+J12+J12+P8 -> 16.48 | J61: Sim | K61: 58.49 | L61: Sim | M61: =IF(L61="Sim",(F61*G61-H61)*D61," ") -> 58.49 | O61: =IF(N61="Sim",(F61*G61-H61)*D61," ") | Q61: =IF(P61="Sim",(F61*G61-H61)*D61," ") | R61: Gesso | S61: =(E61-I61)*D61 -> 39.02
B62: Térreo | C62: Sanitário infantil | D62: 1 | E62: 18.86 | F62: 19.29 | G62: 2.61 | H62: =P3+J7+J7 -> 4.29 | J62: Sim | K62: 46.0569 | M62: =IF(L62="Sim",(F62*G62-H62)*D62," ") | O62: =IF(N62="Sim",(F62*G62-H62)*D62," ") | P62: Sim | Q62: =IF(P62="Sim",(F62*G62-H62)*D62," ") -> 46.0569 | R62: Gesso | S62: =(E62-I62)*D62 -> 18.86
B63: Térreo | C63: Pré-escola 3 | D63: 1 | E63: 38.42 | F63: 24.8 | G63: 3 | H63: =P5+J7+J7+P8 -> 12.88 | J63: Sim | K63: 61.52 | L63: Sim | M63: =IF(L63="Sim",(F63*G63-H63)*D63," ") -> 61.52 | O63: =IF(N63="Sim",(F63*G63-H63)*D63," ") | Q63: =IF(P63="Sim",(F63*G63-H63)*D63," ") | R63: Gesso | S63: =(E63-I63)*D63 -> 38.42
B64: Térreo | C64: Creche II | D64: 1 | E64: 38.96 | F64: 25 | G64: 3 | H64: =P5+J7+J7+P8+P3 -> 14.77 | J64: Sim | K64: 60.23 | L64: Sim | M64: =IF(L64="Sim",(F64*G64-H64)*D64," ") -> 60.23 | O64: =IF(N64="Sim",(F64*G64-H64)*D64," ") | Q64: =IF(P64="Sim",(F64*G64-H64)*D64," ") | R64: Gesso | S64: =(E64-I64)*D64 -> 38.96
B65: Térreo | C65: Sanitário infantil | D65: 1 | E65: 16.73 | F65: 21.81 | G65: 2.61 | H65: =J7+P3+P3+J7 -> 6.18 | J65: Sim | K65: 50.7441 | M65: =IF(L65="Sim",(F65*G65-H65)*D65," ") | O65: =IF(N65="Sim",(F65*G65-H65)*D65," ") | P65: Sim | Q65: =IF(P65="Sim",(F65*G65-H65)*D65," ") -> 50.7441 | R65: Gesso | S65: =(E65-I65)*D65 -> 16.73
B66: Térreo | C66: Creche II | D66: 1 | E66: 38.96 | F66: 25.78 | G66: 3 | H66: =P5+P3+P8+J12+J12 -> 18.37 | J66: Sim | K66: 58.97 | L66: Sim | M66: =IF(L66="Sim",(F66*G66-H66)*D66," ") -> 58.97 | O66: =IF(N66="Sim",(F66*G66-H66)*D66," ") | Q66: =IF(P66="Sim",(F66*G66-H66)*D66," ") | R66: Gesso | S66: =(E66-I66)*D66 -> 38.96
B67: Térreo | C67: Paredes Externas | D67: 1 | E67: 1104.98 | F67: 299 | G67: 3.1 | H67: 295.27 | I67: 1104.98 | J67: Sim | K67: 631.63 | M67: =IF(L67="Sim",(F67*G67-H67)*D67," ") | N67: Sim | O67: =IF(N67="Sim",(F67*G67-H67)*D67," ") -> 631.63 | S67: =(E67-I67)*D67 -> 0
B68: Térreo pórtico | C68: Pórtico à esquerda | D68: 1 | F68: =2*(3.3)*(1.05) -> 6.93 | G68: 5.36 | J68: Sim | K68: 37.1448 | M68: =IF(L68="Sim",(F68*G68-H68)*D68," ") | N68: Sim | O68: =IF(N68="Sim",(F68*G68-H68)*D68," ") -> 37.1448 | S68: =(E68-I68)*D68 -> 0
B69: Térreo portão | C69: Portão acesso principal | D69: 1 | F69: =2*(1.18)*(10.5) -> 24.78 | G69: 2.5 | J69: Sim | K69: 61.95 | M69: =IF(L69="Sim",(F69*G69-H69)*D69," ") | N69: Sim | O69: =IF(N69="Sim",(F69*G69-H69)*D69," ") -> 61.95 | S69: =(E69-I69)*D69 -> 0
B70: Térreo mureta | C70: Mureta entrada | D70: 1 | F70: =(19.87+3.21)*(1.05) -> 24.234 | G70: 0.8 | J70: Sim | K70: 19.3872 | M70: =IF(L70="Sim",(F70*G70-H70)*D70," ") | N70: Sim | O70: =IF(N70="Sim",(F70*G70-H70)*D70," ") -> 19.3872 | S70: =(E70-I70)*D70 -> 0
B71: Térreo | C71: Muro | D71: 1 | F71: 170.9505 | G71: 2.5 | H71: 17.5 | J71: Sim | K71: 409.87625 | M71: =IF(L71="Sim",(F71*G71-H71)*D71," ") | N71: Sim | O71: =IF(N71="Sim",(F71*G71-H71)*D71," ") -> 409.87625 | S71: =(E71-I71)*D71 -> 0
B72: Cobertura | C72: Empena ou oitão | D72: 4 | F72: 6.76 | G72: 1.05 | J72: Sim | K72: 28.392 | M72: =IF(L72="Sim",(F72*G72-H72)*D72," ") | N72: Sim | O72: =IF(N72="Sim",(F72*G72-H72)*D72," ") -> 28.392 | Q72: =IF(P72="Sim",(F72*G72-H72)*D72," ") | S72: =(E72-I72)*D72 -> 0
B73: Cobertura | C73: Caixa D'água | D73: 1 | F73: =(25.79)*(1.05) -> 27.0795 | G73: 2.7 | J73: Sim | K73: 73.11465 | M73: =IF(L73="Sim",(F73*G73-H73)*D73," ") | N73: Sim | O73: =IF(N73="Sim",(F73*G73-H73)*D73," ") -> 73.11465 | Q73: =IF(P73="Sim",(F73*G73-H73)*D73," ") | S73: =(E73-I73)*D73 -> 0
B74: Cobertura | C74: Platibanda | D74: 1 | F74: =(43.42+52.87+50.39+56.85+75.7)*(1.05) -> 293.1915 | G74: 1.5 | J74: Sim | K74: 439.78725 | M74: =IF(L74="Sim",(F74*G74-H74)*D74," ") | N74: Sim | O74: =IF(N74="Sim",(F74*G74-H74)*D74," ") -> 439.78725 | Q74: =IF(P74="Sim",(F74*G74-H74)*D74," ") | S74: =(E74-I74)*D74 -> 0
B75: Cobertura | C75: Caixa D'água Externo | D75: 1 | F75: =(25.79)*(1.05) -> 27.0795 | G75: 2.7 | J75: Sim | K75: 73.11465 | M75: =IF(L75="Sim",(F75*G75-H75)*D75," ") | N75: Sim | O75: =IF(N75="Sim",(F75*G75-H75)*D75," ") -> 73.11465 | Q75: =IF(P75="Sim",(F75*G75-H75)*D75," ") | S75: =(E75-I75)*D75 -> 0
G76: TOTAL | H76: =SUM(H24:H73) -> 860.273 | I76: =SUM(I24:I73) -> 1113.87 | K76: =ROUND(SUM(K24:K75),2) -> 3775.56 | M76: =ROUND(SUM(M24:M75),2) -> 1155.07 | O76: =ROUND(SUM(O24:O75),2) -> 1774.4 | Q76: =ROUND(SUM(Q24:Q75),2) -> 846.09 | S76: =ROUND(SUM(S24:S75),2) -> 1030.67
B81: Resumo Chapisco, Reboco e Gesso
B82: Total Geral
C84: PAREDE
C85: Tipo de Acabamento | D85: Área (m2) | H85: Quantidade
C86: Chapisco | D86: =ROUND(K76*1.05,2) -> 3964.34 | E86: OK
C87: Reboco Interno | D87: =ROUND(M76*1.05,2) -> 1212.82 | E87: OK
C88: Reboco Externo | D88: =ROUND(O76*1.05,2) -> 1863.12 | E88: OK
C89: Emboço | D89: =ROUND(Q76*1.05,2) -> 888.39 | E89: OK
C92: TETOS
C93: Tipo de Acabamento | D93: Área (m2) | E93: Perím. (m)
C94: Gesso | D94: =ROUND(SUMIF(R24:S73,"Gesso",S24:S73)*1.05,2) -> 1082.2 | F94: OK
C95: Sanca | D95: =ROUND(SUMIF(R24:S74,"Forro FGA",S24:S74)*1.05,2) -> 0 | E95: =ROUND(SUM(F24:F66),2) -> 884.08 | F95: OK

Sheet INFRA E SUPER
A1: ESCAVAÇAO DAS ESTACAS DO MURO | F1: VOL. DE CONCR. DAS ESTACAS DO MURO
A2: QUANT | B2: DIAMETRO (m) | C2: ALT (m) | D2: VOL(m3) | F2: QUANT | G2: DIAMETRO (m) | H2: ALT (m) | I2: VOL(m3) | N2: AÇO TOTAL INFRAESTRUTURA
A3: 58 | B3: 0.3 | C3: 3 | D3: 12.29 | F3: 58 | G3: 0.3 | H3: 3 | I3: =D3 -> 12.29
N4: RELAÇAO DO AÇO (ESTACAS) DO MURO
A5: ESCAVAÇAO DAS ESTACAS DA EDIFICAÇÃO | F5: VOL. DE CONCR. DAS ESTACAS EDIFICAÇAO | N5: AÇO | O5: DIAM | P5: COMP | Q5: (kgf/m) | R5: total | S5: total c/perda 10%
A6: QUANT | B6: DIAMETRO (m) | C6: ALT (m) | D6: VOL(m3) | F6: QUANT | G6: DIAMETRO (m) | H6: ALT (m) | I6: =D7 -> 42.41 | N6: CA-50 | O6: 8mm | P6: 626.4 | Q6: 0.4 | R6: =P6*Q6 -> 250.56 | S6: 275.616
A7: 75 | B7: 0.3 | C7: 8 | D7: 42.41 | F7: 75 | G7: 0.3 | H7: 8 | N7: CA-60 | O7: 5mm | P7: 876.96 | Q7: 0.16 | R7: =P7*Q7 -> 140.3136 | S7: 154.34496
A9: ESCAV.MECANIZADA VOL(M3) | D9: =SUM(D7,D3) -> 54.7 | F9: VOL.CONC DAS ESTACAS (M3) | I9: =SUM(I6,I3) -> 54.7 | N9: RELAÇAO DO AÇO (ESTACAS) DA EDUFUCAÇAO
F10: PROFUNDIDADE DAS ESTACAS (M) | K10: =(F3*H3)+(F7*H7) -> 774 | N10: AÇO | O10: DIAM | P10: COMP | Q10: (kgf/m) | R10: total | S10: total c/perda 10%
N11: CA-50 | O11: 8mm | P11: 2160 | Q11: 0.4 | R11: =P11*Q11 -> 864 | S11: =R11*1.1 -> 950.4
A12: ESCAV.MANUAL DAS VIGAS BALDRAME DO MURO | G12: VOL. CONCR. VIGAS BALDRAME DO MURO | K12: fck 25mpa | N12: CA-60 | O12: 5mm | P12: 3024 | Q12: 0.16 | R12: =P12*Q12 -> 483.84 | S12: =R12*1.1 -> 532.224
A13: PER (m) | B13: LAR (m) | C13: ALT (m) | D13: VOL(m3) | G13: PER (m) | H13: LAR (m) | I13: ALT (m) | J13: VOL.TOT(m3)
A14: 202.02 | B14: 0.35 | C14: 0.4 | D14: =B14*C14*A14 -> 28.2828 | G14: 202.02 | H14: 0.15 | I14: 0.3 | J14: =H14*I14*G14 -> 9.0909 | N14: RELAÇAO DO AÇO (BLOCOS)
N15: AÇO | O15: DIAM | P15: COMP | Q15: (kgf/m) | R15: total | S15: total c/perda 10%
A16: ESCAV. MANUAL VIGAS BALDRAME DA EDIFIC | G16: VOL. CONCR. VIGAS BALDRAME DA EDIFIC. fck 25mpa | N16: CA-50 | O16: 8mm | P16: 3098.9 | Q16: 0.4 | R16: =P16*Q16 -> 1239.56 | S16: =R16*1.1 -> 1363.516
A17: PER (m) | B17: LAR (m) | C17: ALT (m) | D17: VOL(m3) | G17: PER (m) | H17: LAR (m) | I17: ALT (m) | J17: VOL(m3)
A18: 533.76 | B18: 0.4 | C18: 0.4 | D18: =B18*C18*A18 -> 85.4016 | G18: 533.76 | H18: 0.2 | I18: 0.3 | J18: =H18*I18*G18 -> 32.0256 | N18: RELAÇAO DO AÇO (BALDRAME) DA EDIFICAÇAO
N19: AÇO | O19: DIAM | P19: COMP | Q19: (kgf/m) | R19: total | S19: total c/perda 10%
A20: ESCAV.MANUAL BALDRAME VOL(M3) | E20: =SUM(D18,D14) -> 113.6844 | G20: VOL.CONC DAS BALDRAMES (M3) | K20: =J18+J14 -> 41.1165 | N20: CA-50 | O20: 10mm | P20: 2191.56 | Q20: 0.63 | R20: =P20*Q20 -> 1380.6828 | S20: =R20*1.1 -> 1518.7511
N21: CA-60 | O21: 5mm | P21: 3214.22 | Q21: 0.16 | R21: =P21*Q21 -> 514.2752 | S21: =R21*1.1 -> 565.70272
A23: ESCAV.MANUAL DOS BLOCOS MURO | G23: VOL. CONCR. BLOCOS DO MURO fck 25mpa | N23: RELAÇAO DO AÇO (BALDRAME) DO MURO
A24: QUANT | B24: COMPR (m) | C24: LARGURA (m) | D24: ALT (m) | E24: VOL(m3) | G24: QUANT | H24: COMPR (m) | I24: LAR (m) | J24: ALT (m) | K24: VOL(m3) | N24: AÇO | O24: DIAM | P24: COMP | Q24: (kgf/m) | R24: total | S24: total c/perda 10%
A25: 58 | B25: 0.8 | C25: 0.8 | D25: 0.7 | E25: =B25*C25*D25*A25 -> 25.984 | G25: 58 | H25: 0.6 | I25: 0.6 | J25: 0.6 | K25: =J25*I25*H25*G25 -> 12.528 | N25: CA-50 | O25: 10mm | P25: 834.24 | Q25: 0.63 | R25: =P25*Q25 -> 525.5712 | S25: =R25*1.1 -> 578.12832
N26: CA-60 | O26: 5mm | P26: 1084.51 | Q26: 0.16 | R26: =P26*Q26 -> 173.5216 | S26: =R26*1.1 -> 190.87376
A27: ESCAV.MANUAL DOS BLOCOS DA EDIFICAÇAO | G27: VOL. CONCR. BLOCOS DA EDIFICAÇAO fck 25mpa
A28: QUANT | B28: COMPR (m) | C28: LARGURA (m) | D28: ALT (m) | E28: VOL(m3) | G28: QUANT | H28: COMPR (m) | I28: LAR (m) | J28: ALT (m) | K28: VOL(m3) | N28: AÇO TOTAL PARA INFRAESTRUTURA (FUNDAÇAO) EM KG
A29: 75 | B29: 0.8 | C29: 0.8 | D29: 0.7 | E29: =B29*C29*D29*A29 -> 33.6 | G29: 75 | H29: 0.6 | I29: 0.6 | J29: 0.6 | K29: =J29*I29*H29*G29 -> 16.2 | N29: CA-50 (6,3 a 10 mm) | P29: =SUM(S6,S11,S16,S20,S25) -> 4686.4114
N30: CA-60 (4.0 a 7.0mm) | P30: =S7+S12+S21+S26 -> 1443.1454
A31: ESCAV.DOS BLOCOS VOL(M3) | E31: =E29+E25 -> 59.584 | G31: VOL.CONC DOS BLOCOS (M3) | K31: =K29+K25 -> 28.728
A33: VOLUME TOTAL DE ESCAVAÇAO M3 | O33: AÇO TOTAL SUPERESTRUTURA
A34: MANUAL | C34: =SUM(E31,E20) -> 173.2684
A35: MECANIZADO | C35: =D3+D7 -> 54.7 | N35: RELAÇAO DO AÇO (PILARES) DO MURO
A36: TOT.GERAL | C36: =C35+C34 -> 227.9684 | N36: AÇO | O36: DIAM | P36: COMP | Q36: (kgf/m) | R36: total | S36: total c/perda 10%
N37: CA-50 | O37: 10mm | P37: 594 | Q37: 0.63 | R37: =P37*Q37 -> 374.22 | S37: =R37*1.1 -> 411.642
N38: CA-60 | O38: 5mm | P38: 772.2 | Q38: 0.16 | R38: =P38*Q38 -> 123.552 | S38: =R38*1.1 -> 135.9072
A39: REATERRO MAN.DOS BLOCOS DO MURO | F39: REATERRO MANUAL VIGAS BALDRAME DO MURO
A40: VOL.ESCAVADO MENOS VOL.CONCRETADO | F40: VOL.ESCAVADO MENOS VOL.CONCRETADO | N40: RELAÇAO DO AÇO (PILARES) DA EDIFICAÇAO
A41: =E25-K25 -> 13.456 | F41: =D14-J14 -> 19.1919 | N41: AÇO | O41: DIAM | P41: COMP | Q41: (kgf/m) | R41: total | S41: total c/perda 10%
N42: CA-50 | O42: 10mm | P42: 1272 | Q42: 0.63 | R42: =P42*Q42 -> 801.36 | S42: =R42*1.1 -> 881.496
A43: REATERRO MAN.DOS BLOCOS EDIFICAÇAO | F43: REATERRO MANUAL DAS VIGAS BALD. DA EDIFICAÇAO | N43: CA-60 | O43: 5mm | P43: 1488.24 | Q43: 0.16 | R43: =P43*Q43 -> 238.1184 | S43: =R43*1.1 -> 261.93024
A44: VOL.ESCAVADO MENOS VOL.CONCRETADO | F44: VOL.ESCAVADO MENOS VOL.CONCRETADO | N44: CA-60 | O44: 5mm | P44: 275.6 | Q44: 0.16 | R44: =P44*Q44 -> 44.096 | S44: =R44*1.1 -> 48.5056
A45: =E29-K29 -> 17.4 | F45: =D18-J18 -> 53.376
N46: RELAÇAO DO AÇO (PILARES) DA EDIFICAÇAO
A47: REATERRO | B47: =A41+F41+A45+F45 -> 103.4239 | N47: AÇO | O47: DIAM | P47: COMP | Q47: (kgf/m) | R47: total | S47: total c/perda 10%
N48: CA-50 | O48: 10mm | P48: 660 | Q48: 0.63 | R48: =P48*Q48 -> 415.8 | S48: =R48*1.1 -> 457.38
A49: VOL.FINAL (SOBRA) M3. (EMPOLAMENTO 30%) | N49: CA-60 | O49: 5mm | P49: 760.32 | Q49: 0.16 | R49: =P49*Q49 -> 121.6512 | S49: =R49*1.1 -> 133.81632
A50: =C36-B47 -> 124.5445 | C50: 1.3 | F50: =ROUND(A50*C50,2) -> 161.91 | N50: CA-60 | O50: 5mm | P50: 140.08 | Q50: 0.16 | R50: =P50*Q50 -> 22.4128 | S50: =R50*1.1 -> 24.65408
A51: VOL.FINAL PARA BOTA FORA | E51: VOL.FINAL COM EMPOLAMENTO
N52: RELAÇAO DO AÇO (VIGAS) DA COBERTURA
N53: AÇO | O53: DIAM | P53: COMP | Q53: (kgf/m) | R53: total | S53: total c/perda 10%
A54: VOL.FINAL DE(CONCRETO M3).P/FUNDAÇAO 25MPA | N54: CA-50 | O54: 12,5mm | P54: 980.58 | Q54: 1 | R54: =P54*Q54 -> 980.58 | S54: =R54*1.1 -> 1078.638
A55: VOL.(M3) | F55: =ROUND(I9+K20+K31,2) -> 124.54 | N55: CA-50 | O55: 10mm | P55: 1961.16 | Q55: 0.63 | R55: =P55*Q55 -> 1235.5308 | S55: =R55*1.1 -> 1359.0839
N56: CA-60 | O56: 5mm | P56: 4118.18 | Q56: 0.16 | R56: =P56*Q56 -> 658.9088 | S56: =R56*1.1 -> 724.79968
N57: CA-60 | O57: 5mm | P57: 653.68 | Q57: 0.16 | R57: =P57*Q57 -> 104.5888 | S57: =R57*1.1 -> 115.04768
A58: ESTAQUEAMENTO MECANIZADO (M) | F58: CONCRETO MAGRO P/ FUNDAÇOES (M3) h=10 cm
A59: ESTACAS | B59: PROF. (m) | C59: quantid. | D59: TOTAL | F59: VIGAS.BALD | G59: COMP (m) | H59: LARG.(m) | I59: ALT.(m) | J59: VOL(M3) | N59: RELAÇAO DO AÇO (VIGAS) DE COBERTURA CX D´AGUA
A60: MURO | B60: 3 | C60: 58 | D60: =C60*B60 -> 174 | F60: MURO | G60: 202.02 | H60: 0.15 | I60: 0.1 | J60: =G60*I60*H60 -> 3.0303 | N60: AÇO | O60: DIAM | P60: COMP | Q60: (kgf/m) | R60: total | S60: total c/perda 10%
A61: EDIFIC. | B61: 8 | C61: 75 | D61: =C61*B61 -> 600 | F61: EDIFIC. | G61: 533.76 | H61: 0.2 | I61: 0.1 | J61: =G61*I61*H61 -> 10.6752 | N61: CA-50 | O61: 12,5mm | P61: 115.2 | Q61: 1 | R61: =P61*Q61 -> 115.2 | S61: =R61*1.1 -> 126.72
A62: TOT.GERAL | D62: =(B60*C60)+(B61*C61) -> 774 | N62: CA-50 | O62: 10mm | P62: 345.6 | Q62: 0.63 | R62: =P62*Q62 -> 217.728 | S62: =R62*1.1 -> 239.5008
F63: BLOCOS | G63: COMP (m) | H63: LARG.(m) | I63: ALT.(m) | J63: QUANT. | K63: VOL.(M3) | N63: CA-60 | O63: 5mm | P63: 483.84 | Q63: 0.16 | R63: =P63*Q63 -> 77.4144 | S63: =R63*1.1 -> 85.15584
F64: MURO | G64: 0.6 | H64: 0.6 | I64: 0.1 | J64: 58 | K64: =PRODUCT(G64,H64,I64,J64) -> 2.088 | N64: CA-60 | O64: 5mm | P64: 76.8 | Q64: 0.16 | R64: =P64*Q64 -> 12.288 | S64: =R64*1.1 -> 13.5168
A65: APIL. FUNDO DAS BALDRAME E BLOCOS M2 | F65: EDIFIC. | G65: 0.6 | H65: 0.6 | I65: 0.1 | J65: 75 | K65: =PRODUCT(G65,H65,I65,J65) -> 2.7
A66: BALDRAM. | B66: COMP. (m) | C66: LARG. (m) | D66: TOT. (m2) | N66: RELAÇAO DO AÇO (VIGAS) DE COBERTURA DO MURO
A67: MURO | B67: 202.02 | C67: 0.35 | D67: =B67*C67 -> 70.707 | F67: TOT.GER | K67: =J60+J61+K64+K65 -> 18.4935 | N67: AÇO | O67: DIAM | P67: COMP | Q67: (kgf/m) | R67: total | S67: total c/perda 10%
A68: EDIFIC. | B68: 533.76 | C68: 0.4 | D68: =B68*C68 -> 213.504 | N68: CA-50 | O68: 8mm | P68: 696.84 | Q68: 0.4 | R68: =P68*Q68 -> 278.736 | S68: =R68*1.1 -> 306.6096
N69: CA-60 | O69: 5mm | P69: 905.95 | Q69: 0.16 | R69: =P69*Q69 -> 144.952 | S69: =R69*1.1 -> 159.4472
A70: BLOCOS | B70: COMP. (m) | C70: LARG. (m) | D70: QUANT. | E70: TOT. (m2) | G70: impermeabilizaçao das baldrames
A71: MURO | B71: 0.8 | C71: 0.8 | D71: 58 | E71: =D71*C71*B71 -> 37.12 | G71: item | H71: comp.(m) | I71: alt.(m) | J71: larg.(m) | K71: tot (m2) | N71: RELAÇAO DO AÇO (LAJES)
A72: EDIFIC. | B72: 0.8 | C72: 0.8 | D72: 75 | E72: =D72*C72*B72 -> 48 | G72: muro | H72: 202.02 | I72: 0.3 | J72: 0.15 | K72: =ROUND((H72*I72*2)+(H72*J72),2) -> 151.52 | N72: AÇO | O72: DIAM | P72: COMP | Q72: (kgf/m) | R72: total | S72: total c/perda 10%
G73: edificaçao | H73: 533.76 | I73: 0.3 | J73: 0.2 | K73: =ROUND((H73*I73*2)+(H73*J73),2) -> 427.01 | N73: CA-50 | O73: 10mm | P73: 1548 | Q73: 0.63 | R73: =P73*Q73 -> 975.24 | S73: =R73*1.1 -> 1072.764
A74: TOT.GER | E74: =D67+D68+E71+E72 -> 369.331 | G74: tot.geral (m2) | K74: =K73+K72 -> 578.53 | N74: CA-50 | O74: 10mm | P74: 3096 | Q74: 0.63 | R74: =P74*Q74 -> 1950.48 | S74: =R74*1.1 -> 2145.528
N75: CA-60 | O75: 4,2mm | S75: 2893.09
A76: FORMAS DA FUNDAÇAO:BLOCOS E BALDRAMES. (M2)
A78: FORMAS PARA OS BLOCOS DO MURO E EDIFICAÇAO M2 | I78: TOT.GER | J78: =E79+E80+C83+G83 -> 632.98 | N78: AÇO TOTAL P/ SUPERESTRUTURA (PILAR,VIGA E LAJE) KG
A79: MURO (0,6 x 0,6) x 4 x 58 | E79: =0.6*0.6*(4)*58 -> 83.52 | N79: CA-50 | O79: =S73+S74+S68+S61+S62+S54+S55+S48+S42+S37 -> 8079.3623
A80: EDIFICAÇAO (0,6 x 0,6) x 4 x 75 | E80: =0.6*0.6*(4)*75 -> 108 | N80: CA-60 | O80: =SUM(S75,S69,S64,S63,S57,S56,S50,S49,S44,S43,S38) -> 4595.8706
A82: FORMAS BALDRAME MURO M2 | E82: FORMAS BALDRAME EDIFICAÇAO M2 | N82: AÇO TOTAL P/ SUPERESTRUTURA (PILAR,VIGA E LAJE) KG
A83: 202,08 X ( 2 X 0,30 ) | C83: 121.21 | E83: 533,76 X ( 2 X 0,30 ) | G83: 320.25 | N83: CA-50 (6,3 a 10 mm) | P83: =S73+S74+S68+S62+S55+S48+S42+S37 -> 6874.0043
N84: CA-50(12.5 a 25.0mm) | P84: =S61+S54 -> 1205.358
A85: FORMAS DA SUPERESTRUTA:VIGAS ,PILARES E LAJE. (M2) | N85: CA-60 (4 a 7 mm) | P85: =S75 -> 2893.09
A87: FORMAS PILARES MURO M2 | E87: FORMAS PILARES EDIFICAÇAO M2
A88: QUANT | B88: 55 | E88: QUANT | F88: 53 | H88: QUANT | I88: 22 | J88: =I88*((I89*I91*2)+(I90*I91*2)) -> 121.55
A89: LAR (m) | B89: 0.2 | E89: LAR.(m) | F89: 0.2 | H89: LAR.(m) | I89: 0.2
A90: COM.(m) | B90: 0.3 | E90: COM.(m) | F90: 0.45 | H90: COM.(m) | I90: 0.45
A91: ALTUR.(m) | B91: 2.5 | E91: ALTUR.(m) | F91: 3.25 | H91: ALTUR.(m) | I91: 4.25
A92: TOTAL | C92: =B88*((B89*B91*2)+(B90*B91*2)) -> 137.5 | E92: TOTAL | G92: =F88*((F89*F91*2)+(F90*F91*2)) -> 223.925 | J92: =J88+G92 -> 345.475
A94: FORMAS DE VIGAS DA COBERTURA M2
A95: COMP.(m) | B95: 533.76 | F95: FORMA DE PILAR E VIGA | I95: =J92+G92+C92+C98 -> 1400.788
A96: LAR.(m) | B96: 0.2
A97: ALTUR.(m) | B97: 0.55
A98: TOTAL | C98: =((B96*B95)+(B97*B95*2)) -> 693.888
B100: LAJE COBERTURA FCK 30mpa | D100: m3 concreto/m2 construído: | G100: 0.15
A101: AREA da laje m2 | C101: forma da laje
A102: 1310.12 | C102: 1310.12 | F102: VOL.CONC | G102: =G100*A102 -> 196.518
D104: VOL.DE CONCRETO P/SUPERESTRUTURAS:PILAR,VIGA E LAJES. M3
A105: PILARES DO TERREO fck 30mpa | G105: PILARES DO muro fck 30mpa
A106: QUANT | B106: COMP (m) | C106: LARG. (m) | D106: ALT (m) | E106: VOL(m3) | G106: QUANT | H106: COMP (m) | I106: LARG. (m) | J106: ALT (m) | K106: VOL(m3)
A107: 53 | B107: 0.45 | C107: 0.15 | D107: 3.25 | E107: =B107*C107*D107*A107 -> 11.626875 | G107: 55 | H107: 0.3 | I107: 0.15 | J107: 2.5 | K107: =H107*I107*J107*G107 -> 6.1875
C109: PILARES DO TERREO fck 30mpa
A110: QUANT | B110: COMP (m) | C110: LARG. (m) | D110: ALT (m) | E110: VOL(m3) | G110: VIGAS SUPERIOR DO MURO FCK 25 MPA
...

Sheet Plan1
A1: ESCAVAÇAO DAS ESTACAS DO MURO | G1: VOL. DE CONCR. DAS ESTACAS DO MURO | K1: fck 25mpa
A2: QUANT | B2: DIAMETRO (m) | C2: ALT (m) | D2: VOL(m3) | G2: QUANT | H2: DIAMETRO (m) | I2: ALT (m) | J2: VOL(m3)
A3: 58 | B3: 0.3 | C3: 3 | D3: 12.29 | G3: 58 | H3: 0.3 | I3: 3 | J3: 12.29
A5: ESCAVAÇAO DAS ESTACAS DA EDIFICAÇÃO | G5: VOL. DE CONCR. DAS ESTACAS EDIFICAÇAO | K5: fck 25 mpa | N5: AÇO TOTAL INFRAESTRUTURA
A6: QUANT | B6: DIAMETRO (m) | C6: ALT (m) | D6: VOL(m3) | G6: QUANT | H6: DIAMETRO (m) | I6: ALT (m) | J6: VOL(m3)
A7: 75 | B7: 0.3 | C7: 8 | D7: 42.41 | G7: 75 | H7: 0.3 | I7: 8 | J7: 42.41 | N7: RELAÇAO DO AÇO (ESTACAS) DO MURO
N8: AÇO | O8: DIAM | P8: COMP | Q8: (kgf/m) | R8: total | S8: total c/perda 10%
A9: ESCAVAÇAO DAS VIGAS BALDRAME DO MURO | G9: VOL. CONCR. VIGAS BALDRAME DO MURO | K9: fck 25mpa | N9: CA-50 | O9: 8mm | P9: 626.4 | Q9: 0.4 | R9: =P9*Q9 -> 250.56 | S9: =R9*1.1 -> 275.616
A10: PER (m) | B10: LAR (m) | C10: ALT (m) | D10: VOL(m3) | G10: PER (m) | H10: LAR (m) | I10: ALT (m) | J10: VOL.TOT(m3) | N10: CA-60 | O10: 5mm | P10: 876.96 | Q10: 0.16 | R10: =P10*Q10 -> 140.3136 | S10: =R10*1.1 -> 154.34496
A11: 202.02 | B11: 0.25 | C11: 0.4 | D11: =B11*C11*A11 -> 20.202 | G11: 202.02 | H11: 0.15 | I11: 0.3 | J11: =H11*I11*G11 -> 9.0909
N12: RELAÇAO DO AÇO (ESTACAS) DA EDUFUCAÇAO
A13: ESCAVAÇAO DAS VIGAS BALDRAME DA EDIFICAÇAO | G13: VOL. CONCR. VIGAS BALDRAME DA EDIFICAÇAO | L13: fck 25mpa | N13: AÇO | O13: DIAM | P13: COMP | Q13: (kgf/m) | R13: total | S13: total c/perda 10%
A14: PER (m) | B14: LAR (m) | C14: ALT (m) | D14: VOL(m3) | G14: PER (m) | H14: LAR (m) | I14: ALT (m) | J14: VOL(m3) | N14: CA-50 | O14: 8mm | P14: 2160 | Q14: 0.4 | R14: =P14*Q14 -> 864 | S14: =R14*1.1 -> 950.4
A15: 533.76 | B15: 0.3 | C15: 0.4 | D15: =B15*C15*A15 -> 64.0512 | G15: 533.76 | H15: 0.2 | I15: 0.3 | J15: =H15*I15*G15 -> 32.0256 | N15: CA-60 | O15: 5mm | P15: 3024 | Q15: 0.16 | R15: =P15*Q15 -> 483.84 | S15: =R15*1.1 -> 532.224
N17: RELAÇAO DO AÇO (BLOCOS)
A18: ESCAVAÇAO DOS BLOCOS MURO | G18: VOL. CONCR. BLOCOS DO MURO fck 25mpa | N18: AÇO | O18: DIAM | P18: COMP | Q18: (kgf/m) | R18: total | S18: total c/perda 10%
A19: QUANT | B19: COMPR (m) | C19: LARGURA (m) | D19: ALT (m) | E19: VOL(m3) | G19: QUANT | H19: COMPR (m) | I19: LAR (m) | J19: ALT (m) | K19: VOL(m3) | N19: CA-50 | O19: 8mm | P19: 3098.9 | Q19: 0.4 | R19: =P19*Q19 -> 1239.56 | S19: 1363.516
A20: 58 | B20: 0.7 | C20: 0.7 | D20: 0.6 | E20: =B20*C20*D20*A20 -> 17.052 | G20: 58 | H20: 0.6 | I20: 0.6 | J20: 0.6 | K20: =J20*I20*H20*G20 -> 12.528
N21: RELAÇAO DO AÇO (BALDRAME) DA EDIFICAÇAO
A22: ESCAVAÇAO DOS BLOCOS DA EDIFICAÇAO | G22: VOL. CONCR. BLOCOS DA EDIFICAÇAO fck 25mpa | N22: AÇO | O22: DIAM | P22: COMP | Q22: (kgf/m) | R22: total | S22: total c/perda 10%
A23: QUANT | B23: COMPR (m) | C23: LARGURA (m) | D23: ALT (m) | E23: VOL(m3) | G23: QUANT | H23: COMPR (m) | I23: LAR (m) | J23: ALT (m) | K23: VOL(m3) | N23: CA-50 | O23: 10mm | P23: 2191.56 | Q23: 0.63 | R23: =P23*Q23 -> 1380.6828 | S23: =R23*1.1 -> 1518.7511
A24: 75 | B24: 0.7 | C24: 0.7 | D24: 0.6 | E24: =B24*C24*D24*A24 -> 22.05 | G24: 75 | H24: 0.6 | I24: 0.6 | J24: 0.6 | K24: =J24*I24*H24*G24 -> 16.2 | N24: CA-60 | O24: 5mm | P24: 3214.22 | Q24: 0.16 | R24: =P24*Q24 -> 514.2752 | S24: =R24*1.1 -> 565.70272
A26: VOL. TOTAL DE ESCAVACAO | D26: VOL.ESC MANUAL | G26: VOL.ESC MECANIZADO | N26: RELAÇAO DO AÇO (BALDRAME) DO MURO
A27: =D3+D7+D11+D15+E20+E24 -> 178.0552 | B27: m3 | D27: =D11+D15+E20+E24 -> 123.3552 | E27: m3 | G27: =A27-D27 -> 54.7 | H27: m3 | N27: AÇO | O27: DIAM | P27: COMP | Q27: (kgf/m) | R27: total | S27: total c/perda 10%
N28: CA-50 | O28: 10mm | P28: 834.24 | Q28: 0.63 | R28: =P28*Q28 -> 525.5712 | S28: =R28*1.1 -> 578.12832
D29: SUPERESTRUTURAS:PILAR,VIGA E LAJES | N29: CA-60 | O29: 5mm | P29: 1084.51 | Q29: 0.16 | R29: =P29*Q29 -> 173.5216 | S29: =R29*1.1 -> 190.87376
A30: PILARES DO TERREO fck 30mpa | G30: PILARES DO muro fck 30mpa
A31: QUANT | B31: COMPR (m) | C31: LARGURA (m) | D31: ALT (m) | E31: VOL(m3) | G31: QUANT | H31: COMPR (m) | I31: LARGURA (m) | J31: ALT (m) | K31: VOL(m3) | N31: AÇO TOTAL PARA INFRAESTRUTURA (FUNDAÇAO) EM KG
A32: 53 | B32: 0.45 | C32: 0.15 | D32: 3.25 | E32: =B32*C32*D32*A32 -> 11.626875 | G32: 55 | H32: 0.3 | I32: 0.15 | J32: 2.5 | K32: =H32*I32*J32*G32 -> 6.1875 | N32: CA-50 (6,3 a 10 mm) | P32: =SUM(S9,S14,S19,S23,S28) -> 4686.4114
N33: CA-60 (4.0 a 7.0mm) | P33: =S10+S15+S24+S29 -> 1443.1454
C34: PILARES DO TERREO fck 30mpa
A35: QUANT | B35: COMPR (m) | C35: LARGURA (m) | D35: ALT (m) | E35: VOL(m3) | I35: VIGAS SUPERIOR DO MURO FCK 25 MPA
A36: 22 | B36: 0.45 | C36: 0.15 | D36: 4.25 | E36: =B36*C36*D36*A36 -> 6.31125 | G36: COMP (m) | H36: LAR (m) | I36: ALT (m) | J36: VOL.TOT(m3) | O36: AÇO TOTAL SUPERESTRUTURA
G37: 159.32 | H37: 0.15 | I37: 0.3 | J37: =H37*I37*G37 -> 7.1694
C38: VIGAS DA COBERTURA 30MPA | N38: RELAÇAO DO AÇO (PILARES) DO MURO
A39: PER (m) | B39: LAR (m) | C39: ALT (m) | D39: VOL(m3) | N39: AÇO | O39: DIAM | P39: COMP | Q39: (kgf/m) | R39: total | S39: total c/perda 10%
A40: 533.76 | B40: 0.15 | C40: 0.55 | D40: =A40*B40*C40 -> 44.0352 | N40: CA-50 | O40: 10mm | P40: 594 | Q40: 0.63 | R40: =P40*Q40 -> 374.22 | S40: 411.642
N41: CA-60 | O41: 5mm | P41: 772.2 | Q41: 0.16 | R41: =P41*Q41 -> 123.552 | S41: =R41*1.1 -> 135.9072
B42: LAJE COBERTURA FCK 30mpa | D42: m3 concreto/m2 construído: | G42: 0.15
A43: AREA m2 | N43: RELAÇAO DO AÇO (PILARES) DA EDIFICAÇAO
A44: 1310.12 | D44: VOL.CONC | E44: =G42*A44 -> 196.518 | N44: AÇO | O44: DIAM | P44: COMP | Q44: (kgf/m) | R44: total | S44: total c/perda 10%
N45: CA-50 | O45: 10mm | P45: 1272 | Q45: 0.63 | R45: =P45*Q45 -> 801.36 | S45: =R45*1.1 -> 881.496
A46: REATERRO MANUAL DOS BLOCOS DO MURO | F46: REATERRO MANUAL VIGAS BALDRAME DO MURO | N46: CA-60 | O46: 5mm | P46: 1488.24 | Q46: 0.16 | R46: =P46*Q46 -> 238.1184 | S46: 261.93024
A47: VOL.ESCAVADO MENOS VOL.CONCRETADO | F47: VOL.ESCAVADO MENOS VOL.CONCRETADO | N47: CA-60 | O47: 5mm | P47: 275.6 | Q47: 0.16 | R47: =P47*Q47 -> 44.096 | S47: =R47*1.1 -> 48.5056
A48: =E20-K20 -> 4.524 | F48: =D11-J11 -> 11.1111
N49: RELAÇAO DO AÇO (PILARES) DA EDIFICAÇAO
A50: REATERRO MANUAL DOS BLOCOS EDIFICAÇAO | F50: REATERRO MANUAL DAS VIGAS BALD. DA EDIFICAÇAO | N50: AÇO | O50: DIAM | P50: COMP | Q50: (kgf/m) | R50: total | S50: total c/perda 10%
A51: VOL.ESCAVADO MENOS VOL.CONCRETADO | F51: VOL.ESCAVADO MENOS VOL.CONCRETADO | N51: CA-50 | O51: 10mm | P51: 660 | Q51: 0.63 | R51: =P51*Q51 -> 415.8 | S51: =R51*1.1 -> 457.38
A52: =E24-K24 -> 5.85 | F52: =D15-J15 -> 32.0256 | N52: CA-60 | O52: 5mm | P52: 760.32 | Q52: 0.16 | R52: =P52*Q52 -> 121.6512 | S52: =R52*1.1 -> 133.81632
A53: REATERRO | B53: =A48+A52+F48+F52 -> 53.5107 | N53: CA-60 | O53: 5mm | P53: 140.08 | Q53: 0.16 | R53: =P53*Q53 -> 22.4128 | S53: =R53*1.1 -> 24.65408
A55: VOLUME TOTAL (m3) | C55: EMPOLAMENTO 30% | E55: BOTAFORA (m3) | N55: RELAÇAO DO AÇO (VIGAS) DA COBERTURA
A56: =A27-B53 -> 124.5445 | C56: 1.3 | E56: =A56*C56 -> 161.90785 | N56: AÇO | O56: DIAM | P56: COMP | Q56: (kgf/m) | R56: total | S56: total c/perda 10%
N57: CA-50 | O57: 12,5mm | P57: 980.58 | Q57: 1 | R57: =P57*Q57 -> 980.58 | S57: =R57*1.1 -> 1078.638
B58: FORMAS:BLOCOS,BALDRAMES,VIGAS E PILARES | N58: CA-50 | O58: 10mm | P58: 1961.16 | Q58: 0.63 | R58: =P58*Q58 -> 1235.5308 | S58: =R58*1.1 -> 1359.0839
N59: CA-60 | O59: 5mm | P59: 4118.18 | Q59: 0.16 | R59: =P59*Q59 -> 658.9088 | S59: =R59*1.1 -> 724.79968
A60: FORMAS PARA OS BLOCOS DO MURO E EDIFICAÇAO M2 | N60: CA-60 | O60: 5mm | P60: 653.68 | Q60: 0.16 | R60: =P60*Q60 -> 104.5888 | S60: =R60*1.1 -> 115.04768
A61: MURO (0,6 x 0,6) x 4 x 58 | E61: 83.52
A62: EDIFICAÇAO (0,6 x 0,6) x 4 x 75 | E62: 108 | N62: RELAÇAO DO AÇO (VIGAS) DE COBERTURA CX D´AGUA
N63: AÇO | O63: DIAM | P63: COMP | Q63: (kgf/m) | R63: total | S63: total c/perda 10%
A64: FORMAS BALDRAME MURO M2 | F64: FORMAS BALDRAME EDIFICAÇAO M2 | N64: CA-50 | O64: 12,5mm | P64: 115.2 | Q64: 1 | R64: =P64*Q64 -> 115.2 | S64: =R64*1.1 -> 126.72
A65: 202,08 X ( 2 X 0,30 ) | C65: 121.21 | F65: 533,76 X ( 2 X 0,30 ) | H65: 320.25 | N65: CA-50 | O65: 10mm | P65: 345.6 | Q65: 0.63 | R65: =P65*Q65 -> 217.728 | S65: =R65*1.1 -> 239.5008
N66: CA-60 | O66: 5mm | P66: 483.84 | Q66: 0.16 | R66: =P66*Q66 -> 77.4144 | S66: =R66*1.1 -> 85.15584
A67: FORMAS PILARES MURO M2 | E67: FORMAS PILARES EDIFICAÇAO M2 | N67: CA-60 | O67: 5mm | P67: 76.8 | Q67: 0.16 | R67: =P67*Q67 -> 12.288 | S67: =R67*1.1 -> 13.5168
A68: QUANT | B68: 55 | C68: =B68*((B69*B71*2)+(B70*B71*2)) -> 137.5 | E68: QUANT | F68: 53 | G68: =F68*((F69*F71*2)+(F70*F71*2)) -> 223.925 | I68: QUANT | J68: 22 | K68: =J68*((J69*J71*2)+(J70*J71*2)) -> 121.55
A69: LAR | B69: 0.2 | E69: LAR | F69: 0.2 | I69: LAR | J69: 0.2 | N69: RELAÇAO DO AÇO (VIGAS) DE COBERTURA DO MURO
A70: COM | B70: 0.3 | E70: COM | F70: 0.45 | I70: COM | J70: 0.45 | N70: AÇO | O70: DIAM | P70: COMP | Q70: (kgf/m) | R70: total | S70: total c/perda 10%
A71: ALTUR | B71: 2.5 | E71: ALTUR | F71: 3.25 | I71: ALTUR | J71: 4.25 | N71: CA-50 | O71: 8mm | P71: 696.84 | Q71: 0.4 | R71: =P71*Q71 -> 278.736 | S71: =R71*1.1 -> 306.6096
E72: TOTAL | K72: =K68+G68 -> 345.475 | N72: CA-60 | O72: 5mm | P72: 905.95 | Q72: 0.16 | R72: =P72*Q72 -> 144.952 | S72: =R72*1.1 -> 159.4472
N74: RELAÇAO DO AÇO (LAJES)
A75: FORMAS DE VIGAS DA COBERTURA M2 | N75: AÇO | O75: DIAM | P75: COMP | Q75: (kgf/m) | R75: total | S75: total c/perda 10%
A76: COMP | B76: 533.76 | C76: TOTAL | N76: CA-50 | O76: 10mm | P76: 1548 | Q76: 0.63 | R76: =P76*Q76 -> 975.24 | S76: =R76*1.1 -> 1072.764
A77: LAR | B77: 0.2 | N77: CA-50 | O77: 10mm | P77: 3096 | Q77: 0.63 | R77: =P77*Q77 -> 1950.48 | S77: =R77*1.1 -> 2145.528
A78: ALTUR | B78: 0.55 | C78: =((B77*B76)+(B78*B76*2)) -> 693.888 | N78: CA-60 | O78: 4,2mm | S78: 2893.09
N81: AÇO TOTAL P/ SUPERESTRUTURA (PILAR,VIGA E LAJE) KG
N82: CA-50 | O82: =S76+S77+S71+S64+S65+S57+S58+S51+S45+S40 -> 8079.3623
A83: ESTAQUEAMENTO MECANIZADO | F83: CONCRETO MAGRO P/ FUNDAÇOES | N83: CA-60 | O83: =SUM(S78,S72,S67,S66,S60,S59,S53,S52,S47,S46,S41) -> 4595.8706
A84: ESTACAS | C84: PROFUND. (m) | D84: quantid. | F84: BALDRAME | G84: COMP (m) | H84: LARG.(m) | I84: ALT.(m) | J84: VOL(M3)
A85: MURO | C85: 3 | D85: 58 | F85: MURO | G85: 202.02 | H85: 0.15 | I85: 0.1 | J85: =G85*I85*H85 -> 3.0303 | N85: AÇO TOTAL P/ SUPERESTRUTURA (PILAR,VIGA E LAJE) KG
A86: EDIFICAÇAO | C86: 8 | D86: 75 | F86: EDIFICAÇAO | G86: 533.76 | H86: 0.2 | I86: 0.1 | J86: =G86*I86*H86 -> 10.6752 | N86: CA-50 (6,3 a 10 mm) | P86: =S76+S77+S71+S65+S58+S51+S45+S40 -> 6874.0043
A87: TOT.ESC (m) | D87: =(C85*D85)+(C86*D86) -> 774 | N87: CA-50(12.5 a 25.0mm) | P87: =S64+S57 -> 1205.358
F88: BLOCOS | G88: COMP (m) | H88: LARG.(m) | I88: ALT.(m) | J88: QUANT. | K88: VOL.(M3) | N88: CA-60 (4 a 7 mm) | P88: =S78 -> 2893.09
F89: MURO | G89: 0.6 | H89: 0.6 | I89: 0.1 | J89: 58 | K89: =PRODUCT(G89,H89,I89,J89) -> 2.088
A90: APILOAMENTO DO FUNDO DAS BALDRAME E BLOCOS | F90: EDIFICAÇAO | G90: 0.6 | H90: 0.6 | I90: 0.1 | J90: 75 | K90: =PRODUCT(G90,H90,I90,J90) -> 2.7
A91: BALDRAM. | B91: COMP. (m) | C91: LARG. (m) | D91: TOT. (m2)
A92: MURO | B92: 202.02 | C92: 0.25 | D92: =B92*C92 -> 50.505 | F92: TOTAL (M3) | G92: =J85+J86+K89+K90 -> 18.4935
A93: EDIFIC. | B93: 533.76 | C93: 0.3 | D93: =B93*C93 -> 160.128
A95: BLOCOS | B95: COMP. (m) | C95: LARG. (m) | D95: QUANT. | E95: TOT. (m2) | G95: IMPERMEABILIZAÇAO DAS VIGAS BALDRAME
A96: MURO | B96: 0.7 | C96: 0.7 | D96: 58 | E96: =D96*C96*B96 -> 28.42 | G96: BALDRAME | H96: COMP (m) | I96: LARG.(m) | J96: ALT.(m) | K96: AREA.(M2)
A97: EDIFIC. | B97: 0.7 | C97: 0.7 | D97: 75 | E97: =D97*C97*B97 -> 36.75 | G97: EDIFICAÇAO | H97: 533.76 | I97: 0.2 | J97: 0.3 | K97: =(H97*J97*(2))+(H97*I97) -> 427.008
A99: TOT.GER | B99: =D92+D93+E96+E97 -> 275.803
B103: PREVISÃO INICIAL:
B105: Fossa séptica de anéis pré-moldados de concreto, diâmetro 2.00m, hútil 2.0m, completa, incluindo tampa c/visita de 60cm, concreto p/ fundo esp. 10cm, tubo de limpeza e escavação, conf. detalhe em projeto | C105: UND | D105: 1
B106: Filtro anaeróbio de naéis pré-moldados de concreto, diâm. 2.0m, hutil 2.0m, compl., incl. tampa c/visita 60cm, p/ fundo esp. 10 cm,escavação, brita 4 e tubulação de saída esgoto 150mm, conf. proj. | C106: UND | D106: 1
B107: Sumidouro retangular em alvenaria com tijolos cerâmicos maciços, dimensões internas: 1,6 x 3,4 x 3,0m, área de infiltração: 32,9 m² | C107: UND | D107: 1
B108: ENTRADA DE ÁGUA
B109: Padrão entrada d'água com caixa enterrada para hidrômetro com diametro de 1'' - padrão 2B da Cesan. NA caixa em alvenaria 60x80x40cm e com tampa articulada de ferro fundido, registro e conexões para instalação de hidrômetro. Conferir detalhe | C109: UND | D109: 1
B110: PONTOS HIDRO-SANITÁRIOS
B111: Ponto de válvula de descraga, inclusive válvula e acabamento anti-vandalismo cromado referência docol, fabrimar e deca | C111: UND | D111: 22
B112: TUBULAÇÃO DE LIGAÇÃO DE CAIXAS
B113: Tubo de PVC rígido para esgoto no diâmetro de 100mm incluindo escavação e aterro com areia | C113: M | D113: 115
...

Sheet Infra
B7: Fundação
B12: blocos da edificaçao | C12: Comprimento (m) | D12: Largura (m) | E12: Altura (m) | F12: Critério de Escavação | G12: Escavação (m³) | H12: Apiloamento Fundo de Valas | I12: Concreto Magro h=10cm (m³) | J12: Fôrma (m²) | K12: Concreto (m³) | L12: Reaterro (m³) | M12: Transporte Mat. Escavado (fator 1,3) (m³)
B13: B1 | C13: 0.6 | D13: 0.6 | E13: 0.06 | F13: 0.1 | G13: 1.014 | H13: =(D13+F13)*(C13+F13) -> 0.49 | I13: 0.169 | J13: =(D13*2+C13*2)*E13 -> 0.144 | K13: =D13*C13*E13 -> 0.0216 | L13: =G13-K13-I13 -> 0.8234 | M13: =(G13-L13)*1.3 -> 0.24778
B14: B2 | C14: 0 | D14: 0 | E14: 0 | F14: 0 | G14: 0 | H14: =(D14+F14)*(C14+F14) -> 0 | I14: 0 | J14: =(D14*2+C14*2)*E14 -> 0 | K14: =D14*C14*E14 -> 0 | L14: =G14-K14-I14 -> 0 | M14: 0
B15: B3 | C15: 0 | D15: 0 | E15: 0 | F15: 0 | G15: 0 | H15: =(D15+F15)*(C15+F15) -> 0 | I15: 0 | J15: =(D15*2+C15*2)*E15 -> 0 | K15: =D15*C15*E15 -> 0 | L15: =G15-K15-I15 -> 0 | M15: 0
B16: B4 | C16: 0 | D16: 0 | E16: 0 | F16: 0 | G16: 0 | H16: =(D16+F16)*(C16+F16) -> 0 | I16: 0 | J16: =(D16*2+C16*2)*E16 -> 0 | K16: =D16*C16*E16 -> 0 | L16: =G16-K16-I16 -> 0 | M16: 0
B17: B5 | C17: 0 | D17: 0 | E17: 0 | F17: 0 | G17: 0 | H17: =(D17+F17)*(C17+F17) -> 0 | I17: 0 | J17: =(D17*2+C17*2)*E17 -> 0 | K17: =D17*C17*E17 -> 0 | L17: =G17-K17-I17 -> 0 | M17: 0
B18: B6 | C18: 0 | D18: 0 | E18: 0 | F18: 0 | G18: 0 | H18: =(D18+F18)*(C18+F18) -> 0 | I18: 0 | J18: =(D18*2+C18*2)*E18 -> 0 | K18: =D18*C18*E18 -> 0 | L18: =G18-K18-I18 -> 0 | M18: 0
B19: B7 | C19: 0 | D19: 0 | E19: 0 | F19: 0 | G19: 0 | H19: =(D19+F19)*(C19+F19) -> 0 | I19: 0 | J19: =(D19*2+C19*2)*E19 -> 0 | K19: =D19*C19*E19 -> 0 | L19: =G19-K19-I19 -> 0 | M19: 0
B20: B8 | C20: 0 | D20: 1.2 | E20: 0 | F20: 0 | G20: 0 | H20: =(D20+F20)*(C20+F20) -> 0 | I20: 0 | J20: =(D20*2+C20*2)*E20 -> 0 | K20: =D20*C20*E20 -> 0 | L20: =G20-K20-I20 -> 0 | M20: 0
B21: Quantidade: | C21: 75 | D21: 0 | F21: TOTAL | G21: =SUM(G13:G13)*$C$21 -> 76.05 | H21: =SUM(H13:H13)*$C$21 -> 36.75 | I21: =SUM(I13:I13)*$C$21 -> 12.675 | J21: =SUM(J13:J13)*$C$21 -> 10.8 | K21: =SUM(K13:K13)*$C$21 -> 1.62 | L21: =SUM(L13:L13)*$C$21 -> 61.755 | M21: =SUM(M13:M13)*$C$21 -> 18.5835
E23: Considerar 10cm para cada lado na escavação devido ao uso da retro-escavadeira | F23: Considerar 10cm para cada lado na escavação | I23: Considerar que o concreto magro ocupará todo o fundo da vala | M23: Considerar empolamento de 30%
B32: Cintamento/viga baldrame
B36: Cinta / Baldrame | C36: Comprimento (m) | D36: Largura (m) | E36: Altura (m) | F36: Critério de Escavação | G36: Escavação (m³) | H36: Apiloamento Fundo de Valas | I36: Concreto Magro h=10cm (m³) | J36: Fôrma (m²) | K36: Concreto (m³) | L36: Reaterro (m³) | M36: Transporte Mat. Escavado (fator 1,3) (m³)
C37: 5 | D37: 0.3 | E37: 0.3 | F37: 0.1 | G37: 0.8 | H37: =C37*(D37+F37) -> 2 | I37: 0.2 | J37: =(C37*E37)*2 -> 3 | K37: =C37*D37*E37 -> 0.45 | L37: =G37-K37-I37 -> 0.15 | M37: =(G37-L37)*1.3 -> 0.845
B38: Quantidade: | C38: 60 | F38: Total | G38: =SUM(G37:G37)*$C$38 -> 48 | H38: =SUM(H37:H37)*$C$38 -> 120 | I38: =SUM(I37:I37)*$C$38 -> 12 | J38: =SUM(J37:J37)*$C$38 -> 180 | K38: =SUM(K37:K37)*$C$38 -> 27 | L38: =SUM(L37:L37)*$C$38 -> 9 | M38: =SUM(M37:M37)*$C$38 -> 50.7
B44: RESUMO
B45: Item | C45: Total | D45: Unidade
B46: Escavação | C46: =ROUND(SUM(G38,G21),2) -> 124.05 | D46: m3 | E46: OK
B47: Apiloamento | C47: =ROUND(SUM(H21,H38),2) -> 156.75 | D47: m2 | E47: OK
B48: Conc. Magro | C48: =ROUND(SUM(I21,I38),2) -> 24.68 | D48: m3 | E48: OK
B49: Fôrma | C49: =ROUND(SUM(J21,J38),2) -> 190.8 | D49: m2 | E49: OK
B50: Concreto | C50: =ROUND(SUM(K21,K38),2) -> 28.62 | D50: m3 | E50: OK
B51: Aço | C51: =ROUND(C50*G51,2) -> 1144.8 | D51: kg | E51: OK | F51: Kg aço/m3 concreto: | G51: 40
B52: Reaterro | C52: =ROUND(SUM(L21,L38),2) -> 70.76 | D52: m3 | E52: OK
B53: Transporte | C53: =ROUND(SUM(M21,M38),2) -> 69.28 | D53: m3 | E53: OK
B56: Impermeablização de cintas e blocos
B60: Cintas | C60: Quantidade | D60: Comprimento (m) | E60: Largura (m) | F60: Altura (m) | G60: Área impermeabilizada (m2)
C61: 60 | D61: 6 | E61: 0.3 | F61: 0.3 | G61: =((D61*E61)+((F61*D61)*2))*C61 -> 324
F62: Total | G62: =ROUND(SUM(G61:G61),2) -> 324 | H62: OK
F67: Resumo | G67: Área total impermeabilizada (m2)
F68: Cintas | G68: =G62 -> 324
F69: TOTAL | G69: =SUM(G68:G68) -> 324 | H69: OK
C74: Aterro
C77: Local | D77: Área (m2) | E77: Altura (m) | F77: Volume (m3) | I77: Local | J77: Área (m2) | K77: Altura (m) | L77: Volume (m3)
C78: Metade terreno | D78: =2256.48/2 -> 1128.24 | E78: 1.2 | F78: =D78*E78 -> 1353.888 | I78: aterro (topografia) | J78: 2189 | K78: 0.15 | L78: 1283
C79: Área total | D79: 2256.48 | E79: 0.3 | F79: =D79*E79 -> 676.944 | I79: aterro (nivel de projeto) | J79: 2189 | K79: 0.1 | L79: =J79*K79 -> 218.9
D80: Apiloamento 30%: | F80: =SUM(F78:F79)*0.3 -> 609.2496 | I80: contração volumetrica | L80: 0.9
C81: TOTAL | F81: =ROUND(SUM(F78:F80),2) -> 2640.08 | G81: OK | I81: Vol.de aterro | L81: =((L78+L79)/L80) -> 1668.7778

Sheet Super
B3: Superestrutura
B7: Área construída (m2) | D7: Fôrma (m2) | E7: Aço (kg) | F7: Concreto (m3)
B8: 1104.98 | F8: =B8*C9 -> 110.498
B9: m3 concreto/m2 construído: | C9: 0.1
B10: kgf aço/m3 concreto: | C10: 80 | E10: =F8*C10 -> 8839.84
B11: m2 forma/m3 concreto: | C11: 10 | D11: =F8*C11 -> 1104.98
C13: TOTAL | D13: =SUM(D8:D12) -> 1104.98 | E13: =SUM(E8:E12) -> 8839.84 | F13: =SUM(F8:F12) -> 110.498 | G13: OK
B18: Lajes
B21: Área (m2) | C21: Peça estrutural | D21: Aço (kg) | E21: Concreto (m3)
B22: 1104.98 | E22: =B22*C23 -> 110.498
B23: m3 concreto/m2 construído: | C23: 0.1 | D23: =E22*C24 -> 8839.84
B24: kgf aço/m3 concreto: | C24: 80
B25: m2 forma/m3 concreto: | C25: 10
C28: TOTAL | D28: =SUM(D22:D27) -> 8839.84 | E28: =SUM(E22:E27) -> 110.498 | F28: OK
B36: RESUMO
B37: Item | C37: Total | D37: Unidade
B38: Forma | C38: =ROUND(D13,2) -> 1104.98 | D38: m2 | E38: OK
B39: Aço | C39: =ROUND(SUM(E13,D28),2) -> 17679.68 | D39: kg | E39: OK
B40: Concreto | C40: =ROUND(SUM(F13,E28),2) -> 221 | D40: m3 | E40: OK
C41: =SUM(J15,J30) -> 0
B46: JUNTAS DE DILATAÇÃO
B47: Ambiente | C47: Comp.(m) | D47: Altura (m) | E47: Espaçamento (m)
B48: Térreo e cobertura | C48: 200 | D48: 3 | E48: 10
D49: Total (m) | E49: =ROUND((C48/E48)*D48,2) -> 60 | F49: OK

Sheet Alvenaria
A1: JANELAS | B1: C01 | C1: 4.2 | D1: 2 | E1: 2.1 | I1: J01 | J1: 0.6 | K1: 1 | L1: 0.6 | N1: PORTAS
I2: J02 | J2: 0.8 | K2: 1 | L2: 0.8 | O2: P2 | P2: 1.68 | Q2: 0.8 | R2: 2.1
I3: J03 | J3: 1.2 | K3: 1.5 | L3: 0.8 | O3: P3 E PV3 | P3: 1.89 | Q3: 0.9 | R3: 2.1
I4: J04 | J4: 1.8 | K4: 1.5 | L4: 1.2 | O4: P4 | P4: =0.9*2.1 -> 1.89 | Q4: 0.9 | R4: 2.1
I5: J05 | J5: 2.31 | K5: 1.4 | L5: 1.65 | O5: P5 | P5: 1.68 | Q5: 0.8 | R5: 2.1
B6: C06 | C6: =1.5*2.1 -> 3.15 | D6: 1.5 | E6: 2.1 | O6: P6 | P6: =3*3 -> 9 | Q6: 3 | R6: 3
I7: J07 | J7: 1.2 | K7: 2 | L7: 0.6 | O7: P7 | P7: =3.5*2.5 -> 8.75 | Q7: 3.5 | R7: 2.5
I8: J08 | J8: 2.4 | K8: 2 | L8: 1.2 | O8: P8 | P8: =4*2.2 -> 8.8 | Q8: 4 | R8: 2.2
I9: J09 | J9: =2*1 -> 2 | K9: 2 | L9: 1 | O9: P9 | P9: =4.7*2.5 -> 11.75 | Q9: 4.7 | R9: 2.5
I10: J10 | J10: =2*1.65 -> 3.3 | K10: 2 | L10: 1.65
I11: J11 | J11: =2.5*0.9 -> 2.25 | K11: 2.5 | L11: 0.9
I12: J12 | J12: =2.5*1.2 -> 3 | K12: 2.5 | L12: 1.2
I13: J13 | J13: =3*1.2 -> 3.6 | K13: 3 | L13: 1.2
B17: Levantamento de Quantitativos de Alvenaria
B20: Alvenaria
D22: DADOS DE ENTRADA | H22: ALVENARIA
B23: Descrição | E23: Dimensões
B24: Pavimento | C24: Ambiente | D24: Quantidade | E24: Perímetro (m) | F24: Pé-direito (m) | G24: Descontos (m2) | H24: Material | I24: Área (m2)
B25: Térreo | C25: Muro | D25: 1 | E25: 170.9505 | F25: 2.5 | G25: =2*(3.5*2.5) -> 17.5 | H25: Bloco concreto 14cm | I25: =((E25*F25)-G25)*D25 -> 409.87625
B26: Térreo | C26: Parede ext. horizontal | D26: 1 | E26: 143.892 | F26: 3.1 | G26: =(J12+J12+J12+J12+P5+J7+P5+P8+J7+P8+P8+J7+P8+C1+C1+P8+J7+P8+P8+J7+P8+J11+J9+J12+J13+J1+J1+J8+J13+J1+J1+J1) -> 120.01 | H26: Bloco concreto 14cm | I26: =((E26*F26)-G26)*D26 -> 326.0552
B27: Térreo | C27: Parede ext. vertical | D27: 1 | E27: =(6.05+6.05+14.85+14.85+14.55+0.51+0.51+0.65+0.65+0.4+0.4+0.4+0.4+0.65+0.65)*(1.05) -> 64.6485 | F27: 3.1 | G27: =(P8+P8+J12+J12+J7+J12+J12+J12+J12+J8+J12+J12+J2+P3+P3+J4+J11+J9+C6+C6+J1+J1+P3+P3+J1) -> 67.71 | H27: Bloco concreto 14cm | I27: =((E27*F27)-G27)*D27 -> 132.70035
B28: Térreo | C28: Parede int. horizontal | D28: 1 | E28: =(2.6+0.9+2.6+3.68+2.1+0.9+10.15+6.06+6.06+2.15+1.52)*(1.05) -> 40.656 | F28: 3.1 | G28: 26.79 | H28: Tijolo Cerâmico 14cm | I28: =((E28*F28)-G28)*D28 -> 99.2436
B29: Térreo | C29: Parede int. vertical | D29: 1 | E29: =(6.05+6.05+6+6+6+6+6+6+2.5+2.5+2.5+6.05+6.05+6.05+6.05+6.05+6.05+5.3+0.71+6.29+6.35+9.09+9.2+2.05)*(1.05) -> 137.4345 | F29: 3.1 | G29: =(P3+P3+P3+P3+P3+P3+(1*2.1)+J10+J5+P8+J13+P4+P3+P3+(1.03*2.1)+P3+P2+P2+P3) -> 46.423 | H29: Tijolo Cerâmico 14cm | I29: =((E29*F29)-G29)*D29 -> 379.62395
B30: Térreo recepção | C30: Parede ext. horizontal | D30: 1 | E30: =(13.57+19.27+2.56+3.05)*(1.05) -> 40.3725 | F30: 3.95 | H30: Bloco Concreto 14cm | I30: =((E30*F30)-G30)*D30 -> 159.47138
B31: Térreo recepção | C31: Parede ext. vertical | D31: 1 | E31: =(12.46+3.92+1.51+1.77)*(1.05) -> 20.643 | F31: 3.95 | H31: Bloco Concreto 14cm | I31: =((E31*F31)-G31)*D31 -> 81.53985
B32: Térreo recepção | C32: Parede int. horizontal | D32: 1 | E32: =(1.3+10.25+7.55+7.75)*(1.05) -> 28.1925 | F32: 3.95 | H32: Tijolo Cerâmico 14cm | I32: =((E32*F32)-G32)*D32 -> 111.36038
B33: Térreo recepção | C33: Parede int. vertical | D33: 1 | E33: =(7.3+5.67+5.52+5.67+2.3+3.2+2.77+2.77+1.8+2.77)*(1.05) -> 41.7585 | F33: 3.95 | H33: Tijolo Cerâmico 14cm | I33: =((E33*F33)-G33)*D33 -> 164.94608
B34: Térreo pilares | C34: 06 pilares fachada | D34: 1 | E34: =2*(2.08+2.08+2.08)+2*(2.12+2.12+2.12) -> 25.2 | F34: 5.26 | H34: Tijolo Cerâmico 14cm | I34: =((E34*F34)-G34)*D34 -> 132.552
B35: Térreo pórtico | C35: Pórtico à esquerda | D35: 1 | E35: =2*(3.3)*(1.05) -> 6.93 | F35: 5.36 | H35: Tijolo Cerâmico 14cm | I35: =((E35*F35)-G35)*D35 -> 37.1448
B36: Térreo portão | C36: Portão acesso principal | D36: 2 | E36: =2*(1.18)*(10.5) -> 24.78 | F36: 2.5 | H36: Tijolo Cerâmico 14cm | I36: =((E36*F36)-G36)*D36 -> 123.9
B37: Térreo mureta | C37: Mureta entrada | D37: 1 | E37: =(19.87+3.21)*(1.05) -> 24.234 | F37: 0.8 | H37: Bloco Concreto 14cm | I37: =((E37*F37)-G37)*D37 -> 19.3872
B38: Cobertura | C38: Empena ou oitão | D38: 4 | E38: 6.75 | F38: 1.05 | H38: Bloco concreto 14cm | I38: =((E38*F38)-G38)*D38 -> 28.35
B39: Cobertura | C39: Caixa D'água | D39: 1 | E39: =(25.79)*(1.05) -> 27.0795 | F39: 2.7 | H39: Bloco concreto 14cm | I39: =((E39*F39)-G39)*D39 -> 73.11465
B40: Cobertura | C40: Platibanda | D40: 1 | E40: =(43.42+52.87+50.39+56.85+75.7)*(1.05) -> 293.1915 | F40: 1.5 | H40: Bloco concreto 14cm | I40: =((E40*F40)-G40)*D40 -> 439.78725
D41: TOTAL | E41: =SUM(E25:E40) -> 1096.713 | G41: =SUM(G25:G40) -> 278.433 | I41: =SUM(I25:I40) -> 2719.0529
B44: Resumo Alvenaria
B45: Total Geral
D46: RESUMO ALVENARIA
D47: TIPO DE MATERIAL | E47: +10% | F47: Área (m2)
D48: Tijolo Cerâmico 14cm | E48: 1.1 | F48: =ROUND(SUMIF(H25:I40,"Tijolo Cerâmico 14cm",I25:I40)*E48,2) -> 1153.65 | G48: OK
D49: Bloco Concreto 14cm | F49: =ROUND(SUMIF(H25:I40,"Bloco Concreto 14cm",I25:I40)*E48,2) -> 1837.31 | G49: OK
C52: Cobogó de concreto
C55: Local | D55: Quantidade | E55: Comp. (m) | F55: Altura (m) | G55: Área (m2)
C56: C1 | D56: 2 | E56: 2 | F56: 2.1 | G56: =(E56*F56)*D56 -> 8.4
C57: C6 | D57: 3 | E57: 1.5 | F57: 2.1 | G57: =(E57*F57)*D57 -> 9.45
C58: TOTAL | G58: =ROUND(SUM(G56:G57),2) -> 17.85 | H58: OK

Sheet Acabamentos
A1: JANELAS | B1: C01 | C1: 4.2 | D1: 2 | E1: 2.1 | I1: J01 | J1: 0.6 | K1: 1 | L1: 0.6 | N1: PORTAS
I2: J02 | J2: 0.8 | K2: 1 | L2: 0.8 | O2: P2 | P2: 1.68 | Q2: 0.8 | R2: 2.1
I3: J03 | J3: 1.2 | K3: 1.5 | L3: 0.8 | O3: P3 E PV3 | P3: 1.89 | Q3: 0.9 | R3: 2.1
I4: J04 | J4: 1.8 | K4: 1.5 | L4: 1.2 | O4: P4 | P4: 1.89 | Q4: 0.9 | R4: 2.1
I5: J05 | J5: 2.31 | K5: 1.4 | L5: 1.65 | O5: P5 | P5: 1.68 | Q5: 0.8 | R5: 2.1
B6: C06 | C6: 3.15 | D6: 1.5 | E6: 2.1 | O6: P6 | P6: =3*3 -> 9 | Q6: 3 | R6: 3
I7: J07 | J7: =2*0.6 -> 1.2 | K7: 2 | L7: 0.6 | O7: P7 | P7: =3.5*2.5 -> 8.75 | Q7: 3.5 | R7: 2.5
I8: J08 | J8: 2.4 | K8: 2 | L8: 1.2 | O8: P8 | P8: 8.8 | Q8: 4 | R8: 2.2
I9: J09 | J9: =2*1 -> 2 | K9: 2 | L9: 1 | O9: P9 | P9: 11.75 | Q9: 4.7 | R9: 2.5
I10: J10 | J10: 3.3 | K10: 2 | L10: 1.65
I11: J11 | J11: 2.25 | K11: 2.5 | L11: 0.9
I12: J12 | J12: 3 | K12: 2.5 | L12: 1.2
I13: J13 | J13: 3.6 | K13: 3 | L13: 1.2
B19: Acabamentos
E21: DADOS DE ENTRADA | Q21: REVESTIMENTO
B22: DESCRIÇÃO | E22: DIMENSÕES | I22: DESCONTOS | L22: PAREDES | N22: PAREDES | P22: TETOS | R22: PISOS | T22: RODAPÉ
B23: Pavimento | C23: Ambiente | D23: Quantidade | E23: Área (m2) | F23: Perímetro (m) | G23: Pé-direito (m) | H23: Parede (m2) | I23: Teto (m2) | J23: Piso (m2) | K23: Rodapé (m) | L23: Tipo de Revestimento | M23: ÁREA (m²) | N23: Pintura e emassamento | O23: ÁREA (m²) | P23: Pintura e emassamento | Q23: Área (m2) | R23: Tipo de Revestimento | S23: Área (m2) | T23: Tipo de Revestimento | U23: Comprimento (m)
B24: Térreo | C24: Recepção | D24: 1 | E24: 40.16 | F24: 33.39 | G24: 2.8 | H24: =P8+J13+(3.28*2.8)+(8.84*2.8)+(1.65*2.8)+P5 -> 52.636 | K24: 17.65 | L24: Porcelanato 60x60 Avorio | M24: =((F24*G24-H24)*D24)/2 -> 20.428 | N24: Pintura PVA | O24: =M24 -> 20.428 | P24: Pintura PVA | Q24: =(E24-I24)*D24 -> 40.16 | R24: Granito | S24: =(E24-J24)*D24 -> 40.16 | T24: =R24 -> Granito | U24: =(F24-K24)*D24 -> 15.74
B25: Térreo | C25: Secretaria | D25: 1 | E25: 25.95 | F25: 20.44 | G25: 2.8 | H25: =J13+J13+P4+P5 -> 10.77 | K25: =Q6+Q4 -> 3.9 | L25: Pintura PVA | M25: =(F25*G25-H25)*D25 -> 46.462 | P25: Pintura PVA | Q25: =(E25-I25)*D25 -> 25.95 | R25: Porcelanato | S25: =(E25-J25)*D25 -> 25.95 | T25: =R25 -> Porcelanato | U25: =(F25-K25)*D25 -> 16.54
B26: Térreo | C26: Arquivo | D26: 1 | E26: 14.03 | F26: 16.44 | G26: 2.8 | H26: =J1+P4 -> 2.49 | K26: =Q4 -> 0.9 | L26: Pintura PVA | M26: =(F26*G26-H26)*D26 -> 43.542 | P26: Pintura PVA | Q26: =(E26-I26)*D26 -> 14.03 | R26: Porcelanato | S26: =(E26-J26)*D26 -> 14.03 | T26: =R26 -> Porcelanato | U26: =(F26-K26)*D26 -> 15.54
B27: Térreo | C27: Circulação | D27: 1 | E27: 25.8 | F27: 41.56 | G27: 2.8 | H27: =(1.65*2.8)+P5+P5+P5+P3+P3+J1+J1+P3 -> 16.53 | K27: =1.65+Q5+Q3+Q3+Q3+Q5+Q5 -> 6.75 | L27: Porcelanato 60x60 Avorio | M27: =((F27*G27-H27)*D27)/2 -> 49.919 | N27: Pintura PVA | O27: =M27 -> 49.919 | P27: Pintura PVA | Q27: =(E27-I27)*D27 -> 25.8 | R27: Granito | S27: =(E27-J27)*D27 -> 25.8 | T27: =R27 -> Granito | U27: =(F27-K27)*D27 -> 34.81
B28: Térreo | C28: Coordenação | D28: 1 | E28: 11.67 | F28: 14.14 | G28: 2.8 | H28: 10.248 | K28: =Q5+3.06 -> 3.86 | L28: Pintura PVA | M28: =(F28*G28-H28)*D28 -> 29.344 | P28: Pintura PVA | Q28: =(E28-I28)*D28 -> 11.67 | R28: Porcelanato | S28: =(E28-J28)*D28 -> 11.67 | T28: =R28 -> Porcelanato | U28: =(F28-K28)*D28 -> 10.28
B29: Térreo | C29: Direção | D29: 1 | E29: 9.73 | F29: 14.2 | G29: 2.8 | H29: =J8+P5+P2 -> 5.76 | K29: =Q5+Q2 -> 1.6 | L29: Pintura PVA | M29: =(F29*G29-H29)*D29 -> 34 | P29: Pintura PVA | Q29: =(E29-I29)*D29 -> 9.73 | R29: Porcelanato | S29: =(E29-J29)*D29 -> 9.73 | T29: =R29 -> Porcelanato | U29: =(F29-K29)*D29 -> 12.6
B30: Térreo | C30: Banho | D30: 1 | E30: 2.8 | F30: 6.9 | G30: 2.8 | H30: =J1+P2 -> 2.28 | K30: 6.9 | L30: Cerâmica ret. 30x50 Branca | M30: =(F30*G30-H30)*D30 -> 17.04 | P30: Pintura PVA | Q30: =(E30-I30)*D30 -> 2.8 | R30: Porcelanato | S30: =(E30-J30)*D30 -> 2.8 | T30: =R30 -> Porcelanato
B31: Térreo | C31: Sala de Professores | D31: 1 | E31: 19.84 | F31: 18.8 | G31: 2.8 | H31: =J13+P5 -> 5.28 | K31: =Q5 -> 0.8 | L31: Pintura PVA | M31: =(F31*G31-H31)*D31 -> 47.36 | P31: Pintura PVa | Q31: =(E31-I31)*D31 -> 19.84 | R31: Porcelanato | S31: =(E31-J31)*D31 -> 19.84 | T31: =R31 -> Porcelanato | U31: =(F31-K31)*D31 -> 18
B32: Térreo | C32: WC PNE Fem | D32: 1 | E32: 2.7 | F32: 6.6 | G32: 2.8 | H32: =P3+J1 -> 2.49 | K32: 6.6 | L32: Porcelanato 60x60 Avorio | M32: =(F32*G32-H32)*D32 -> 15.99 | P32: Pintura PVA | Q32: =(E32-I32)*D32 -> 2.7 | R32: Porcelanato | S32: =(E32-J32)*D32 -> 2.7 | T32: =R32 -> Porcelanato
B33: Térreo | C33: WC PNE | D33: 1 | E33: 2.7 | F33: 6.6 | G33: 2.8 | H33: =P3+J1 -> 2.49 | K33: 6.6 | L33: Porcelanato 60x60 Avorio | M33: =(F33*G33-H33)*D33 -> 15.99 | P33: Pintura PVA | Q33: =(E33-I33)*D33 -> 2.7 | R33: Porcelanato | S33: =(E33-J33)*D33 -> 2.7 | T33: =R33 -> Porcelanato
B34: Térreo | C34: Portaria | D34: 1 | E34: 10.45 | F34: 6.85 | G34: 2.8 | H34: =P3+P3+J1+(2.62*2.8) -> 11.716 | K34: =Q3+Q3+Q2+2.42 -> 5.02 | L34: Pintura PVA | M34: =(F34*G34-H34)*D34 -> 7.464 | P34: Pintura PVA | Q34: =(E34-I34)*D34 -> 10.45 | R34: Porcelanato | S34: =(E34-J34)*D34 -> 10.45 | T34: =R34 -> Porcelanato | U34: =(F34-K34)*D34 -> 1.83
B35: Térreo | C35: WC | D35: 1 | E35: 2.85 | F35: 6.85 | G35: 2.8 | H35: =P2+J1 -> 2.28 | K35: 6.85 | L35: Cerâmica ret. 30x50 Branca | M35: =(F35*G35-H35)*D35 -> 16.9 | P35: Pintura PVA | Q35: =(E35-I35)*D35 -> 2.85 | R35: Porcelanato | S35: =(E35-J35)*D35 -> 2.85 | T35: =R35 -> Porcelanato
B36: Térreo | C36: Refeitório | D36: 1 | E36: 125.72 | F36: 48.53 | G36: 2.8 | H36: 56.624 | K36: =Q8+Q3+7.56+5.42 -> 17.88 | L36: Porcelanato 60x60 Avorio | M36: =((F36*G36-H36)*D36)/2 -> 39.63 | N36: Pintura PVA | O36: =M36 -> 39.63 | P36: Pintura PVA | Q36: =(E36-I36)*D36 -> 125.72 | R36: Granito | S36: =(E36-J36)*D36 -> 125.72 | T36: =R36 -> Granito | U36: =(F36-K36)*D36 -> 30.65
B37: Térreo | C37: Cozinha | D37: 1 | E37: 41.7 | F37: 36.41 | G37: 3.1 | H37: =J10+J5+P5+(1*2.1)+J11+J9 -> 13.64 | K37: 36.41 | L37: Cerâmica ret. 30x50 Branca | M37: =(F37*G37-H37)*D37 -> 99.231 | P37: Pintura PVA | Q37: =(E37-I37)*D37 -> 41.7 | R37: Porcelanato | S37: =(E37-J37)*D37 -> 41.7 | T37: =R37 -> Porcelanato | U37: =(F37-K37)*D37 -> 0
B38: Térreo | C38: Despensa | D38: 1 | E38: 6.51 | F38: 10.41 | G38: 3.1 | H38: =P3+J2 -> 2.69 | K38: 10.41 | L38: Cerâmica ret. 30x50 Branca | M38: =(F38*G38-H38)*D38 -> 29.581 | P38: Pintura PVA | Q38: =(E38-I38)*D38 -> 6.51 | R38: Porcelanato | S38: =(E38-J38)*D38 -> 6.51 | T38: =R38 -> Porcelanato | U38: =(F38-K38)*D38 -> 0
B39: Térreo | C39: Recebimento | D39: 1 | E39: 16.45 | F39: 16.77 | G39: 3.1 | H39: =P3+J2+C6+(5.31*2.5) -> 19.115 | I39: 8.89 | K39: 16.77 | L39: Cerâmica ret. 30x50 Branca | M39: =(F39*G39-H39)*D39 -> 32.872 | P39: Pintura Acrílica | Q39: =(E39-I39)*D39 -> 7.56 | R39: Porcelanato | S39: =(E39-J39)*D39 -> 16.45 | T39: =R39 -> Porcelanato | U39: =(F39-K39)*D39 -> 0
B40: Térreo | C40: Copa Funcionário | D40: 1 | E40: 10.02 | F40: 13.17 | G40: 3.1 | H40: 9.57 | L40: Pintura PVA | M40: =(F40*G40-H40)*D40 -> 31.257 | P40: Pintura PVA | Q40: =(E40-I40)*D40 -> 10.02 | R40: Porcelanato | S40: =(E40-J40)*D40 -> 10.02 | T40: =R40 -> Porcelanato | U40: =(F40-K40)*D40 -> 13.17
B41: Térreo | C41: Área de serviço | D41: 1 | E41: 4.36 | F41: 8.39 | G41: 3.1 | H41: =P3+(1*2.1) -> 3.99 | K41: 8.39 | L41: Cerâmica ret. 30x50 Branca | M41: =(F41*G41-H41)*D41 -> 22.019 | P41: Pintura PVA | Q41: =(E41-I41)*D41 -> 4.36 | R41: Porcelanato | S41: =(E41-J41)*D41 -> 4.36 | T41: =R41 -> Porcelanato | U41: =(F41-K41)*D41 -> 0
B42: Térreo | C42: Circulação | D42: 1 | E42: 7.21 | F42: 15.8 | G42: 3.1 | H42: 14.23 | K42: =1+Q3+Q3+Q3+Q2+Q2+1 -> 6.3 | L42: Pintura PVA | M42: =(F42*G42-H42)*D42 -> 34.75 | P42: Pintura PVA | Q42: =(E42-I42)*D42 -> 7.21 | R42: Granito | S42: =(E42-J42)*D42 -> 7.21 | T42: =R42 -> Granito | U42: =(F42-K42)*D42 -> 9.5
B43: Térreo | C43: Lavanderia | D43: 1 | E43: 8.9 | F43: 12.03 | G43: 3.1 | H43: =P3+J11+J4 -> 5.94 | K43: 12.03 | L43: Cerâmica ret. 30x50 Branca | M43: =(F43*G43-H43)*D43 -> 31.353 | P43: Pintura PVA | Q43: =(E43-I43)*D43 -> 8.9 | R43: Porcelanato | S43: =(E43-J43)*D43 -> 8.9 | T43: =R43 -> Porcelanato | U43: =(F43-K43)*D43 -> 0
B44: Térreo | C44: DML | D44: 1 | E44: 5.42 | F44: 10.12 | G44: 3.1 | H44: =P3 -> 1.89 | K44: 10.12 | L44: Cerâmica ret. 30x50 Branca | M44: =(F44*G44-H44)*D44 -> 29.482 | P44: Pintura PVA | Q44: =(E44-I44)*D44 -> 5.42 | R44: Porcelanato | S44: =(E44-J44)*D44 -> 5.42 | T44: =R44 -> Porcelanato | U44: =(F44-K44)*D44 -> 0
B45: Térreo | C45: Rouparia | D45: 1 | E45: 7.33 | F45: 10.83 | G45: 3.1 | H45: =P3+J4+J9 -> 5.69 | K45: 10.83 | L45: Cerâmica ret. 30x50 Branca | M45: =(F45*G45-H45)*D45 -> 27.883 | P45: Pintura PVA | Q45: =(E45-I45)*D45 -> 7.33 | R45: Porcelanato | S45: =(E45-J45)*D45 -> 7.33 | T45: =R45 -> Porcelanato | U45: =(F45-K45)*D45 -> 0
B46: Térreo | C46: Vestiário masculino | D46: 1 | E46: 3.12 | F46: 7.2 | G46: 2.8 | H46: =P2 -> 1.68 | K46: 7.2 | L46: Cerâmica ret. 30x50 Branca | M46: =(F46*G46-H46)*D46 -> 18.48 | P46: Pintura PVA | Q46: =(E46-I46)*D46 -> 3.12 | R46: Porcelanato | S46: =(E46-J46)*D46 -> 3.12 | T46: =R46 -> Porcelanato | U46: =(F46-K46)*D46 -> 0
B47: Térreo | C47: Vestiário feminino | D47: 1 | E47: 3.12 | F47: 7.2 | G47: 2.8 | H47: =P2 -> 1.68 | K47: 7.2 | L47: Cerâmica ret. 30x50 Branca | M47: =(F47*G47-H47)*D47 -> 18.48 | P47: Pintura PVA | Q47: =(E47-I47)*D47 -> 3.12 | R47: Porcelanato | S47: =(E47-J47)*D47 -> 3.12 | T47: =R47 -> Porcelanato | U47: =(F47-K47)*D47 -> 0
B48: Térreo | C48: Creche III | D48: 1 | E48: 38.98 | F48: 25 | G48: 3 | H48: =P5+P8+J12+J12+P3 -> 18.37 | K48: 25 | L48: Porcelanato 60x60 Avorio | M48: =(F48*G48-H48)*D48/2 -> 28.315 | N48: Pintura PVA | O48: =M48 -> 28.315 | P48: Pintura PVA | Q48: =(E48-I48)*D48 -> 38.98 | R48: Porcelanato | S48: =(E48-J48)*D48 -> 38.98 | T48: =R48 -> Porcelanato | U48: =(F48-K48)*D48 -> 0
B49: Térreo | C49: Sanitário infantil | D49: 1 | E49: 16.61 | F49: 21.94 | G49: 2.61 | H49: =P3+P3+J7+J7 -> 6.18 | K49: 21.94 | L49: Porcelanato 60x60 Avorio | M49: =(F49*G49-H49)*D49/2 -> 25.5417 | N49: Pintura PVA | O49: =M49 -> 25.5417 | P49: Pintura PVA | Q49: =(E49-I49)*D49 -> 16.61 | R49: Porcelanato | S49: =(E49-J49)*D49 -> 16.61 | T49: =R49 -> Porcelanato | U49: =(F49-K49)*D49 -> 0
B50: Térreo | C50: Creche III | D50: 1 | E50: 38.98 | F50: 25 | G50: 3 | H50: =P5+P3+J12+J12+P8 -> 18.37 | K50: 25 | L50: Porcelanato 60x60 Avorio | M50: =(F50*G50-H50)*D50/2 -> 28.315 | N50: Pintura PVA | O50: =M50 -> 28.315 | P50: Pintura PVA | Q50: =(E50-I50)*D50 -> 38.98 | R50: Porcelanato | S50: =(E50-J50)*D50 -> 38.98 | T50: =R50 -> Porcelanato | U50: =(F50-K50)*D50 -> 0
B51: Térreo | C51: Pré-escola 1 | D51: 1 | E51: 38.67 | F51: 24.88 | G51: 3 | H51: =P5+J12+J12+P8 -> 16.48 | K51: 24.88 | L51: Porcelanato 60x60 Avorio | M51: =(F51*G51-H51)*D51/2 -> 29.08 | N51: Pintura PVA | O51: =M51 -> 29.08 | P51: Pintura PVA | Q51: =(E51-I51)*D51 -> 38.67 | R51: Porcelanato | S51: =(E51-J51)*D51 -> 38.67 | T51: =R51 -> Porcelanato | U51: =(F51-K51)*D51 -> 0
B52: Térreo | C52: Sanitário feminino | D52: 1 | E52: 18.72 | F52: 19.2 | G52: 2.61 | H52: =P3+J7+J7 -> 4.29 | K52: 19.2 | L52: Porcelanato 60x60 Avorio | M52: =(F52*G52-H52)*D52 -> 45.822 | P52: Pintura PVA | Q52: =(E52-I52)*D52 -> 18.72 | R52: Porcelanato | S52: =(E52-J52)*D52 -> 18.72 | T52: =R52 -> Porcelanato | U52: =(F52-K52)*D52 -> 0
B53: Térreo | C53: Pré-escola 2 | D53: 1 | E53: 38.1 | F53: 24.7 | G53: 3 | H53: =P5+P8+J7+J7 -> 12.88 | K53: 24.7 | L53: Porcelanato 60x60 Avorio | M53: =(F53*G53-H53)*D53/2 -> 30.61 | N53: Pintura PVA | O53: =M53 -> 30.61 | P53: Pintura PVA | Q53: =(E53-I53)*D53 -> 38.1 | R53: Porcelanato | S53: =(E53-J53)*D53 -> 38.1 | T53: =R53 -> Porcelanato | U53: =(F53-K53)*D53 -> 0
B54: Térreo | C54: Creche I | D54: 1 | E54: 38.7 | F54: 24.9 | G54: 3 | H54: =P5+P3+J7+J7+P8 -> 14.77 | K54: 24.9 | L54: Porcelanato 60x60 Avorio | M54: =(F54*G54-H54)*D54/2 -> 29.965 | N54: Pintura PVA | O54: =M54 -> 29.965 | P54: Pintura PVA | Q54: =(E54-I54)*D54 -> 38.7 | R54: Porcelanato | S54: =(E54-J54)*D54 -> 38.7 | T54: =R54 -> Porcelanato | U54: =(F54-K54)*D54 -> 0
B55: Térreo | C55: Fraldário | D55: 1 | E55: 12.87 | F55: 15.4 | G55: 2.61 | H55: =P3+P3+J3+(1*2.1) -> 7.08 | K55: 15.4 | L55: Porcelanato 60x60 Avorio | M55: =(F55*G55-H55)*D55 -> 33.114 | P55: Pintura PVA | Q55: =(E55-I55)*D55 -> 12.87 | R55: Porcelanato | S55: =(E55-J55)*D55 -> 12.87 | T55: =R55 -> Porcelanato | U55: =(F55-K55)*D55 -> 0
B56: Térreo | C56: Depósito | D56: 1 | E56: 3.77 | F56: 8.1 | G56: 3 | H56: =(1*2.1)+J7 -> 3.3 | K56: 8.1 | L56: Porcelanato 60x60 Avorio | M56: =(F56*G56-H56)*D56 -> 21 | P56: Pintura PVA | Q56: =(E56-I56)*D56 -> 3.77 | R56: Porcelanato | S56: =(E56-J56)*D56 -> 3.77 | T56: =R56 -> Porcelanato | U56: =(F56-K56)*D56 -> 0
B57: Térreo | C57: Creche I | D57: 1 | E57: 38.7 | F57: 24.9 | G57: 3 | H57: =P5+P3+P8+J12+J12 -> 18.37 | K57: 24.9 | L57: Porcelanato 60x60 Avorio | M57: =(F57*G57-H57)*D57/2 -> 28.165 | N57: Pintura PVA | O57: =M57 -> 28.165 | P57: Pintura PVA | Q57: =(E57-I57)*D57 -> 38.7 | R57: Porcelanato | S57: =(E57-J57)*D57 -> 38.7 | T57: =R57 -> Porcelanato | U57: =(F57-K57)*D57 -> 0
B58: Térreo | C58: PNE infantil | D58: 1 | E58: 8.27 | F58: 11.59 | G58: 2.8 | H58: =P3+J7 -> 3.09 | K58: 11.59 | L58: Porcelanato 60x60 Avorio | M58: =(F58*G58-H58)*D58 -> 29.362 | P58: Pintura PVA | Q58: =(E58-I58)*D58 -> 8.27 | R58: Porcelanato | S58: =(E58-J58)*D58 -> 8.27 | T58: =R58 -> Porcelanato | U58: =(F58-K58)*D58 -> 0
B59: Térreo | C59: Corredores | D59: 1 | E59: 135.07 | F59: 108.3 | G59: 2.8 | H59: =P5+J7+P5+P6+J7+J7+P5+J7+P5+(0.9*2.1)+P5+J7+P5+J7+J7+P6+(3.28*2.8)+P6+J7+J7+P5+J7+P3+P5+P3+P5+P3+J7+P5+J7+J7+P6 -> 85.144 | K59: 26.89 | L59: Porcelanato 60x60 Avorio | M59: =(F59*G59-H59)*D59/2 -> 109.048 | N59: Pintura PVA | O59: =M59 -> 109.048 | P59: Pintura PVA | Q59: =(E59-I59)*D59 -> 135.07 | R59: Granito | S59: =(E59-J59)*D59 -> 135.07 | T59: =R59 -> Granito | U59: =(F59-K59)*D59 -> 81.41
B60: Térreo | C60: Lavabos | D60: 1 | E60: 12.63 | F60: 18.87 | G60: 2.8 | H60: =(1*2.1)+J8 -> 4.5 | K60: 18.87 | L60: Cerâmica ret. 30x50 Branca | M60: =(F60*G60-H60)*D60 -> 48.336 | P60: Pintura PVA | Q60: =(E60-I60)*D60 -> 12.63 | R60: Porcelanato | S60: =(E60-J60)*D60 -> 12.63 | T60: =R60 -> Porcelanato | U60: =(F60-K60)*D60 -> 0
B61: Térreo | C61: Pré-escola 4 | D61: 1 | E61: 39.02 | F61: 24.99 | G61: 3 | H61: =P5+J12+J12+P8 -> 16.48 | K61: 24.99 | L61: Porcelanato 60x60 Avorio | M61: =(F61*G61-H61)*D61/2 -> 29.245 | N61: Pintura PVA | O61: =M61 -> 29.245 | P61: Pintura PVA | Q61: =(E61-I61)*D61 -> 39.02 | R61: Porcelanato | S61: =(E61-J61)*D61 -> 39.02 | T61: =R61 -> Porcelanato | U61: =(F61-K61)*D61 -> 0
B62: Térreo | C62: Sanitário infantil | D62: 1 | E62: 18.86 | F62: 19.29 | G62: 2.61 | H62: =P3+J7+J7 -> 4.29 | K62: 19.29 | L62: Porcelanato 60x60 Avorio | M62: =(F62*G62-H62)*D62 -> 46.0569 | P62: Pintura PVA | Q62: =(E62-I62)*D62 -> 18.86 | R62: Porcelanato | S62: =(E62-J62)*D62 -> 18.86 | T62: =R62 -> Porcelanato | U62: =(F62-K62)*D62 -> 0
B63: Térreo | C63: Pré-escola 3 | D63: 1 | E63: 38.42 | F63: 24.8 | G63: 3 | H63: =P5+J7+J7+P8 -> 12.88 | K63: 24.8 | L63: Porcelanato 60x60 Avorio | M63: =(F63*G63-H63)*D63/2 -> 30.76 | N63: Pintura PVA | O63: =M63 -> 30.76 | P63: Pintura PVA | Q63: =(E63-I63)*D63 -> 38.42 | R63: Porcelanato | S63: =(E63-J63)*D63 -> 38.42 | T63: =R63 -> Porcelanato | U63: =(F63-K63)*D63 -> 0
B64: Térreo | C64: Creche II | D64: 1 | E64: 38.96 | F64: 25 | G64: 3 | H64: =P5+J7+J7+P8+P3 -> 14.77 | K64: 25 | L64: Porcelanato 60x60 Avorio | M64: =(F64*G64-H64)*D64/2 -> 30.115 | N64: Pintura PVA | O64: =M64 -> 30.115 | P64: Pintura PVA | Q64: =(E64-I64)*D64 -> 38.96 | R64: Porcelanato | S64: =(E64-J64)*D64 -> 38.96 | T64: =R64 -> Porcelanato | U64: =(F64-K64)*D64 -> 0
B65: Térreo | C65: Sanitário infantil | D65: 1 | E65: 16.73 | F65: 21.81 | G65: 2.61 | H65: =J7+P3+P3+J7 -> 6.18 | K65: 21.81 | L65: Porcelanato 60x60 Avorio | M65: =(F65*G65-H65)*D65 -> 50.7441 | P65: Pintura PVA | Q65: =(E65-I65)*D65 -> 16.73 | R65: Porcelanato | S65: =(E65-J65)*D65 -> 16.73 | T65: =R65 -> Porcelanato | U65: =(F65-K65)*D65 -> 0
B66: Térreo | C66: Creche II | D66: 1 | E66: 38.96 | F66: 25.78 | G66: 3 | H66: =P5+P3+P8+J12+J12 -> 18.37 | K66: 25.78 | L66: Porcelanato 60x60 Avorio | M66: =(F66*G66-H66)*D66/2 -> 29.485 | N66: Pintura PVA | O66: =M66 -> 29.485 | P66: Pintura PVA | Q66: =(E66-I66)*D66 -> 38.96 | R66: Porcelanato | S66: =(E66-J66)*D66 -> 38.96 | T66: =R66 -> Porcelanato | U66: =(F66-K66)*D66 -> 0
B67: Térreo | C67: Paredes Externas | D67: 1 | E67: 1104.98 | F67: 299 | G67: 3.1 | H67: 295.27 | I67: 1104.98 | K67: 299 | L67: Pintura Acrílica | M67: =(F67*G67-H67)*D67 -> 631.63 | Q67: =(E67-I67)*D67 -> 0 | T67: Não se aplica | U67: =(F67-K67)*D67 -> 0
B68: Térreo pórtico | C68: Pórtico à esquerda | D68: 1 | F68: =2*(3.3)*(1.05) -> 6.93 | G68: 5.36 | K68: 6.93 | L68: Amadeirado reguá | M68: =(F68*G68-H68)*D68 -> 37.1448 | Q68: =(E68-I68)*D68 -> 0 | S68: =(E68-J68)*D68 -> 0 | T68: Granito | U68: =(F68-K68)*D68 -> 0
B69: Térreo portão | C69: Portão acesso principal | D69: 1 | F69: =2*(1.18)*(10.5) -> 24.78 | G69: 2.5 | K69: 24.78 | L69: ACM | Q69: =(E69-I69)*D69 -> 0 | S69: =(E69-J69)*D69 -> 0 | T69: Porcelanato 60x60 Bege | U69: =(F69-K69)*D69 -> -3.5527137e-15
B70: Térreo mureta | C70: Mureta entrada | D70: 1 | F70: =ROUND((19.87+3.21)*(1.05),2) -> 24.23 | G70: 0.8 | K70: 24.23 | L70: Cerâmica 5x15 bege | M70: =(F70*G70-H70)*D70 -> 19.384 | Q70: =(E70-I70)*D70 -> 0 | S70: =(E70-J70)*D70 -> 0 | T70: Rodapé Laminado | U70: =(F70-K70)*D70 -> 0
B71: Térreo | C71: Muro | D71: 1 | F71: 170.9505 | G71: 2.5 | H71: 17.5 | K71: 170.95 | L71: Pintura Acrílica | M71: =(F71*G71-H71)*D71 -> 409.87625 | Q71: =(E71-I71)*D71 -> 0 | S71: =(E71-J71)*D71 -> 0 | T71: Rodapé Laminado | U71: =(F71-K71)*D71 -> 0.0005
B72: Cobertura | C72: Empena ou oitão | D72: 4 | F72: 6.76 | G72: 1.05 | K72: 6.76 | L72: Pintura Acrílica | M72: =(F72*G72-H72)*D72 -> 28.392 | Q72: =(E72-I72)*D72 -> 0 | S72: =(E72-J72)*D72 -> 0 | T72: Rodapé Laminado | U72: =(F72-K72)*D72 -> 0
B73: Cobertura | C73: Caixa D'água | D73: 1 | F73: =(25.79)*(1.05) -> 27.0795 | G73: 2.7 | K73: 27.08 | L73: Pintura Acrílica | M73: =(F73*G73-H73)*D73 -> 73.11465 | Q73: =(E73-I73)*D73 -> 0 | S73: =(E73-J73)*D73 -> 0 | T73: Não se aplica | U73: =(F73-K73)*D73 -> -0.0005
B74: Cobertura | C74: Platibanda | D74: 1 | F74: =(43.42+52.87+50.39+56.85+75.7)*(1.05) -> 293.1915 | G74: 1.5 | K74: 293.19 | L74: Porcelanato 50x50 | M74: =(F74*G74-H74)*D74 -> 439.78725 | Q74: =(E74-I74)*D74 -> 0 | S74: =(E74-J74)*D74 -> 0 | T74: Não se aplica | U74: =(F74-K74)*D74 -> 0.0015
B75: Cobertura | C75: Caixa D'água Externo | D75: 1 | F75: =(25.79)*(1.05) -> 27.0795 | G75: 2.7 | K75: 27.08 | L75: Pintura Acrílica | M75: =(F75*G75-H75)*D75 -> 73.11465 | Q75: =(E75-I75)*D75 -> 0 | S75: =(E75-J75)*D75 -> 0 | T75: Não se aplica | U75: =(F75-K75)*D75 -> -0.0005
D76: TOTAL | E76: =SUM(E24:E75) -> 2144.54 | F76: =SUM(F24:F75) -> 1764.081 | G76: =SUM(G24:G75) -> 146.56 | H76: =SUM(H24:H75) -> 860.273 | I76: =SUM(I24:I75) -> 1113.87 | J76: =SUM(J24:J75) -> 0 | K76: =SUM(K24:K75) -> 1504.01 | M76: =SUM(M24:M75) -> 3174.9803 | O76: =SUM(O24:O75) -> 538.6217 | Q76: =SUM(Q24:Q75) -> 1030.67 | S76: =SUM(S24:S75) -> 1039.56 | U76: =SUM(U24:U75) -> 260.071
B79: Resumo Revestimentos
B80: Total Geral
B82: PAREDE
B83: Tipo de Revestimento | C83: Quantidade | D83: Área (m2)
B84: Porcelanato 60x60 Avorio | C84: =COUNTIF(L24:L75,B84) -> 23 | D84: =ROUND(SUMIF(L24:M75,B84,M24:M75),2) -> 796.7 | E84: OK
B85: Pintura PVA | C85: =COUNTIF(L24:L75,B85) -> 8 | D85: =ROUND(SUMIF(L24:M75,B85,M24:M75)+O76,2) -> 812.8 | E85: OK
B86: Cerâmica ret. 30x50 Branca | C86: =COUNTIF(L24:L75,B86) -> 12 | D86: =ROUND(SUMIF(L24:M75,B86,M24:M75),2) -> 391.66 | E86: OK
B87: Pintura Acrílica | C87: =COUNTIF(L24:L75,B87) -> 5 | D87: =ROUND(SUMIF(L24:M75,B87,M24:M75),2) -> 1216.13 | E87: OK
B88: Amadeirado reguá | C88: =COUNTIF(L24:L75,B88) -> 1 | D88: =ROUND(SUMIF(L24:M75,B88,M24:M75),2) -> 37.14 | E88: OK
B89: ACM | C89: =COUNTIF(L24:L75,B89) -> 1 | D89: =ROUND(SUMIF(L24:M75,B89,M24:M75),2) -> 0 | E89: OK
B90: Cerâmica 5x15 bege | C90: =COUNTIF(L24:L75,B90) -> 1 | D90: =ROUND(SUMIF(L24:M75,B90,M24:M75),2) -> 19.38 | E90: OK
C91: =COUNTIF(L24:L75,"Pintura Textura") -> 0 | D91: =SUMIF(L24:M75,"Pintura Textura",M24:M75) -> 0
B95: TETOS | F95: TOTAL pintura /emassamento
B96: Tipo de Revestimento | C96: Quantidade | D96: Área (m2) | F96: Tipo | G96: Área (m2)
B97: Pintura PVA | C97: =COUNTIF(P24:P75,B97) -> 42 | D97: =SUMIF(P24:Q75,B97,Q24:Q75) -> 1023.11 | E97: OK | F97: Pintura PVA | G97: =ROUND(SUM(D97,D85),2) -> 1835.91 | H97: OK
B98: Pintura Acrílica | C98: =COUNTIF(P24:P75,B98) -> 1 | D98: =SUMIF(P24:Q75,B98,Q24:Q75) -> 7.56 | E98: OK | F98: Pintura Acrílica | G98: =ROUND(SUM(D98,D87),2) -> 1223.69 | H98: OK
B102: PISOS
B103: Tipo de Revestimento | C103: Quantidade | D103: Área (m2)
B104: Granito | C104: =COUNTIF(R24:R75,B104) -> 5 | D104: =ROUND(SUMIF(R24:S75,B104,S24:S75)*1.1,2) -> 367.36 | E104: OK
B105: Porcelanato | C105: =COUNTIF(R24:R75,B105) -> 38 | D105: =ROUND(SUMIF(R24:S75,B105,S24:S75)*1.1,2) -> 776.16 | E105: OK
B109: RODAPÉS
B110: Tipo de Revestimento | C110: Quantidade | D110: Comp. (m)
B111: Granito | C111: =COUNTIF(T24:T75,B111) -> 6 | D111: =ROUND((SUMIF(T24:U75,B111,U24:U75)),2) -> 172.11 | E111: OK
B112: Porcelanato | C112: =COUNTIF(T24:T75,B112) -> 38 | D112: =ROUND(SUMIF(T24:U75,B112,U24:U75),2) -> 87.96 | E112: OK
B125: Revestimento cerâmico 21x21cm
B127: Pavimento | C127: Ambiente | D127: Quantidade | E127: Altura (m) | F127: Perímetro (m) | G127: Desconto (m) | H127: Área (m2)
B129: Térreo | C129: Creche III | D129: 1 | E129: 0.21 | F129: 25 | G129: =Q5+Q8+K12+K12 -> 9.8 | H129: =(F129-G129)*E129*D129 -> 3.192
B130: Térreo | C130: Sanitário infantil | D130: 1 | E130: 0.21 | F130: 21.94 | G130: =K7+Q3+Q3+K7 -> 5.8 | H130: =(F130-G130)*E130*D130 -> 3.3894
B131: Térreo | C131: Creche III | D131: 1 | E131: 0.21 | F131: 25 | G131: =J12+J12+Q8+Q5 -> 10.8 | H131: =(F131-G131)*E131*D131 -> 2.982
B132: Térreo | C132: Pré-escola 1 | D132: 1 | E132: 0.21 | F132: 24.88 | G132: =Q8+K12+K12+Q5 -> 9.8 | H132: =(F132-G132)*E132*D132 -> 3.1668
...

Sheet Esquadrias
B3: Janelas e Portas
H7: Resumo Esquadrias
H8: Total Geral
D9: JANELAS
D10: Janela | E10: Dimensões | F10: Comp. (m) | G10: Altura (m) | H10: Área (m2) | I10: Material | J10: Tipo | K10: Quantidade
D11: C01 | E11: 200X210 | F11: 2 | G11: 2.1 | I11: Cobogó de concreto | K11: 2 | L11: OK
D12: J01 | E12: 100x60 | F12: 1 | G12: 0.6 | H12: 0.6 | I12: Janela simples de alumínio e vidro | K12: 8 | L12: OK
D13: J02 | E13: 100x80 | F13: 1 | G13: 0.8 | H13: =ROUND(F13*G13,2) -> 0.8 | I13: Janela simples de alumínio e vidro | K13: 1 | L13: OK
D14: J03 | E14: 150x80 | F14: 1.5 | G14: 0.8 | H14: =ROUND(F14*G14,2) -> 1.2 | I14: Janela simples de alumínio e vidro | K14: 2 | L14: OK
D15: J04 | E15: 150x120 | F15: 1.5 | G15: 1.2 | H15: =ROUND(F15*G15,2) -> 1.8 | I15: Janela simples de alumínio e vidro | K15: 2 | L15: OK
D16: J05 | E16: 140x165 | F16: 1.4 | G16: 1.65 | H16: =ROUND(F16*G16,2) -> 2.31 | I16: Janela simples de alumínio e vidro | K16: 1 | L16: OK
D17: C06 | E17: 150x210 | F17: 1.5 | G17: 2.1 | I17: Cobogó de concreto | K17: 3 | L17: OK
D18: J07 | E18: 200x60 | F18: 2 | G18: 0.6 | H18: =ROUND(F18*G18,2) -> 1.2 | I18: Janela simples de alumínio e vidro | K18: 17 | L18: OK
D19: J08 | E19: 200x120 | F19: 2 | G19: 1.2 | H19: =ROUND(F19*G19,2) -> 2.4 | I19: Janela simples de alumínio e vidro | K19: 2 | L19: OK
D20: J09 | E20: 200x100 | F20: 2 | G20: 1 | H20: =ROUND(F20*G20,2) -> 2 | I20: Janela simples de alumínio e vidro | K20: 2 | L20: OK
D21: J10 | E21: 200x165 | F21: 2 | G21: 1.65 | H21: =ROUND(F21*G21,2) -> 3.3 | I21: Janela simples de alumínio e vidro | K21: 1 | L21: OK
D22: J11 | E22: 250x90 | F22: 2.5 | G22: 0.9 | H22: =ROUND(F22*G22,2) -> 2.25 | I22: Janela simples de alumínio e vidro | K22: 2 | L22: OK
D23: J12 | E23: 250x120 | F23: 2.5 | G23: 1.2 | H23: =ROUND(F23*G23,2) -> 3 | I23: Janela simples de alumínio e vidro | K23: 13 | L23: OK
D24: J13 | E24: 300x120 | F24: 3 | G24: 1.2 | H24: =ROUND(F24*G24,2) -> 3.6 | I24: Janela simples de alumínio e vidro | K24: 3 | L24: OK
G25: Total | H25: =ROUND(SUM(H11:H24)*1.1,2) -> 26.91 | K25: =SUM(K11:K24) -> 59 | L25: OK
D27: PORTAS
D28: Porta | E28: Dimensões | F28: Comp. (m) | G28: Altura (m) | H28: Área (m2) | I28: Material | J28: Tipo | K28: Quantidade
D29: P2 | E29: 70x210 | F29: 0.7 | G29: 2.1 | H29: 1.47 | I29: Porta de madeira semioca com forras de madeira | J29: Abrir | K29: 1 | L29: OK
D30: PV2 | E30: 70x210 | F30: 0.7 | G30: 2.1 | H30: =ROUND(F30*G30,2) -> 1.47 | I30: Porta de alumínio veneziana branca | J30: Abrir | K30: 4
D31: P3 | E31: 80x210 | F31: 0.8 | G31: 2.1 | H31: =ROUND(F31*G31,2) -> 1.68 | I31: Porta de madeira semioca com forras de madeira | J31: Abrir | K31: 7 | L31: OK
D32: PV3 | E32: 80x210 | F32: 0.8 | G32: 2.1 | H32: =ROUND(F32*G32,2) -> 1.68 | I32: Porta de alumínio veneziana branca | J32: Abrir | K32: =6+8 -> 14 | L32: OK
D33: P4 | E33: 80x210 | F33: 0.8 | G33: 2.1 | H33: =ROUND(F33*G33,2) -> 1.68 | I33: Porta de madeira semioca com forras de madeira | J33: Correr | K33: 1 | L33: OK
D34: P5 | E34: 80x210 | F34: 0.8 | G34: 2.1 | H34: =ROUND(F34*G34,2) -> 1.68 | I34: Porta de madeira com visor | J34: Abrir | K34: 15 | L34: OK
D35: PV5 | E35: 80x210 | F35: 0.8 | G35: 2.1 | H35: =ROUND(F35*G35,2) -> 1.68 | I35: Porta de alumínio veneziana branca | J35: Abrir | K35: 1
D36: P6 | E36: 300x300 | F36: 3 | G36: 3 | H36: =ROUND(F36*G36,2) -> 9 | I36: Porta de vidro temperado laminado | J36: Correr | K36: 4 | L36: OK
D37: P7 | E37: 350x250 | F37: 3.5 | G37: 2.5 | H37: =ROUND(F37*G37,2) -> 8.75 | I37: Portão de garagem em alumínio branco tipo veneziana | J37: Correr | K37: 2 | L37: OK
D38: P8 | E38: 400x220 | F38: 4 | G38: 2.2 | H38: =ROUND(F38*G38,2) -> 8.8 | I38: Porta de vidro temperado laminado | J38: Correr | K38: 11 | L38: OK
D39: P9 | E39: 470x250 | F39: 4.7 | G39: 2.5 | H39: =ROUND(F39*G39,2) -> 11.75 | I39: Portão de entrada principal alumínio branco tipo veneziana | J39: Abrir | K39: 1 | L39: OK
D40: Nº11 | E40: 60x120 | F40: 0.6 | G40: 1.2 | H40: =ROUND(F40*G40,2) -> 0.72 | I40: Porta divisória banheiro infantis | J40: Abrir | K40: 8 | L40: OK
D41: Total | H41: =ROUND(SUM(H29:H40)*1.1,2) -> 55.4 | K41: =SUM(K29:K40) -> 69 | L41: OK
B45: Painel em vidro
D47: DADOS DE ENTRADA | H47: Vidro
B48: Descrição | E48: Dimensões
B49: Pavimento | C49: Ambiente | D49: Quantidade | E49: Perímetro (m) | F49: Pé-direito (m) | G49: Descontos (m2) | H49: Material | I49: Área (m2)
B50: Térreo | C50: Circulação | D50: 1 | E50: 1 | F50: 3.1 | H50: vidro | I50: =((E50*F50)-G50)*D50 -> 3.1 | J50: OK
B51: Térreo | C51: Refeitório | D51: 1 | E51: =7.72+5.61 -> 13.33 | F51: 3.1 | H51: vidro | I51: =((E51*F51)-G51)*D51 -> 41.323 | J51: OK
B52: Térreo | C52: Recepção | D52: 1 | E52: 8.84 | F52: 4 | H52: vidro | I52: =((E52*F52)-G52)*D52 -> 35.36 | J52: OK
B53: Térreo | C53: Guarita | D53: 1 | E53: =1.16+1.26 -> 2.42 | F53: 4 | H53: vidro | I53: =((E53*F53)-G53)*D53 -> 9.68 | J53: OK
D54: TOTAL | G54: =SUM(G50:G53) -> 0 | I54: =ROUND(SUM(I50:I53)*1.1,2) -> 98.41 | J54: OK
B59: ESPELHOS | H59: ESPELHOS | I59: Fórmica
B60: Pavimento | C60: Comprimento (m) | D60: Largura (m) | E60: Quantidade | F60: Área (m2) | H60: Pavimento | I60: Comprimento (m) | J60: Área (m2)
B61: Térreo | C61: 0.6 | D61: 0.4 | E61: 22 | F61: =C61*D61*E61 -> 5.28 | H61: Térreo | I61: =((0.7*2.1)*(1)*(2))+((0.8*2.1)*(16)*(2))+((0.8*2.1)*(8)*(2)) -> 83.58 | J61: =I61 -> 83.58
B62: TOTAL | F62: =ROUND(SUM(F61:F61)*1.1,2) -> 5.81 | G62: OK | H62: TOTAL | I62: +10% | J62: =ROUND(SUM(J61:J61)*1.1,2) -> 91.94
B67: Tela mosquiteiro cozinha/dispensa
B68: Pavimento | C68: Comprimento (m) | D68: Área (m2)
B69: Térreo | C69: =0.8+2+2.25 -> 5.05 | D69: =C69 -> 5.05
B70: TOTAL | C70: +10% | D70: =ROUND(SUM(D69:D69)*1.1,2) -> 5.56
F86: =(Esquadrias!H36)*(Esquadrias!K36) -> 36

Sheet Área de Contrapiso
B4: Área de Contrapiso
B11: Pavimento | C11: Ambiente | D11: Quantidade | E11: Área (m²) | F11: Descontos (m²) | G11: Área (m²)
B12: Térreo | C12: Recepção | D12: 1 | E12: 40.16 | G12: =(E12-F12)*D12 -> 40.16
B13: Térreo | C13: Secretaria | D13: 1 | E13: 25.95 | G13: =(E13-F13)*D13 -> 25.95
B14: Térreo | C14: Arquivo | D14: 1 | E14: 14.03 | G14: =(E14-F14)*D14 -> 14.03
B15: Térreo | C15: Circulação | D15: 1 | E15: 25.8 | G15: =(E15-F15)*D15 -> 25.8
B16: Térreo | C16: Coordenação | D16: 1 | E16: 11.67 | G16: =(E16-F16)*D16 -> 11.67
B17: Térreo | C17: Direção | D17: 1 | E17: 9.73 | G17: =(E17-F17)*D17 -> 9.73
B18: Térreo | C18: Banho | D18: 1 | E18: 2.8 | G18: =(E18-F18)*D18 -> 2.8
B19: Térreo | C19: Sala de Professores | D19: 1 | E19: 19.84 | G19: =(E19-F19)*D19 -> 19.84
B20: Térreo | C20: WC PNE Fem | D20: 1 | E20: 2.7 | G20: =(E20-F20)*D20 -> 2.7
B21: Térreo | C21: WC PNE | D21: 1 | E21: 2.7 | G21: =(E21-F21)*D21 -> 2.7
B22: Térreo | C22: Portaria | D22: 1 | E22: 10.45 | G22: =(E22-F22)*D22 -> 10.45
B23: Térreo | C23: WC | D23: 1 | E23: 2.85 | G23: =(E23-F23)*D23 -> 2.85
... B54: Térreo | C54: Creche II | D54: 1 | E54: 38.96 | G54: =(E54-F54)*D54 -> 38.96
G55: =(E55-F55)*D55 -> 0
G56: =(E56-F56)*D56 -> 0
G57: =(E57-F57)*D57 -> 0
G58: =(E58-F58)*D58 -> 0
G59: =(E59-F59)*D59 -> 0
G60: =(E60-F60)*D60 -> 0
G61: =(E61-F61)*D61 -> 0
G62: =(E62-F62)*D62 -> 0
G63: =(E63-F63)*D63 -> 0
F64: TOTAL | G64: =SUM(G12:G63) -> 1039.56
F65: +5% | G65: =ROUND(G64*1.05,2) -> 1091.54 | H65: OK

Sheet Impermeab. Áreas Molhadas
A1: JANELAS | B1: C01 | C1: 4.2 | D1: 2 | E1: 2.1 | I1: J01 | J1: 0.6 | K1: 1 | L1: 0.6 | N1: PORTAS
I2: J02 | J2: 0.8 | K2: 1 | L2: 0.8 | O2: P2 | P2: 1.68 | Q2: 0.8 | R2: 2.1
I3: J03 | J3: 1.2 | K3: 1.5 | L3: 0.8 | O3: P3 E PV3 | P3: 1.89 | Q3: 0.9 | R3: 2.1
I4: J04 | J4: 1.8 | K4: 1.5 | L4: 1.2 | O4: P4 | P4: 1.89 | Q4: 0.9 | R4: 2.1
I5: J05 | J5: 2.31 | K5: 1.4 | L5: 1.65 | O5: P5 | P5: 1.68 | Q5: 0.8 | R5: 2.1
B6: C06 | C6: 3.15 | D6: 1.5 | E6: 2.1 | O6: P6 | P6: =3*3 -> 9 | Q6: 3 | R6: 3
I7: J07 | J7: 1.2 | K7: 2 | L7: 0.6 | O7: P7 | P7: =3.5*2.5 -> 8.75 | Q7: 3.5 | R7: 2.5
I8: J08 | J8: 2.4 | K8: 2 | L8: 1.2 | O8: P8 | P8: 8.8 | Q8: 4 | R8: 2.2
I9: J09 | J9: =2*1 -> 2 | K9: 2 | L9: 1 | O9: P9 | P9: 11.75 | Q9: 4.7 | R9: 2.5
I10: J10 | J10: =2*1.65 -> 3.3 | K10: 2 | L10: 1.65
I11: J11 | J11: =2.5*0.9 -> 2.25 | K11: 2.5 | L11: 0.9
I12: J12 | J12: 3 | K12: 2.5 | L12: 1.2
I13: J13 | J13: =3*1.2 -> 3.6 | K13: 3 | L13: 1.2
B19: Impermeabilização das Áreas Molhadas
B26: Pavimento | C26: Ambiente | D26: Quantidade | E26: Área (m²) | F26: Perímetro (m) | G26: Pé Direito (m) | H26: Descontos (m²) | I26: Parede (m²) | J26: Piso (m²) | K26: Piso (m²)
B27: Térreo | C27: Banho | D27: 1 | E27: 2.8 | F27: 6.9 | G27: 0.2 | H27: =Q2*G27 -> 0.16 | I27: =((F27*G27)*D27)-H27 -> 1.22 | J27: =E27 -> 2.8
B28: Térreo | C28: WC PNE Fem | D28: 1 | E28: 2.7 | F28: 6.6 | G28: 0.2 | H28: =Q3*G28 -> 0.18 | I28: =((F28*G28)*D28)-H28 -> 1.14 | J28: =E28 -> 2.7
B29: Térreo | C29: WC PNE | D29: 1 | E29: 2.7 | F29: 6.6 | G29: 0.2 | H29: =Q3*G29 -> 0.18 | I29: =((F29*G29)*D29)-H29 -> 1.14 | J29: =E29 -> 2.7
B30: Térreo | C30: WC | D30: 1 | E30: 2.85 | F30: 6.85 | G30: 0.2 | H30: =Q2*G30 -> 0.16 | I30: =((F30*G30)*D30)-H30 -> 1.21 | J30: =E30 -> 2.85
B31: Térreo | C31: Refeitório | D31: 1 | E31: 125.72 | F31: 48.53 | G31: 0.2 | H31: =(G31*(Q8+Q3))+(G31*(7.72+5.61)) -> 3.646 | I31: =((F31*G31)*D31)-H31 -> 6.06 | J31: =E31 -> 125.72
B32: Térreo | C32: Cozinha | D32: 1 | E32: 41.7 | F32: 36.41 | G32: 0.2 | H32: =Q5*G32 -> 0.16 | I32: =((F32*G32)*D32)-H32 -> 7.122 | J32: =E32 -> 41.7
B33: Térreo | C33: Despensa | D33: 1 | E33: 6.51 | F33: 10.41 | G33: 0.2 | H33: =Q3*G33 -> 0.18 | I33: =((F33*G33)*D33)-H33 -> 1.902 | J33: =E33 -> 6.51
B34: Térreo | C34: Recebimento | D34: 1 | E34: 16.45 | F34: 16.77 | G34: 0.2 | H34: =Q3*G34 -> 0.18 | I34: =((F34*G34)*D34)-H34 -> 3.174 | J34: =E34 -> 16.45
B35: Térreo | C35: Copa Funcionário | D35: 1 | E35: 10.02 | F35: 13.17 | G35: 0.2 | H35: =((Q5+Q3)*G35)+((1+1)*G35) -> 0.74 | I35: =((F35*G35)*D35)-H35 -> 1.894 | J35: =E35 -> 10.02
B36: Térreo | C36: Área de serviço | D36: 1 | E36: 4.36 | F36: 8.39 | G36: 0.2 | H36: =(Q3*G36)+(1*G36) -> 0.38 | I36: =((F36*G36)*D36)-H36 -> 1.298 | J36: =E36 -> 4.36
B37: Térreo | C37: Circulação | D37: 1 | E37: 7.21 | F37: 15.8 | G37: 0.2 | H37: =(1*G37)+((Q3+Q3+Q3+Q2+Q2)*G37)+(1*G37) -> 1.26 | I37: =((F37*G37)*D37)-H37 -> 1.9 | J37: =E37 -> 7.21
B38: Térreo | C38: Lavanderia | D38: 1 | E38: 8.9 | F38: 12.03 | G38: 0.2 | H38: =Q3*G38 -> 0.18 | I38: =((F38*G38)*D38)-H38 -> 2.226 | J38: =E38 -> 8.9
B39: Térreo | C39: DML | D39: 1 | E39: 5.42 | F39: 10.12 | G39: 0.2 | H39: =Q3*G39 -> 0.18 | I39: =((F39*G39)*D39)-H39 -> 1.844 | J39: =E39 -> 5.42
B40: Térreo | C40: Rouparia | D40: 1 | E40: 7.33 | F40: 10.83 | G40: 0.2 | H40: =Q3*G40 -> 0.18 | I40: =((F40*G40)*D40)-H40 -> 1.986 | J40: =E40 -> 7.33
B41: Térreo | C41: Vestiário masculino | D41: 1 | E41: 3.12 | F41: 7.2 | G41: 0.2 | H41: =Q2*G41 -> 0.16 | I41: =((F41*G41)*D41)-H41 -> 1.28 | J41: =E41 -> 3.12
B42: Térreo | C42: Vestiário feminino | D42: 1 | E42: 3.12 | F42: 7.2 | G42: 0.2 | H42: =Q2*G42 -> 0.16 | I42: =((F42*G42)*D42)-H42 -> 1.28 | J42: =E42 -> 3.12
B43: Térreo | C43: Sanitário infantil | D43: 1 | E43: 16.61 | F43: 21.94 | G43: 0.2 | H43: =(Q3+Q3)*G43 -> 0.36 | I43: =((F43*G43)*D43)-H43 -> 4.028 | J43: =E43 -> 16.61
B44: Térreo | C44: Sanitário feminino | D44: 1 | E44: 18.72 | F44: 19.2 | G44: 0.2 | H44: =Q3*G44 -> 0.18 | I44: =((F44*G44)*D44)-H44 -> 3.66 | J44: =E44 -> 18.72
B45: Térreo | C45: Fraldário | D45: 1 | E45: 12.87 | F45: 15.4 | G45: 0.2 | H45: =(Q3+Q3+1)*G45 -> 0.56 | I45: =((F45*G45)*D45)-H45 -> 2.52 | J45: =E45 -> 12.87
B46: Térreo | C46: PNE infantil | D46: 1 | E46: 8.27 | F46: 11.59 | G46: 0.2 | H46: =Q3*G46 -> 0.18 | I46: =((F46*G46)*D46)-H46 -> 2.138 | J46: =E46 -> 8.27
B47: Térreo | C47: Lavabos | D47: 1 | E47: 12.63 | F47: 18.87 | G47: 0.2 | H47: =1*G47 -> 0.2 | I47: =((F47*G47)*D47)-H47 -> 3.574 | J47: =E47 -> 12.63
B48: Térreo | C48: Sanitário infantil | D48: 1 | E48: 18.86 | F48: 19.29 | G48: 0.2 | H48: =Q3*G48 -> 0.18 | I48: =((F48*G48)*D48)-H48 -> 3.678 | J48: =E48 -> 18.86
B49: Térreo | C49: Sanitário infantil | D49: 1 | E49: 16.73 | F49: 21.81 | G49: 0.2 | H49: =(Q3+Q3)*G49 -> 0.36 | I49: =((F49*G49)*D49)-H49 -> 4.002 | J49: =E49 -> 16.73
B51: Cobertura | C51: Platibanda | D51: 1 | F51: =(43.42+52.87+50.39+56.85+75.7) -> 279.23 | G51: 0.3 | I51: =((F51*G51)*D51)-H51 -> 83.769 | J51: =E51 -> 0
B52: Cobertura | C52: Caixa D'água | D52: 1 | E52: 32.51 | F52: 24.59 | G52: 0.2 | H52: =Q3*G52 -> 0.18 | I52: =((F52*G52)*D52)-H52 -> 4.738 | K52: =E52 -> 32.51 | L52: OK
B53: Cobertura | C53: Laje descoberta | D53: 1 | E53: =19.59+135.27+26.2+21.4 -> 202.46 | F53: =20.17+111.88+35.5+50.67 -> 218.22 | G53: 0.2 | I53: =((F53*G53)*D53)-H53 -> 43.644 | K53: =E53 -> 202.46 | L53: OK
H54: TOTAL | I54: =SUM(I27:I53) -> 192.427 | J54: =SUM(J27:J53) -> 355.6 | K54: =SUM(K27:K53) -> 234.97
I57: Resumo | J57: Área De Impermeabilização (m²)
I58: =I26 -> Parede (m²) | J58: =I54 -> 192.427 | K58: OK
I59: =J26 -> Piso (m²) | J59: =J54 -> 355.6 | K59: OK
I60: TOTAL | J60: =ROUND(SUM(J58:J59)*1.05,2) -> 575.43 | K60: OK

Sheet BANCADAS E SOLEIRAS
B5: Bancadas de Granito
B6: Apartamento | C6: Largura (m) | D6: Comprimento (m) | E6: Rodabancada (10cm) (m2) | F6: Saia (25cm) (m2) | G6: Área Total (m²)
B7: Sanitário infantil | C7: 0.7 | D7: 1.2 | E7: 0.19 | F7: =((0.25)*C7)+((0.25)*D7) -> 0.475 | G7: =(C7*D7)+E7+F7 -> 1.505
C8: 0.6 | D8: 2.75 | E8: 0.335 | F8: =((0.25)*C8)+((0.25)*D8) -> 0.8375 | G8: =(C8*D8)+E8+F8 -> 2.8225
B9: Sanitário infantil Fem. | C9: 0.55 | D9: 3.6 | E9: 0.415 | F9: =((0.25)*C9)+((0.25)*D9) -> 1.0375 | G9: =(C9*D9)+E9+F9 -> 3.4325
B10: Fraldário | C10: 0.7 | D10: 3.75 | E10: 0.445 | F10: =((0.25)*C10)+((0.25)*D10) -> 1.1125 | G10: =(C10*D10)+E10+F10 -> 4.1825
B11: Sanitário infantil Mas. | C11: 0.55 | D11: 3.6 | E11: 0.415 | F11: =((0.25)*C11)+((0.25)*D11) -> 1.0375 | G11: =(C11*D11)+E11+F11 -> 3.4325
B12: Sanitário infantil | C12: 0.6 | D12: 2.72 | E12: 0.332 | F12: =((0.25)*C12)+((0.25)*D12) -> 0.83 | G12: =(C12*D12)+E12+F12 -> 2.794
C13: 0.7 | D13: 1.4 | E13: 0.21 | F13: =((0.25)*C13)+((0.25)*D13) -> 0.525 | G13: =(C13*D13)+E13+F13 -> 1.715
B14: Recebimento | C14: 0.6 | D14: 2.1 | E14: 0.27 | F14: =((0.25)*C14)+((0.25)*D14) -> 0.675 | G14: =(C14*D14)+E14+F14 -> 2.205
B15: Cozinha | C15: 0.6 | D15: 2.1 | E15: 0.27 | F15: =((0.25)*C15)+((0.25)*D15) -> 0.675 | G15: =(C15*D15)+E15+F15 -> 2.205
C16: 0.6 | D16: 4.07 | E16: 0.467 | F16: =((0.25)*C16)+((0.25)*D16) -> 1.1675 | G16: =(C16*D16)+E16+F16 -> 4.0765
C17: 0.6 | D17: 1.5 | E17: 0.21 | F17: =((0.25)*C17)+((0.25)*D17) -> 0.525 | G17: =(C17*D17)+E17+F17 -> 1.635
C18: 0.6 | D18: 3.8 | E18: 0.44 | F18: =((0.25)*C18)+((0.25)*D18) -> 1.1 | G18: =(C18*D18)+E18+F18 -> 3.82
C19: 0.6 | D19: 2.15 | E19: 0.275 | F19: =((0.25)*C19)+((0.25)*D19) -> 0.6875 | G19: =(C19*D19)+E19+F19 -> 2.2525
B20: Portaria | C20: 0.6 | D20: 4.5 | E20: 0.51 | F20: =((0.25)*C20)+((0.25)*D20) -> 1.275 | G20: =(C20*D20)+E20+F20 -> 4.485
B21: Recepção | C21: 0.5 | D21: 3 | E21: 0.35 | F21: =((0.25)*C21)+((0.25)*D21) -> 0.875 | G21: =(C21*D21)+E21+F21 -> 2.725
F22: TOTAL | G22: =ROUND(SUM(G7:G21)*1.1,2) -> 47.62 | H22: OK
B27: Soleiras
B28: Porta | C28: Dimensões | D28: Comp. (m) | E28: Quantidade | F28: Soleira (m)
B29: P2 | C29: 70x210 | D29: 0.7 | E29: 4 | F29: =D29*E29 -> 2.8
B30: P3 | C30: 80x210 | D30: 0.8 | E30: 15 | F30: =D30*E30 -> 12
B31: PV3 | C31: 80x210 | D31: 0.8 | E31: 6 | F31: =D31*E31 -> 4.8
B32: P4 | C32: 80x210 | D32: 0.8 | E32: 1 | F32: =D32*E32 -> 0.8
B33: P5 | C33: 80x210 | D33: 0.8 | E33: 16 | F33: =D33*E33 -> 12.8
B34: P6 | C34: 300x300 | D34: 3 | E34: 4 | F34: =D34*E34 -> 12
B35: P7 | C35: 350x250 | D35: 3.5 | E35: 2 | F35: =D35*E35 -> 7
B36: P8 | C36: 400x220 | D36: 4 | E36: 11 | F36: =D36*E36 -> 44
B37: P9 | C37: 470x250 | D37: 4.7 | E37: 1 | F37: =D37*E37 -> 4.7
B39: TOTAL | F39: =ROUND(SUM(F29:F38)*1.1,2) -> 110.99 | G39: OK
B44: Peitoris
B45: Janela | C45: Dimensões | D45: Comp. (m) | E45: Quantidade | F45: Peitoril (m)
B46: C01 | C46: 200X210 | D46: 2 | E46: 2 | F46: =D46*E46 -> 4
B47: J01 | C47: 100x60 | D47: 1 | E47: 8 | F47: =D47*E47 -> 8
B48: J02 | C48: 100x80 | D48: 1 | E48: 1 | F48: =D48*E48 -> 1
B49: J03 | C49: 150x80 | D49: 1.5 | E49: 2 | F49: =D49*E49 -> 3
B50: J04 | C50: 150x120 | D50: 1.5 | E50: 2 | F50: =D50*E50 -> 3
B51: J05 | C51: 140x165 | D51: 1.4 | E51: 1 | F51: =D51*E51 -> 1.4
B52: C06 | C52: 150x210 | D52: 1.5 | E52: 3 | F52: =D52*E52 -> 4.5
B53: J07 | C53: 200x60 | D53: 2 | E53: 17 | F53: =D53*E53 -> 34
B54: J08 | C54: 200x120 | D54: 2 | E54: 2 | F54: =D54*E54 -> 4
B55: J09 | C55: 200x100 | D55: 2 | E55: 2 | F55: =D55*E55 -> 4
B56: J10 | C56: 200x165 | D56: 2 | E56: 1 | F56: =D56*E56 -> 2
B57: J11 | C57: 250x90 | D57: 2.5 | E57: 2 | F57: =D57*E57 -> 5
... B59: J13 | C59: 300x120 | D59: 3 | E59: 3 | F59: =D59*E59 -> 9
F60: =D60*E60 -> 0
B61: TOTAL | F61: =ROUND(SUM(F46:F60)*1.1,2) -> 126.94 | G61: OK
B66: Divisórias
B67: Pavimento | C67: Comprimento (m) | D67: Largura (m) | E67: Quantidade | F67: Área (m2)
B68: Sanitário infantil | C68: 1.8 | D68: 0.7 | E68: 3 | F68: =C68*D68*E68 -> 3.78
B69: Sanitário infantil Fem. | C69: 1.2 | D69: 1 | E69: 5 | F69: =C69*D69*E69 -> 6
B70: Sanitário infantil Mas. | C70: 1.2 | D70: 1 | E70: 5 | F70: =C70*D70*E70 -> 6
B71: Sanitário infantil | C71: 1.8 | D71: 0.7 | E71: 3 | F71: =C71*D71*E71 -> 3.78
F72: =C72*D72*E72 -> 0
F73: =C73*D73*E73 -> 0
B74: TOTAL | F74: =ROUND(SUM(F68:F73)*1.1,2) -> 21.52 | G74: OK
B78: Peitoris de sanitários (n42 do projeto)
B79: Pavimento | C79: Comprimento (m)
B80: Sanitário infantil | C80: 1.4
B81: Sanitário infantil Fem. | C81: 1.05
B82: Sanitário infantil Mas. | C82: 1.05
B83: Sanitário infantil | C83: 1.55
B84: TOTAL | C84: =SUM(C80:C83) -> 5.05

Sheet GRADIL - A.VERDE - Á EXT.
B13: Gradil | C13: Área (m²)
B14: Gradil | C14: =((19.95+3.21)*1.7)*1.1 -> 43.3092
B15: TOTAL | C15: =ROUND(SUM(C14:C14),2) -> 43.31 | D15: OK
B18: Área Verde Permeável | C18: Área de Grama (m²)
B19: 1 - playgroud | C19: 56.91
B20: 2 - playgroud | C20: 56.08
B21: 3 - interior | C21: 24.05
B22: 4 - interior | C22: 23.59
B23: 5 - frente | C23: 96.66
B24: TOTAL | C24: =ROUND(SUM(C19:C23),2) -> 257.29 | D24: OK
B28: Pavimento externo | C28: Área (m²)
B29: PAV's | C29: =ROUND((619.25+40.38+41.11+86.84),2) -> 787.58 | D29: OK
B30: Passeio cimentado | C30: =ROUND((115.24*1.1),2) -> 126.76 | D30: OK
B31: Ladrilho hidráulico | C31: =ROUND((64.72*0.4)*1.1,2) -> 28.48 | D31: OK
B32: Piso emborrachado | C32: 134.21 | D32: OK
B33: TOTAL
B36: Pergolado | C36: Comp (m) | D36: Área (m²)
B37: Madeira 15x15 | C37: =(2)*13 -> 26 | D37: =(0.15+0.15)*(2)*C38 -> 15.6
B38: TOTAL | C38: =C37 -> 26 | D38: =D37 -> 15.6

Sheet VERGAS CONTRAVERGAS
B6: Vergas e Contravergas
B11: Portas | C11: Quantidade | D11: Comprimento (m) | E11: Verga (m) | F11: Verga de Porta (un) | G11: Metros Vergas
B12: P2 | C12: 4 | D12: 0.7 | E12: =D12+0.3 -> 1 | F12: =C12 -> 4 | G12: =E12*F12 -> 4
B13: P3 | C13: 15 | D13: 0.8 | E13: =D13+0.3 -> 1.1 | F13: =C13 -> 15 | G13: =E13*F13 -> 16.5
B14: PV3 | C14: 6 | D14: 0.8 | E14: =D14+0.3 -> 1.1 | F14: =C14 -> 6 | G14: =E14*F14 -> 6.6
B15: P4 | C15: 1 | D15: 0.8 | E15: =D15+0.3 -> 1.1 | F15: =C15 -> 1 | G15: =E15*F15 -> 1.1
B16: P5 | C16: 16 | D16: 0.8 | E16: =D16+0.3 -> 1.1 | F16: =C16 -> 16 | G16: =E16*F16 -> 17.6
B17: P6 | C17: 4 | D17: 3 | E17: =D17+0.3 -> 3.3 | F17: =C17 -> 4 | G17: =E17*F17 -> 13.2
B18: P7 | C18: 2 | D18: 3.5 | E18: =D18+0.3 -> 3.8 | F18: =C18 -> 2 | G18: =E18*F18 -> 7.6
B19: P8 | C19: 11 | D19: 4 | E19: =D19+0.3 -> 4.3 | F19: =C19 -> 11 | G19: =E19*F19 -> 47.3
B20: P9 | C20: 1 | D20: 4.7 | E20: =D20+0.3 -> 5 | F20: =C20 -> 1 | G20: =E20*F20 -> 5
B21: 11 | C21: 8 | D21: 0.6 | E21: =D21+0.3 -> 0.9 | F21: =C21 -> 8 | G21: =E21*F21 -> 7.2
F22: =C22 -> 0 | G22: =E22*F22 -> 0
F23: TOTAL | G23: =SUM(G12:G22) -> 126.1
B25: Janelas | C25: Quantidade | D25: Comprimento (m) | E25: Verga (m) | F25: Verga e Contraverga (un) | G25: Metros Verga
B26: C01 | C26: 2 | D26: 2 | E26: =D26+0.3 -> 2.3 | F26: =C26*2 -> 4 | G26: =E26*F26 -> 9.2
B27: J01 | C27: 8 | D27: 1 | E27: =D27+0.3 -> 1.3 | F27: =C27*2 -> 16 | G27: =E27*F27 -> 20.8
B28: J02 | C28: 1 | D28: 1 | E28: =D28+0.3 -> 1.3 | F28: =C28*2 -> 2 | G28: =E28*F28 -> 2.6
B29: J03 | C29: 2 | D29: 1.5 | E29: =D29+0.3 -> 1.8 | F29: =C29*2 -> 4 | G29: =E29*F29 -> 7.2
B30: J04 | C30: 2 | D30: 1.5 | E30: =D30+0.3 -> 1.8 | F30: =C30*2 -> 4 | G30: =E30*F30 -> 7.2
B31: J05 | C31: 1 | D31: 1.4 | E31: =D31+0.3 -> 1.7 | F31: =C31*2 -> 2 | G31: =E31*F31 -> 3.4
B32: C06 | C32: 3 | D32: 1.5 | E32: =D32+0.3 -> 1.8 | F32: =C32*2 -> 6 | G32: =E32*F32 -> 10.8
B33: J07 | C33: 17 | D33: 2 | E33: =D33+0.3 -> 2.3 | F33: =C33*2 -> 34 | G33: =E33*F33 -> 78.2
B34: J08 | C34: 2 | D34: 2 | E34: =D34+0.3 -> 2.3 | F34: =C34*2 -> 4 | G34: =E34*F34 -> 9.2
B35: J09 | C35: 2 | D35: 2 | E35: =D35+0.3 -> 2.3 | F35: =C35*2 -> 4 | G35: =E35*F35 -> 9.2
B36: J10 | C36: 1 | D36: 2 | E36: =D36+0.3 -> 2.3 | F36: =C36*2 -> 2 | G36: =E36*F36 -> 4.6
B37: J11 | C37: 2 | D37: 2.5 | E37: =D37+0.3 -> 2.8 | F37: =C37*2 -> 4 | G37: =E37*F37 -> 11.2
... B39: J13 | C39: 3 | D39: 3 | E39: =D39+0.3 -> 3.3 | F39: =C39*2 -> 6 | G39: =E39*F39 -> 19.8
F40: TOTAL | G40: =SUM(G26:G39) -> 266.2
F42: Resumo | G42: Vergas (m)
F43: Portas | G43: =G23 -> 126.1
F44: Janelas | G44: =G40 -> 266.2
F45: TOTAL | G45: =ROUND(SUM(G43:G44),2)*1.05 -> 411.915 | H45: OK

Sheet TELHADOS
B6: Telhado, Calhas, Rufos e Grelhas
B11: Telhado | C11: Telhado em Planta (m²) | D11: Rufo em Planta (m) | E11: Fator de Inclinação | F11: Área do Telhado i=5% (m2) | G11: Rufo (m) | H11: Calha (m) | J11: Li = 100,498cm
B12: Creche III | C12: 52.94 | D12: 22.24 | E12: 1.005 | F12: =C12*E12 -> 53.2047 | G12: =D12*E12 -> 22.3512
B13: Creche III | C13: 53.77 | D13: 22.44 | E13: 1.005 | F13: =C13*E13 -> 54.03885 | G13: =D13*E13 -> 22.5522
B14: Pré escola 1 e 2 | C14: 110.56 | D14: 33.73 | E14: 1.005 | F14: =C14*E14 -> 111.1128 | G14: =D14*E14 -> 33.89865 | M14: h = 10cm
B15: Creche I | C15: 111.82 | D15: 28.7 | E15: 1.005 | F15: =C15*E15 -> 112.3791 | G15: =D15*E15 -> 28.8435
B16: Pré escola 3 e 4 | C16: 120.02 | D16: 24.11 | E16: 1.005 | F16: =C16*E16 -> 120.6201 | G16: =D16*E16 -> 24.23055
B17: Creche II | C17: 119.91 | D17: 23.06 | E17: 1.005 | F17: =C17*E17 -> 120.50955 | G17: =D17*E17 -> 23.1753 | K17: L = 100cm
B18: Cozinha | C18: 120.49 | D18: 31.06 | E18: 1.005 | F18: =C18*E18 -> 121.09245 | G18: =D18*E18 -> 31.2153
B19: Refeitório | C19: 116.75 | D19: 38.98 | E19: 1.005 | F19: =C19*E19 -> 117.33375 | G19: =D19*E19 -> 39.1749
B20: Secretaria | C20: 227.36 | D20: 59.77 | E20: 1.005 | F20: =C20*E20 -> 228.4968 | G20: =D20*E20 -> 60.06885
E21: TOTAL | F21: =ROUND(SUM(F12:F20),2)*1.1 -> 1142.669 | G21: =ROUND(SUM(G12:G20),2)*1.1 -> 314.061 | H21: =SUM(H12:H20) -> 0
F22: OK | G22: OK
B25: Pingadeira | C25: Largura (m) | D25: Comprimento (m) | E25: Área (m²) | G25: PLATIBANDA
B26: Muro | C26: 0.15 | D26: 170.95 | E26: =C26*D26 -> 25.6425 | G26: Local | I26: perimetro (m)
B27: Platibanda | C27: 0.15 | D27: 293.19 | E27: =C27*D27 -> 43.9785
B28: Mureta gradil | C28: 0.15 | D28: 24.23 | E28: =C28*D28 -> 3.6345 | G28: lado direito mais frente | I28: 101.78
E29: =C29*D29 -> 0 | G29: fundos | I29: 43.42
E30: =C30*D30 -> 0 | G30: lado esquerdo mais frente | I30: 114.73
C31: TOTAL | D31: =ROUND(SUM(D26:D30),2) -> 488.37 | E31: =ROUND(SUM(E26:E30)*1.1,2) -> 80.58 | G31: primetro total (m) | I31: =SUM(I28:J30) -> 259.93
D32: OK
